Workbook

Sheet BAP
A1: Code | B1: ELEM1 | C1: ELEM2 | D1: Délimiteur | E1: 1 | F1: 2 | G1: 3
A2: <CFC_109> | B2: CFC | C2: 109 | D2: _ | E2: Übriges | F2: Divers | G2: Diversi
A3: <CFC_119> | B3: CFC | C3: 119 | D3: _ | E3: Übriges | F3: Divers | G3: Diversi
A4: <CFC_129> | B4: CFC | C4: 129 | D4: _ | E4: Übriges | F4: Divers | G4: Diversi
A5: <CFC_139> | B5: CFC | C5: 139 | D5: _ | E5: Übriges | F5: Divers | G5: Diversi
A6: <CFC_149> | B6: CFC | C6: 149 | D6: _ | E6: Übriges | F6: Divers | G6: Diversi
A7: <CFC_159> | B7: CFC | C7: 159 | D7: _ | E7: Übriges | F7: Divers | G7: Diversi
A8: <CFC_169> | B8: CFC | C8: 169 | D8: _ | E8: Übriges | F8: Divers | G8: Diversi
A9: <CFC_179> | B9: CFC | C9: 179 | D9: _ | E9: Übriges | F9: Divers | G9: Diversi
A10: <CFC_199> | B10: CFC | C10: 199 | D10: _ | E10: Übriges | F10: Divers | G10: Diversi
A11: <CFC_209> | B11: CFC | C11: 209 | D11: _ | E11: Übriges | F11: Divers | G11: Diversi
A12: <CFC_219> | B12: CFC | C12: 219 | D12: _ | E12: Übriges | F12: Divers | G12: Diversi
... A1961: <Navigation_Onglet> | B1961: Navigation | C1961: Onglet | D1961: _ | E1961: Klicken Sie, um zum Datenblatt zu gehen | F1961: Cliquer pour se rendre sur l'onglet | G1961: Clicca per andare al tabellone

Sheet Info
A1: <cc-05.05.01_Titre> | C1: =INDEX(BAP[#All],MATCH(A1,BAP[[#All],[Code]],0),MATCH(TEXT(Info!$B$4,0),BAP[#Headers],0)) -> Indice suisse des prix de la construction - Evolution des prix de la construction
A2: <cc-05.05.01_Sous-tItre> | C2: =INDEX(BAP[#All],MATCH(A2,BAP[[#All],[Code]],0),MATCH(TEXT(Info!$B$4,0),BAP[#Headers],0)) -> Valeurs de l'Indice par grande région et par type d'objet
B4: 2
C5: Sprache / Langue / Lingua
A10: <Navigation_Onglet> | C10: =INDEX(BAP[#All],MATCH(A10,BAP[[#All],[Code]],0),MATCH(TEXT(Info!$B$4,0),BAP[#Headers],0)) -> Cliquer pour se rendre sur l'onglet
A11: <BASE_1998> | C11: =INDEX(BAP[#All],MATCH(A11,BAP[[#All],[Code]],0),MATCH(TEXT(Info!$B$4,0),BAP[#Headers],0)) -> Base octobre 1998 = 100
A12: <BASE_2010> | C12: =INDEX(BAP[#All],MATCH(A12,BAP[[#All],[Code]],0),MATCH(TEXT(Info!$B$4,0),BAP[#Headers],0)) -> Base octobre 2010 = 100
A13: <BASE_2015> | C13: =INDEX(BAP[#All],MATCH(A13,BAP[[#All],[Code]],0),MATCH(TEXT(Info!$B$4,0),BAP[#Headers],0)) -> Base octobre 2015 = 100
A14: <BASE_2020> | C14: =INDEX(BAP[#All],MATCH(A14,BAP[[#All],[Code]],0),MATCH(TEXT(Info!$B$4,0),BAP[#Headers],0)) -> Base octobre 2020 = 100
A17: <Pieds_tableau_2> | C17: =INDEX(BAP[#All],MATCH(A17,BAP[[#All],[Code]],0),MATCH(TEXT(Info!$B$4,0),BAP[#Headers],0)) -> Office fédéral de la statistique, Indice des prix de la construction
A18: <Pieds_tableau_3> | C18: =INDEX(BAP[#All],MATCH(A18,BAP[[#All],[Code]],0),MATCH(TEXT(Info!$B$4,0),BAP[#Headers],0)) -> Renseignements: Hotline BAP, 058 463 63 06, bap@bfs.admin.ch
A19: <Pieds_tableau_4> | C19: =INDEX(BAP[#All],MATCH(A19,BAP[[#All],[Code]],0),MATCH(TEXT(Info!$B$4,0),BAP[#Headers],0)) -> © OFS

Sheet 1998
C1: <POND_02> | D1: <Date_Mois_Octobre> | E1: <Date_Mois_Avril>
A2: <cc-05.05.01_Titre> | B2: =INDEX(BAP[#All],MATCH(A2,BAP[[#All],[Code]],0),MATCH(TEXT(Info!$B$4,0),BAP[#Headers],0)) -> Indice suisse des prix de la construction - Evolution des prix de la construction
A3: <cc-05.05.01_Sous-tItre> | B3: =INDEX(BAP[#All],MATCH(A3,BAP[[#All],[Code]],0),MATCH(TEXT(Info!$B$4,0),BAP[#Headers],0)) -> Valeurs de l'Indice par grande région et par type d'objet
A4: <BASE_1998> | B4: =INDEX(BAP[#All],MATCH(A4,BAP[[#All],[Code]],0),MATCH(TEXT(Info!$B$4,0),BAP[#Headers],0)) -> Base octobre 1998 = 100
C5: =INDEX(BAP[#All],MATCH(C1,BAP[[#All],[Code]],0),MATCH(TEXT(Info!$B$4,0),BAP[#Headers],0)) -> Pondération en % | D5: =INDEX(BAP[#All],MATCH(D1,BAP[[#All],[Code]],0),MATCH(TEXT(Info!$B$4,0),BAP[#Headers],0)) -> Octobre | E5: =INDEX(BAP[#All],MATCH(E1,BAP[[#All],[Code]],0),MATCH(TEXT(Info!$B$4,0),BAP[#Headers],0)) -> Avril | F5: =D5 -> Octobre | G5: =E5 -> Avril | H5: =F5 -> Octobre | I5: =G5 -> Avril | J5: =H5 -> Octobre | K5: =I5 -> Avril | L5: =J5 -> Octobre | M5: =K5 -> Avril | ... BB5: =AZ5 -> Octobre | BC5: =+BA5 -> Avril
D6: 1998 | E6: 1999 | F6: 1999 | G6: 2000 | H6: 2000 | I6: 2001 | J6: 2001 | K6: 2002 | L6: 2002 | M6: 2003 | N6: 2003 | O6: 2004 | P6: 2004 | Q6: 2005 | R6: 2005 | S6: 2006 | T6: 2006 | U6: 2007 | V6: 2007 | W6: 2008 | X6: 2008 | Y6: 2009 | Z6: 2009 | AA6: 2010 | AB6: 2010 | AC6: 2011 | AD6: 2011 | AE6: 2012 | AF6: 2012 | AG6: 2013 | AH6: 2013 | AI6: 2014 | AJ6: 2014 | AK6: 2015 | AL6: 2015 | AM6: 2016 | AN6: 2016 | AO6: 2017 | AP6: 2017 | AQ6: 2018 | AR6: 2018 | AS6: 2019 | AT6: 2019 | AU6: 2020 | AV6: 2020 | AW6: 2021 | AX6: 2021 | AY6: 2022 | AZ6: 2022 | BA6: 2023 | BB6: 2023 | BC6: 2024
A8: <REG_01> | B8: =INDEX(BAP[#All],MATCH(A8,BAP[[#All],[Code]],0),MATCH(TEXT(Info!$B$4,0),BAP[#Headers],0)) -> Suisse
A9: <OBJ_02> | B9: =INDEX(BAP[#All],MATCH(A9,BAP[[#All],[Code]],0),MATCH(TEXT(Info!$B$4,0),BAP[#Headers],0)) -> Construction : total | C9: 100 | D9: 100 | E9: 101 | F9: 103.7 | G9: 105.6 | H9: 108.1 | I9: 110.6 | J9: 110.4 | K9: 109.7 | L9: 108.7 | M9: 107.5 | N9: 107.8 | O9: 108.3 | P9: 110.5 | Q9: 111.1 | R9: 112.6 | S9: 113.9 | T9: 116.8 | U9: 118.9 | V9: 121.1 | W9: 123.3 | X9: 125.5 | Y9: 123 | Z9: 123.1 | AA9: 123.1 | AB9: 124.1 | AC9: 125.9 | AD9: 126.7 | AE9: 126.7 | AF9: 127 | AG9: 127.3 | AH9: 128 | AI9: 127.7 | AJ9: 127.6 | AK9: 126.8 | AL9: 127.4 | AM9: 126.7 | AN9: 126.2 | AO9: 125.7 | AP9: 125.7 | AQ9: 126.2 | AR9: 126.5 | AS9: 127.1 | AT9: 127.1 | AU9: 127.4 | AV9: 127.1 | AW9: 128.9 | AX9: 132.3 | AY9: 138.8 | AZ9: 143.3 | BA9: 144.7 | BB9: 145.6 | BC9: 146.1
A10: <OBJ_03> | B10: =INDEX(BAP[#All],MATCH(A10,BAP[[#All],[Code]],0),MATCH(TEXT(Info!$B$4,0),BAP[#Headers],0)) -> Bâtiment | C10: 76 | D10: 100 | E10: 100.7 | F10: 103.1 | G10: 104.8 | H10: 107 | I10: 109 | J10: 109.2 | K10: 108.9 | L10: 108.1 | M10: 106.6 | N10: 106.8 | O10: 106.7 | P10: 108.6 | Q10: 109.6 | R10: 110.6 | S10: 112.1 | T10: 114.7 | U10: 116.8 | V10: 119 | W10: 121.5 | X10: 123.5 | Y10: 121.8 | Z10: 121.7 | AA10: 121.4 | AB10: 122.7 | AC10: 124.3 | AD10: 125 | AE10: 124.8 | AF10: 125 | AG10: 125.2 | AH10: 125.8 | AI10: 125.8 | AJ10: 125.4 | AK10: 124.7 | AL10: 125.3 | AM10: 124.5 | AN10: 123.8 | AO10: 123.2 | AP10: 123.3 | AQ10: 123.9 | AR10: 124.1 | AS10: 124.8 | AT10: 124.6 | AU10: 124.8 | AV10: 124.5 | AW10: 126.3 | AX10: 130.2 | AY10: 136.6 | AZ10: 140.9 | BA10: 142.3 | BB10: 142.9 | BC10: 143.4
A11: <OBJ_04> | B11: =INDEX(BAP[#All],MATCH(A11,BAP[[#All],[Code]],0),MATCH(TEXT(Info!$B$4,0),BAP[#Headers],0)) -> Nouvelle construction | C11: 49 | D11: 100 | E11: 100.9 | F11: 103.3 | G11: 105.4 | H11: 107.7 | I11: 109.9 | J11: 109.9 | K11: 109.3 | L11: 108.2 | M11: 106.6 | N11: 106.6 | O11: 106.5 | P11: 108.7 | Q11: 109.6 | R11: 110.6 | S11: 112 | T11: 114.9 | U11: 116.7 | V11: 118.9 | W11: 121.4 | X11: 123.7 | Y11: 121.2 | Z11: 120.9 | AA11: 120.5 | AB11: 122.1 | AC11: 123.9 | AD11: 124.2 | AE11: 124 | AF11: 124.1 | AG11: 124.3 | AH11: 124.9 | AI11: 124.9 | AJ11: 124.4 | AK11: 123.5 | AL11: 124.1 | AM11: 123.6 | AN11: 122.9 | AO11: 122.6 | AP11: 123.1 | AQ11: 123.7 | AR11: 123.9 | AS11: 124.4 | AT11: 124.4 | AU11: 124.6 | AV11: 124.5 | AW11: 126.4 | AX11: 130.5 | AY11: 137.1 | AZ11: 141.6 | BA11: 143.3 | BB11: 143.7 | BC11: 144.2
A12: <OBJ_08> | B12: =INDEX(BAP[#All],MATCH(A12,BAP[[#All],[Code]],0),MATCH(TEXT(Info!$B$4,0),BAP[#Headers],0)) -> Construction de bâtiments administratifs | C12: 11 | D12: 100 | E12: 100.8 | F12: 103.9 | G12: 105.2 | H12: 107.4 | I12: 110 | J12: 111.3 | K12: 111.3 | L12: 110.3 | M12: 109.1 | N12: 109.1 | O12: 108.9 | P12: 110.6 | Q12: 111.9 | R12: 112.6 | S12: 114.4 | T12: 117.6 | U12: 120 | V12: 122.7 | W12: 125.3 | X12: 127.4 | Y12: 126.1 | Z12: 125.7 | AA12: 125.3 | AB12: 126.7 | AC12: 129.2 | AD12: 129.7 | AE12: 128.9 | AF12: 129.5 | AG12: 130.6 | AH12: 131 | AI12: 129.6 | AJ12: 129.6 | AK12: 128.1 | AL12: 128.8 | AM12: 127.5 | AN12: 126.7 | AO12: 125.8 | AP12: 125.1 | AQ12: 125.5 | AR12: 125.5 | AS12: 125.9 | AT12: 126.8 | AU12: 126.8 | AV12: 126.3 | AW12: 128.7 | AX12: 132.4 | AY12: 139.9 | AZ12: 145 | BA12: 146.7 | BB12: 147.2 | BC12: 148.5
A13: <OBJ_05> | B13: =INDEX(BAP[#All],MATCH(A13,BAP[[#All],[Code]],0),MATCH(TEXT(Info!$B$4,0),BAP[#Headers],0)) -> Construction de bâtiments à plusieurs logements | C13: 38 | D13: 100 | E13: 101 | F13: 103.1 | G13: 105.5 | H13: 107.8 | I13: 109.8 | J13: 109.5 | K13: 108.7 | L13: 107.5 | M13: 105.8 | N13: 105.9 | O13: 105.9 | P13: 108.2 | Q13: 109 | R13: 110.1 | S13: 111.3 | T13: 114.1 | U13: 115.8 | V13: 117.8 | W13: 120.3 | X13: 122.6 | Y13: 119.7 | Z13: 119.5 | AA13: 119.2 | AB13: 120.8 | AC13: 122.3 | AD13: 122.5 | AE13: 122.3 | AF13: 122.4 | AG13: 122.5 | AH13: 123 | AI13: 123.2 | AJ13: 122.6 | AK13: 121.9 | AL13: 122.5 | AM13: 122.1 | AN13: 121.5 | AO13: 121.3 | AP13: 122 | AQ13: 122.5 | AR13: 122.7 | AS13: 123.2 | AT13: 123.1 | AU13: 123.4 | AV13: 123.1 | AW13: 124.8 | AX13: 128.7 | AY13: 135 | AZ13: 139.8 | BA13: 141.5 | BB13: 142.2 | BC13: 142.4
A14: <OBJ_06> | B14: =INDEX(BAP[#All],MATCH(A14,BAP[[#All],[Code]],0),MATCH(TEXT(Info!$B$4,0),BAP[#Headers],0))&" 1)" -> Construction de bâtiments à plusieurs logements en bois 1) | C14: … | D14: … | E14: … | F14: … | G14: … | H14: … | I14: … | J14: … | K14: … | L14: … | M14: 100 | N14: 100.1 | O14: 99.9 | P14: 101.6 | Q14: 102.3 | R14: 103.1 | S14: 104.4 | T14: 106.8 | U14: 108.9 | V14: 110.5 | W14: 113 | X14: 114.8 | Y14: 112.4 | Z14: 112.4 | AA14: 112 | AB14: 113.7 | AC14: 115.6 | AD14: 116.4 | AE14: 115.7 | AF14: 115.6 | AG14: 115.5 | AH14: 115.9 | AI14: 116 | AJ14: 115.6 | AK14: 115.2 | AL14: 115.8 | AM14: 115.6 | AN14: 114.9 | AO14: 114.9 | AP14: 115 | AQ14: 115.9 | AR14: 116.3 | AS14: 116.5 | AT14: 115.9 | AU14: 116.2 | AV14: 116.7 | AW14: 119.8 | AX14: 124.7 | AY14: 130.9 | AZ14: 134.3 | BA14: 136 | BB14: 135.3 | BC14: 136.1
A15: <OBJ_11> | B15: =INDEX(BAP[#All],MATCH(A15,BAP[[#All],[Code]],0),MATCH(TEXT(Info!$B$4,0),BAP[#Headers],0)) -> Rénovation de bâtiments à plusieurs logements | C15: 27 | D15: 100 | E15: 100.2 | F15: 102.6 | G15: 103.7 | H15: 105.7 | I15: 107.5 | J15: 108 | K15: 108.3 | L15: 107.9 | M15: 106.8 | N15: 107 | O15: 107 | P15: 108.4 | Q15: 109.6 | R15: 110.7 | S15: 112.2 | T15: 114.3 | U15: 117 | V15: 119.1 | W15: 121.7 | X15: 123.2 | Y15: 123.1 | Z15: 123.3 | AA15: 122.9 | AB15: 123.8 | AC15: 125.2 | AD15: 126 | AE15: 125.6 | AF15: 125.7 | AG15: 125.6 | AH15: 126.2 | AI15: 126.5 | AJ15: 126.2 | AK15: 125.7 | AL15: 125.9 | AM15: 124.3 | AN15: 124.1 | AO15: 124.8 | AP15: 125.9 | AQ15: 127 | AR15: 126.9 | AS15: 128.1 | AT15: 129.4 | AU15: 130.1 | AV15: 129.7 | AW15: 131.2 | AX15: 135.1 | AY15: 141.6 | AZ15: 145.7 | BA15: 146.8 | BB15: 147.9 | BC15: 148.1
A16: <OBJ_13> | B16: =INDEX(BAP[#All],MATCH(A16,BAP[[#All],[Code]],0),MATCH(TEXT(Info!$B$4,0),BAP[#Headers],0))&" 2)" -> Génie civil 2) | C16: 24 | D16: 100 | E16: 102 | F16: 105.8 | G16: 108.1 | H16: 111.5 | I16: 115.5 | J16: 114.2 | K16: 112 | L16: 110.7 | M16: 110.2 | N16: 111.2 | O16: 113.4 | P16: 116.3 | Q16: 115.8 | R16: 118.7 | S16: 119.8 | T16: 123.3 | U16: 125.3 | V16: 127.6 | W16: 129.1 | X16: 131.7 | Y16: 126.6 | Z16: 127.3 | AA16: 128.5 | AB16: 128.5 | AC16: 131.2 | AD16: 132.6 | AE16: 133.3 | AF16: 134.1 | AG16: 134.7 | AH16: 135.9 | AI16: 134.6 | AJ16: 135.4 | AK16: 134.5 | AL16: 135 | AM16: 134.8 | AN16: 135.1 | AO16: 135.1 | AP16: 135 | AQ16: 134.6 | AR16: 135.8 | AS16: 135.8 | AT16: 136.7 | AU16: 136.9 | AV16: 137 | AW16: 138.5 | AX16: 140.3 | AY16: 147.3 | AZ16: 152.2 | BA16: 154 | BB16: 155.6 | BC16: 156.6
A17: <OBJ_14> | B17: =INDEX(BAP[#All],MATCH(A17,BAP[[#All],[Code]],0),MATCH(TEXT(Info!$B$4,0),BAP[#Headers],0)) -> Construction de routes | C17: 12 | D17: 100 | E17: 102 | F17: 105.8 | G17: 108.1 | H17: 111.5 | I17: 115.5 | J17: 113.8 | K17: 111.7 | L17: 110.3 | M17: 109.6 | N17: 110.5 | O17: 111.8 | P17: 113.5 | Q17: 113.3 | R17: 115.8 | S17: 117.4 | T17: 121.5 | U17: 122.9 | V17: 125.5 | W17: 126.2 | X17: 127.6 | Y17: 123.2 | Z17: 124.1 | AA17: 125.6 | AB17: 124.8 | AC17: 127.3 | AD17: 128.8 | AE17: 129.5 | AF17: 130.5 | AG17: 131.3 | AH17: 132.5 | AI17: 131.5 | AJ17: 132.2 | AK17: 131.4 | AL17: 132.1 | AM17: 132 | AN17: 132.2 | AO17: 132.5 | AP17: 132.2 | AQ17: 131.8 | AR17: 132.9 | AS17: 132.8 | AT17: 133.6 | AU17: 134 | AV17: 134.3 | AW17: 136.3 | AX17: 138.5 | AY17: 143.8 | AZ17: 148.1 | BA17: 150.2 | BB17: 151.7 | BC17: 153
A18: <OBJ_15> | B18: =INDEX(BAP[#All],MATCH(A18,BAP[[#All],[Code]],0),MATCH(TEXT(Info!$B$4,0),BAP[#Headers],0))&" 3)" -> Construction de passages inférieurs 3) | C18: 12 | D18: … | E18: … | F18: … | G18: … | H18: … | I18: 100 | J18: 99.2 | K18: 97.3 | L18: 96.3 | M18: 95.8 | N18: 96.8 | O18: 99.5 | P18: 103.2 | Q18: 102.4 | R18: 105.3 | S18: 105.8 | T18: 108.4 | U18: 110.6 | V18: 112.3 | W18: 114.2 | X18: 117.6 | Y18: 112.6 | Z18: 113.1 | AA18: 113.8 | AB18: 114.4 | AC18: 117.7 | AD18: 118.5 | AE18: 119 | AF18: 119 | AG18: 118.4 | AH18: 119.2 | AI18: 117.1 | AJ18: 118 | AK18: 116.9 | AL18: 115.9 | AM18: 115.2 | AN18: 115.8 | AO18: 115 | AP18: 115.3 | AQ18: 115.4 | AR18: 116.5 | AS18: 116.7 | AT18: 117.9 | AU18: 117.6 | AV18: 116.8 | AW18: 119.7 | AX18: 122.3 | AY18: 130.9 | AZ18: 134.6 | BA18: 134.5 | BB18: 133.3 | BC18: 133.5
A20: <REG_02> | B20: =INDEX(BAP[#All],MATCH(A20,BAP[[#All],[Code]],0),MATCH(TEXT(Info!$B$4,0),BAP[#Headers],0)) -> Région lémanique
A21: <OBJ_02> | B21: =INDEX(BAP[#All],MATCH(A21,BAP[[#All],[Code]],0),MATCH(TEXT(Info!$B$4,0),BAP[#Headers],0)) -> Construction : total | C21: 100 | D21: 100 | E21: 101.3 | F21: 104.5 | G21: 106.4 | H21: 109.1 | I21: 112.9 | J21: 113.1 | K21: 114.5 | L21: 112.7 | M21: 113.2 | N21: 113 | O21: 114.7 | P21: 117.4 | Q21: 118.8 | R21: 120.5 | S21: 122.7 | T21: 125.4 | U21: 127.7 | V21: 130 | W21: 132.2 | X21: 134 | Y21: 131.3 | Z21: 131.2 | AA21: 131.4 | AB21: 131.3 | AC21: 133.8 | AD21: 134.4 | AE21: 134 | AF21: 134 | AG21: 134.3 | AH21: 135.3 | AI21: 134.5 | AJ21: 134.2 | AK21: 133.3 | AL21: 134.9 | AM21: 133.3 | AN21: 132.3 | AO21: 132.5 | AP21: 132.7 | AQ21: 132.9 | AR21: 132.9 | AS21: 133.2 | AT21: 133.9 | AU21: 133.9 | AV21: 133.5 | AW21: 135 | AX21: 138.4 | AY21: 144.9 | AZ21: 148.4 | BA21: 151.3 | BB21: 152 | BC21: 152.2
A22: <OBJ_03> | B22: =INDEX(BAP[#All],MATCH(A22,BAP[[#All],[Code]],0),MATCH(TEXT(Info!$B$4,0),BAP[#Headers],0)) -> Bâtiment | C22: 76 | D22: 100 | E22: 101.1 | F22: 104 | G22: 106.5 | H22: 108.8 | I22: 111.5 | J22: 111.4 | K22: 113.1 | L22: 112.5 | M22: 112.5 | N22: 111.9 | O22: 113 | P22: 115 | Q22: 117 | R22: 118.6 | S22: 121.2 | T22: 123.7 | U22: 125.9 | V22: 128.6 | W22: 130.9 | X22: 132.7 | Y22: 130.7 | Z22: 130.7 | AA22: 130.6 | AB22: 131.3 | AC22: 133.6 | AD22: 134.4 | AE22: 133.4 | AF22: 133.7 | AG22: 134.1 | AH22: 135 | AI22: 134.7 | AJ22: 134.1 | AK22: 133.2 | AL22: 134.5 | AM22: 132.9 | AN22: 132.1 | AO22: 132.3 | AP22: 132.4 | AQ22: 132.8 | AR22: 132.9 | AS22: 133.1 | AT22: 133.6 | AU22: 133.6 | AV22: 133.3 | AW22: 134.7 | AX22: 138.2 | AY22: 144.6 | AZ22: 148.5 | BA22: 151.2 | BB22: 151.5 | BC22: 151.4
A23: <OBJ_04> | B23: =INDEX(BAP[#All],MATCH(A23,BAP[[#All],[Code]],0),MATCH(TEXT(Info!$B$4,0),BAP[#Headers],0)) -> Nouvelle construction | C23: 49 | D23: 100 | E23: 101.4 | F23: 104.5 | G23: 106.9 | H23: 109.3 | I23: 112.6 | J23: 112.1 | K23: 113.9 | L23: 113 | M23: 112.6 | N23: 111.9 | O23: 113.2 | P23: 115.5 | Q23: 117.1 | R23: 118.8 | S23: 121.3 | T23: 124.1 | U23: 126 | V23: 128.5 | W23: 130.4 | X23: 132.5 | Y23: 130 | Z23: 129.7 | AA23: 129.6 | AB23: 130.5 | AC23: 133.1 | AD23: 133.8 | AE23: 132.8 | AF23: 133 | AG23: 133.3 | AH23: 134 | AI23: 134.1 | AJ23: 133.3 | AK23: 132.3 | AL23: 133.7 | AM23: 132.4 | AN23: 131.6 | AO23: 131.8 | AP23: 131.8 | AQ23: 132.1 | AR23: 132.2 | AS23: 132.3 | AT23: 133.1 | AU23: 133.1 | AV23: 132.6 | AW23: 134.5 | AX23: 138.1 | AY23: 144.5 | AZ23: 148.8 | BA23: 151.2 | BB23: 151.7 | BC23: 151.6
A24: <OBJ_08> | B24: =INDEX(BAP[#All],MATCH(A24,BAP[[#All],[Code]],0),MATCH(TEXT(Info!$B$4,0),BAP[#Headers],0)) -> Construction de bâtiments administratifs | C24: 11 | D24: 100 | E24: 101.3 | F24: 106.1 | G24: 107.4 | H24: 109.7 | I24: 112.7 | J24: 113.6 | K24: 116.9 | L24: 116 | M24: 115.8 | N24: 114.9 | O24: 116 | P24: 117.8 | Q24: 119.5 | R24: 120.6 | S24: 123.2 | T24: 126 | U24: 128.7 | V24: 132.5 | W24: 134.7 | X24: 135.9 | Y24: 134.3 | Z24: 133.7 | AA24: 133.6 | AB24: 135.1 | AC24: 138 | AD24: 138.4 | AE24: 137 | AF24: 137.1 | AG24: 137.5 | AH24: 137.8 | AI24: 136.1 | AJ24: 136 | AK24: 134.1 | AL24: 134.7 | AM24: 134 | AN24: 132.6 | AO24: 132.7 | AP24: 131.4 | AQ24: 130.8 | AR24: 131.9 | AS24: 131.3 | AT24: 134 | AU24: 133.8 | AV24: 133.5 | AW24: 136.3 | AX24: 140.5 | AY24: 148.3 | AZ24: 152.8 | BA24: 154.9 | BB24: 155.4 | BC24: 155.9
A25: <OBJ_05> | B25: =INDEX(BAP[#All],MATCH(A25,BAP[[#All],[Code]],0),MATCH(TEXT(Info!$B$4,0),BAP[#Headers],0)) -> Construction de bâtiments à plusieurs logements | C25: 38 | D25: 100 | E25: 101.4 | F25: 104 | G25: 106.7 | H25: 109.2 | I25: 112.5 | J25: 111.7 | K25: 113 | L25: 112.2 | M25: 111.7 | N25: 111 | O25: 112.3 | P25: 114.9 | Q25: 116.5 | R25: 118.3 | S25: 120.8 | T25: 123.6 | U25: 125.2 | V25: 127.3 | W25: 129.2 | X25: 131.5 | Y25: 128.8 | Z25: 128.6 | AA25: 128.4 | AB25: 129.2 | AC25: 131.7 | AD25: 132.4 | AE25: 131.4 | AF25: 131.9 | AG25: 131.9 | AH25: 132.5 | AI25: 132.8 | AJ25: 131.9 | AK25: 131.1 | AL25: 132.7 | AM25: 131.5 | AN25: 130.7 | AO25: 131.1 | AP25: 131.5 | AQ25: 132.1 | AR25: 132.1 | AS25: 132.2 | AT25: 132.8 | AU25: 133 | AV25: 132.2 | AW25: 134 | AX25: 137.5 | AY25: 143.5 | AZ25: 148.2 | BA25: 150.7 | BB25: 151.3 | BC25: 150.9
A26: <OBJ_06> | B26: =INDEX(BAP[#All],MATCH(A26,BAP[[#All],[Code]],0),MATCH(TEXT(Info!$B$4,0),BAP[#Headers],0))&" 1)" -> Construction de bâtiments à plusieurs logements en bois 1) | C26: … | D26: … | E26: … | F26: … | G26: … | H26: … | I26: … | J26: … | K26: … | L26: … | M26: 100 | N26: 100 | O26: 101.3 | P26: 103.4 | Q26: 104.7 | R26: 106.8 | S26: 109.1 | T26: 110.8 | U26: 112.7 | V26: 115.1 | W26: 117.6 | X26: 119.2 | Y26: 116.5 | Z26: 116.7 | AA26: 116.7 | AB26: 116.9 | AC26: 119.6 | AD26: 121.3 | AE26: 120 | AF26: 119.8 | AG26: 120.7 | AH26: 121.1 | AI26: 121.3 | AJ26: 120.7 | AK26: 119.9 | AL26: 120.7 | AM26: 119.2 | AN26: 118.5 | AO26: 118.6 | AP26: 118.8 | AQ26: 118.7 | AR26: 118.3 | AS26: 119.1 | AT26: 118.3 | AU26: 118.1 | AV26: 118.3 | AW26: 120.5 | AX26: 123.8 | AY26: 129.2 | AZ26: 132.8 | BA26: 135.8 | BB26: 136.1 | BC26: 136.2
A27: <OBJ_11> | B27: =INDEX(BAP[#All],MATCH(A27,BAP[[#All],[Code]],0),MATCH(TEXT(Info!$B$4,0),BAP[#Headers],0)) -> Rénovation de bâtiments à plusieurs logements | C27: 27 | D27: 100 | E27: 100.7 | F27: 103.2 | G27: 105.9 | H27: 107.9 | I27: 109.7 | J27: 110.2 | K27: 111.7 | L27: 111.4 | M27: 112.3 | N27: 111.9 | O27: 112.6 | P27: 114.1 | Q27: 116.8 | R27: 118.2 | S27: 121.1 | T27: 122.9 | U27: 125.9 | V27: 128.7 | W27: 131.8 | X27: 133.1 | Y27: 131.9 | Z27: 132.6 | AA27: 132.4 | AB27: 132.8 | AC27: 135 | AD27: 135.5 | AE27: 134.4 | AF27: 134.8 | AG27: 135.2 | AH27: 136.1 | AI27: 136.1 | AJ27: 135.6 | AK27: 134.9 | AL27: 136.2 | AM27: 133.5 | AN27: 133.4 | AO27: 135.4 | AP27: 137.2 | AQ27: 138.3 | AR27: 138.2 | AS27: 139.4 | AT27: 142.6 | AU27: 143.4 | AV27: 143.4 | AW27: 143.9 | AX27: 147.5 | AY27: 154 | AZ27: 157.1 | BA27: 160.5 | BB27: 160.9 | BC27: 160.4
A28: <OBJ_13> | B28: =INDEX(BAP[#All],MATCH(A28,BAP[[#All],[Code]],0),MATCH(TEXT(Info!$B$4,0),BAP[#Headers],0))&" 2)" -> Génie civil 2) | C28: 24 | D28: 100 | E28: 101.7 | F28: 106 | G28: 106.1 | H28: 109.7 | I28: 117.2 | J28: 118.2 | K28: 119.1 | L28: 113.6 | M28: 115.5 | N28: 116.5 | O28: 120.1 | P28: 125.1 | Q28: 124.4 | R28: 126.4 | S28: 127.2 | T28: 130.7 | U28: 133.2 | V28: 134.6 | W28: 136.5 | X28: 138 | Y28: 133.2 | Z28: 132.6 | AA28: 133.9 | AB28: 131.4 | AC28: 134.3 | AD28: 134.4 | AE28: 136.5 | AF28: 135.2 | AG28: 135.4 | AH28: 136.6 | AI28: 133.6 | AJ28: 134.9 | AK28: 133.8 | AL28: 136.6 | AM28: 135.1 | AN28: 133.2 | AO28: 133.6 | AP28: 134.1 | AQ28: 133.4 | AR28: 133 | AS28: 134.1 | AT28: 135.5 | AU28: 135.3 | AV28: 134.5 | AW28: 136.6 | AX28: 139.3 | AY28: 146.1 | AZ28: 148.7 | BA28: 152.3 | BB28: 154.1 | BC28: 155.4
A29: <OBJ_14> | B29: =INDEX(BAP[#All],MATCH(A29,BAP[[#All],[Code]],0),MATCH(TEXT(Info!$B$4,0),BAP[#Headers],0)) -> Construction de routes | C29: 12 | D29: 100 | E29: 101.7 | F29: 106 | G29: 106.1 | H29: 109.7 | I29: 117.2 | J29: 117.4 | K29: 119.1 | L29: 112.8 | M29: 113.8 | N29: 113.7 | O29: 117.1 | P29: 120 | Q29: 119.9 | R29: 120.4 | S29: 122.1 | T29: 127.4 | U29: 129.4 | V29: 130.8 | W29: 131.7 | X29: 133 | Y29: 129.1 | Z29: 127.8 | AA29: 130.1 | AB29: 126 | AC29: 128.6 | AD29: 128.6 | AE29: 130.7 | AF29: 129.3 | AG29: 129.7 | AH29: 131.1 | AI29: 128.3 | AJ29: 129.6 | AK29: 128.7 | AL29: 131.6 | AM29: 130.3 | AN29: 128.3 | AO29: 129.2 | AP29: 129.6 | AQ29: 128.3 | AR29: 128 | AS29: 128.8 | AT29: 130.1 | AU29: 129.8 | AV29: 129.1 | AW29: 131.2 | AX29: 134.1 | AY29: 139.2 | AZ29: 141.8 | BA29: 145.1 | BB29: 146.8 | BC29: 148.6
A30: <OBJ_15> | B30: =INDEX(BAP[#All],MATCH(A30,BAP[[#All],[Code]],0),MATCH(TEXT(Info!$B$4,0),BAP[#Headers],0))&" 3)" -> Construction de passages inférieurs 3) | C30: 12 | D30: … | E30: … | F30: … | G30: … | H30: … | I30: 100 | J30: 101.5 | K30: 101.5 | L30: 97.7 | M30: 100.1 | N30: 101.8 | O30: 105 | P30: 111.1 | Q30: 110 | R30: 113 | S30: 112.9 | T30: 114.4 | U30: 116.8 | V30: 118.1 | W30: 120.5 | X30: 122.1 | Y30: 117.2 | Z30: 117.2 | AA30: 117.6 | AB30: 116.7 | AC30: 120.3 | AD30: 121.2 | AE30: 122.1 | AF30: 121.5 | AG30: 120.6 | AH30: 120.4 | AI30: 117.4 | AJ30: 118.2 | AK30: 117 | AL30: 118.3 | AM30: 116.3 | AN30: 115 | AO30: 113.8 | AP30: 114.4 | AQ30: 115.7 | AR30: 115.6 | AS30: 117.3 | AT30: 119 | AU30: 118.9 | AV30: 117.9 | AW30: 121.5 | AX30: 124.7 | AY30: 134.5 | AZ30: 136.6 | BA30: 137.2 | BB30: 135.9 | BC30: 136.1
A32: <REG_03> | B32: =INDEX(BAP[#All],MATCH(A32,BAP[[#All],[Code]],0),MATCH(TEXT(Info!$B$4,0),BAP[#Headers],0)) -> Espace Mittelland
A33: <OBJ_02> | B33: =INDEX(BAP[#All],MATCH(A33,BAP[[#All],[Code]],0),MATCH(TEXT(Info!$B$4,0),BAP[#Headers],0)) -> Construction : total | C33: 100 | D33: 100 | E33: 102.1 | F33: 103.9 | G33: 105.6 | H33: 107.8 | I33: 111.6 | J33: 112.5 | K33: 111.6 | L33: 110.1 | M33: 109.1 | N33: 109.3 | O33: 110.5 | P33: 112.7 | Q33: 112.9 | R33: 114.4 | S33: 116.5 | T33: 119.9 | U33: 120.4 | V33: 122.7 | W33: 125.2 | X33: 128 | Y33: 124.4 | Z33: 124.7 | AA33: 124.9 | AB33: 126.2 | AC33: 127.4 | AD33: 128.4 | AE33: 128.6 | AF33: 128.8 | AG33: 128.4 | AH33: 128.8 | AI33: 128 | AJ33: 128.7 | AK33: 127.7 | AL33: 128.2 | AM33: 127.8 | AN33: 127.1 | AO33: 126.3 | AP33: 126.8 | AQ33: 127.1 | AR33: 128.2 | AS33: 128.8 | AT33: 128.7 | AU33: 129.4 | AV33: 129 | AW33: 130.8 | AX33: 134.9 | AY33: 141.3 | AZ33: 145.3 | BA33: 145.7 | BB33: 146.1 | BC33: 147.6
A34: <OBJ_03> | B34: =INDEX(BAP[#All],MATCH(A34,BAP[[#All],[Code]],0),MATCH(TEXT(Info!$B$4,0),BAP[#Headers],0)) -> Bâtiment | C34: 76 | D34: 100 | E34: 101.9 | F34: 103.2 | G34: 104.7 | H34: 106.9 | I34: 109.5 | J34: 110.7 | K34: 110.9 | L34: 109.2 | M34: 108 | N34: 108 | O34: 108.5 | P34: 110.6 | Q34: 110.9 | R34: 111.9 | S34: 113.9 | T34: 116.7 | U34: 117.5 | V34: 119.5 | W34: 122 | X34: 124.4 | Y34: 122.2 | Z34: 122 | AA34: 121.6 | AB34: 123.1 | AC34: 124.5 | AD34: 125.4 | AE34: 125.3 | AF34: 125.5 | AG34: 124.5 | AH34: 124.7 | AI34: 124.1 | AJ34: 124.3 | AK34: 123.6 | AL34: 124.1 | AM34: 124.1 | AN34: 123.1 | AO34: 122.3 | AP34: 122.8 | AQ34: 123.5 | AR34: 124.2 | AS34: 125 | AT34: 124.7 | AU34: 125.2 | AV34: 124.5 | AW34: 126.4 | AX34: 130.7 | AY34: 137.4 | AZ34: 141.1 | BA34: 141.6 | BB34: 141.6 | BC34: 143
A35: <OBJ_04> | B35: =INDEX(BAP[#All],MATCH(A35,BAP[[#All],[Code]],0),MATCH(TEXT(Info!$B$4,0),BAP[#Headers],0)) -> Nouvelle construction | C35: 49 | D35: 100 | E35: 102.2 | F35: 103.4 | G35: 105.4 | H35: 107.5 | I35: 110.3 | J35: 111.4 | K35: 111.9 | L35: 109.7 | M35: 108.6 | N35: 108.7 | O35: 109.3 | P35: 111.5 | Q35: 111.6 | R35: 112.5 | S35: 114.4 | T35: 117.6 | U35: 118.2 | V35: 119.9 | W35: 122.9 | X35: 126 | Y35: 122.5 | Z35: 121.9 | AA35: 121.2 | AB35: 123.2 | AC35: 124.7 | AD35: 125.3 | AE35: 125.4 | AF35: 125.4 | AG35: 124.7 | AH35: 125.1 | AI35: 124.9 | AJ35: 125.1 | AK35: 124.4 | AL35: 124.6 | AM35: 124.5 | AN35: 123.5 | AO35: 123.1 | AP35: 124.1 | AQ35: 124.7 | AR35: 125.2 | AS35: 126.1 | AT35: 126 | AU35: 126.3 | AV35: 126 | AW35: 127.7 | AX35: 132.4 | AY35: 139.2 | AZ35: 143.1 | BA35: 144.3 | BB35: 144 | BC35: 145.5
A36: <OBJ_08> | B36: =INDEX(BAP[#All],MATCH(A36,BAP[[#All],[Code]],0),MATCH(TEXT(Info!$B$4,0),BAP[#Headers],0)) -> Construction de bâtiments administratifs | C36: 11 | D36: 100 | E36: 102.7 | F36: 104.1 | G36: 105 | H36: 107.3 | I36: 110.7 | J36: 112 | K36: 112.9 | L36: 111.1 | M36: 110.4 | N36: 110 | O36: 110.8 | P36: 113 | Q36: 113.1 | R36: 113.9 | S36: 116.3 | T36: 119.4 | U36: 120.6 | V36: 122.3 | W36: 125.3 | X36: 128.2 | Y36: 125.3 | Z36: 124.2 | AA36: 123.6 | AB36: 125.2 | AC36: 128 | AD36: 129.1 | AE36: 129.3 | AF36: 129.8 | AG36: 129.6 | AH36: 129.4 | AI36: 127.3 | AJ36: 127.8 | AK36: 125.3 | AL36: 125.9 | AM36: 124.4 | AN36: 124.5 | AO36: 122.8 | AP36: 122.9 | AQ36: 122.9 | AR36: 123.7 | AS36: 124.9 | AT36: 125.1 | AU36: 125.7 | AV36: 124.4 | AW36: 126 | AX36: 130.5 | AY36: 139.3 | AZ36: 143.8 | BA36: 144.2 | BB36: 144.8 | BC36: 147.8
A37: <OBJ_05> | B37: =INDEX(BAP[#All],MATCH(A37,BAP[[#All],[Code]],0),MATCH(TEXT(Info!$B$4,0),BAP[#Headers],0)) -> Construction de bâtiments à plusieurs logements | C37: 38 | D37: 100 | E37: 102.1 | F37: 103.2 | G37: 105.5 | H37: 107.5 | I37: 110.2 | J37: 111.3 | K37: 111.6 | L37: 109.3 | M37: 108.1 | N37: 108.3 | O37: 108.9 | P37: 111.1 | Q37: 111.1 | R37: 112.1 | S37: 113.8 | T37: 117.1 | U37: 117.5 | V37: 119.2 | W37: 122.3 | X37: 125.3 | Y37: 121.7 | Z37: 121.3 | AA37: 120.5 | AB37: 122.7 | AC37: 123.8 | AD37: 124.3 | AE37: 124.2 | AF37: 124 | AG37: 123.6 | AH37: 123.9 | AI37: 123.8 | AJ37: 124 | AK37: 123.6 | AL37: 124 | AM37: 124.2 | AN37: 123 | AO37: 122.6 | AP37: 124 | AQ37: 124.5 | AR37: 125.1 | AS37: 125.9 | AT37: 126.1 | AU37: 126.3 | AV37: 125.8 | AW37: 127.2 | AX37: 131.7 | AY37: 137.9 | AZ37: 142 | BA37: 143.2 | BB37: 143.3 | BC37: 144.5
A38: <OBJ_06> | B38: =INDEX(BAP[#All],MATCH(A38,BAP[[#All],[Code]],0),MATCH(TEXT(Info!$B$4,0),BAP[#Headers],0))&" 1)" -> Construction de bâtiments à plusieurs logements en bois 1) | C38: … | D38: … | E38: … | F38: … | G38: … | H38: … | I38: … | J38: … | K38: … | L38: … | M38: 100 | N38: 99.7 | O38: 100.6 | P38: 102.3 | Q38: 102.7 | R38: 103.3 | S38: 104.9 | T38: 107.8 | U38: 108.8 | V38: 110.5 | W38: 113.1 | X38: 115 | Y38: 112.4 | Z38: 112.7 | AA38: 110.8 | AB38: 112.9 | AC38: 114.5 | AD38: 115.2 | AE38: 114.4 | AF38: 114.6 | AG38: 113.4 | AH38: 114 | AI38: 114.3 | AJ38: 114.1 | AK38: 113.6 | AL38: 113.8 | AM38: 114.2 | AN38: 113 | AO38: 113.2 | AP38: 113.4 | AQ38: 114.1 | AR38: 114.3 | AS38: 114.8 | AT38: 113.5 | AU38: 113.9 | AV38: 114.8 | AW38: 117.1 | AX38: 122.4 | AY38: 128.6 | AZ38: 131.7 | BA38: 132.8 | BB38: 131.8 | BC38: 132.5
A39: <OBJ_11> | B39: =INDEX(BAP[#All],MATCH(A39,BAP[[#All],[Code]],0),MATCH(TEXT(Info!$B$4,0),BAP[#Headers],0)) -> Rénovation de bâtiments à plusieurs logements | C39: 27 | D39: 100 | E39: 101.3 | F39: 102.7 | G39: 103.4 | H39: 105.8 | I39: 108 | J39: 109.6 | K39: 109.2 | L39: 108.3 | M39: 106.7 | N39: 106.9 | O39: 106.9 | P39: 109 | Q39: 109.7 | R39: 110.7 | S39: 113 | T39: 115.1 | U39: 116.3 | V39: 118.7 | W39: 120.4 | X39: 121.6 | Y39: 121.6 | Z39: 122.1 | AA39: 122.3 | AB39: 122.8 | AC39: 123.8 | AD39: 125.3 | AE39: 124.6 | AF39: 124.8 | AG39: 123.4 | AH39: 123.5 | AI39: 123.4 | AJ39: 123.3 | AK39: 123.3 | AL39: 123.2 | AM39: 122.9 | AN39: 122.1 | AO39: 121 | AP39: 121.9 | AQ39: 123.3 | AR39: 123.6 | AS39: 124.5 | AT39: 124.4 | AU39: 125.3 | AV39: 124.3 | AW39: 126.3 | AX39: 130.5 | AY39: 137.7 | AZ39: 141 | BA39: 140.8 | BB39: 140.9 | BC39: 142.3
A40: <OBJ_13> | B40: =INDEX(BAP[#All],MATCH(A40,BAP[[#All],[Code]],0),MATCH(TEXT(Info!$B$4,0),BAP[#Headers],0))&" 2)" -> Génie civil 2) | C40: 24 | D40: 100 | E40: 102.7 | F40: 106.4 | G40: 108.7 | H40: 110.8 | I40: 118.1 | J40: 117.9 | K40: 113.9 | L40: 113.2 | M40: 112.5 | N40: 113.4 | O40: 116.8 | P40: 119.5 | Q40: 119.2 | R40: 122.3 | S40: 124.9 | T40: 129.7 | U40: 129.7 | V40: 132.6 | W40: 135.1 | X40: 139.3 | Y40: 131.6 | Z40: 133.4 | AA40: 135.5 | AB40: 136 | AC40: 136.4 | AD40: 137.5 | AE40: 139.4 | AF40: 139.7 | AG40: 141.5 | AH40: 143.1 | AI40: 141.2 | AJ40: 143.9 | AK40: 141.9 | AL40: 142.2 | AM40: 140.4 | AN40: 140.9 | AO40: 139.8 | AP40: 140.5 | AQ40: 139.2 | AR40: 142.1 | AS40: 141.4 | AT40: 142.2 | AU40: 143.7 | AV40: 144.6 | AW40: 146.2 | AX40: 149.4 | AY40: 154.5 | AZ40: 160 | BA40: 159.4 | BB40: 161.5 | BC40: 163.5
A41: <OBJ_14> | B41: =INDEX(BAP[#All],MATCH(A41,BAP[[#All],[Code]],0),MATCH(TEXT(Info!$B$4,0),BAP[#Headers],0)) -> Construction de routes | C41: 12 | D41: 100 | E41: 102.7 | F41: 106.4 | G41: 108.7 | H41: 110.8 | I41: 118.1 | J41: 118.6 | K41: 115.2 | L41: 114.1 | M41: 114 | N41: 114.7 | O41: 116.8 | P41: 119.1 | Q41: 118.4 | R41: 121.6 | S41: 125 | T41: 130.2 | U41: 128.9 | V41: 133.3 | W41: 135.7 | X41: 136.6 | Y41: 129.1 | Z41: 130.6 | AA41: 134.7 | AB41: 134.3 | AC41: 134.4 | AD41: 135.5 | AE41: 137.3 | AF41: 137.8 | AG41: 140.1 | AH41: 141.7 | AI41: 140.1 | AJ41: 142.8 | AK41: 140.7 | AL41: 141.3 | AM41: 139.8 | AN41: 140.1 | AO41: 139.2 | AP41: 139.6 | AQ41: 138 | AR41: 141 | AS41: 140 | AT41: 140.9 | AU41: 142.8 | AV41: 143.7 | AW41: 145.4 | AX41: 149 | AY41: 154.5 | AZ41: 160 | BA41: 159.4 | BB41: 161.4 | BC41: 163.6
A42: <OBJ_15> | B42: =INDEX(BAP[#All],MATCH(A42,BAP[[#All],[Code]],0),MATCH(TEXT(Info!$B$4,0),BAP[#Headers],0))&" 3)" -> Construction de passages inférieurs 3) | C42: 12 | D42: … | E42: … | F42: … | G42: … | H42: … | I42: 100 | J42: 99.2 | K42: 95.3 | L42: 95 | M42: 94 | N42: 94.9 | O42: 98.8 | P42: 101.5 | Q42: 101.6 | R42: 104.2 | S42: 105.6 | T42: 109.4 | U42: 110.5 | V42: 111.7 | W42: 113.9 | X42: 120.3 | Y42: 113.5 | Z42: 115.4 | AA42: 115.4 | AB42: 116.6 | AC42: 118.7 | AD42: 119.5 | AE42: 121.2 | AF42: 120.4 | AG42: 120.1 | AH42: 121 | AI42: 118.3 | AJ42: 120.7 | AK42: 119.6 | AL42: 117.6 | AM42: 115.5 | AN42: 116.2 | AO42: 114.5 | AP42: 116.1 | AQ42: 116.7 | AR42: 118.3 | AS42: 118.9 | AT42: 119 | AU42: 118.9 | AV42: 119.6 | AW42: 122.1 | AX42: 125.8 | AY42: 132 | AZ42: 137.1 | BA42: 136.9 | BB42: 136.3 | BC42: 137
A44: <REG_04> | B44: =INDEX(BAP[#All],MATCH(A44,BAP[[#All],[Code]],0),MATCH(TEXT(Info!$B$4,0),BAP[#Headers],0)) -> Suisse du Nord-Ouest
A45: <OBJ_02> | B45: =INDEX(BAP[#All],MATCH(A45,BAP[[#All],[Code]],0),MATCH(TEXT(Info!$B$4,0),BAP[#Headers],0)) -> Construction : total | C45: 100 | D45: 100 | E45: 99.7 | F45: 102.3 | G45: 104.8 | H45: 108 | I45: 107.4 | J45: 106.1 | K45: 103.6 | L45: 103.7 | M45: 101.1 | N45: 101.9 | O45: 100.5 | P45: 104.2 | Q45: 105.6 | R45: 107.1 | S45: 107.9 | T45: 110.5 | U45: 112.5 | V45: 115.1 | W45: 116.2 | X45: 117.8 | Y45: 115.2 | Z45: 114 | AA45: 114.2 | AB45: 115.8 | AC45: 116.4 | AD45: 116.6 | AE45: 117 | AF45: 117.8 | AG45: 119.5 | AH45: 120.1 | AI45: 121.7 | AJ45: 121.2 | AK45: 120.7 | AL45: 121.2 | AM45: 120.9 | AN45: 119.9 | AO45: 118.8 | AP45: 119.4 | AQ45: 118.8 | AR45: 118.8 | AS45: 119.8 | AT45: 119.6 | AU45: 119.5 | AV45: 119 | AW45: 121.9 | AX45: 124.9 | AY45: 133.1 | AZ45: 137.3 | BA45: 138.9 | BB45: 140 | BC45: 139.7
A46: <OBJ_03> | B46: =INDEX(BAP[#All],MATCH(A46,BAP[[#All],[Code]],0),MATCH(TEXT(Info!$B$4,0),BAP[#Headers],0)) -> Bâtiment | C46: 76 | D46: 100 | E46: 99.6 | F46: 102.6 | G46: 105.2 | H46: 107.3 | I46: 107.5 | J46: 107.4 | K46: 106.3 | L46: 106.4 | M46: 104.1 | N46: 103.8 | O46: 102.6 | P46: 105.7 | Q46: 108.1 | R46: 108.4 | S46: 109.1 | T46: 111.3 | U46: 112.8 | V46: 116.3 | W46: 118.3 | X46: 120 | Y46: 118.3 | Z46: 117.3 | AA46: 117.5 | AB46: 118.5 | AC46: 119.6 | AD46: 119.7 | AE46: 120 | AF46: 120.5 | AG46: 122.3 | AH46: 122.8 | AI46: 124.3 | AJ46: 123.5 | AK46: 122.7 | AL46: 123.1 | AM46: 122.8 | AN46: 121.7 | AO46: 120.6 | AP46: 121.2 | AQ46: 120.8 | AR46: 120.5 | AS46: 121.8 | AT46: 121.7 | AU46: 121.8 | AV46: 120.9 | AW46: 123.5 | AX46: 127.4 | AY46: 136 | AZ46: 139.6 | BA46: 141.6 | BB46: 142.4 | BC46: 142.2
A47: <OBJ_04> | B47: =INDEX(BAP[#All],MATCH(A47,BAP[[#All],[Code]],0),MATCH(TEXT(Info!$B$4,0),BAP[#Headers],0)) -> Nouvelle construction | C47: 49 | D47: 100 | E47: 100 | F47: 103.2 | G47: 105.4 | H47: 108 | I47: 107.8 | J47: 107.5 | K47: 106.2 | L47: 105.9 | M47: 103.1 | N47: 102.8 | O47: 101.3 | P47: 105.2 | Q47: 107.5 | R47: 107.6 | S47: 108.3 | T47: 110.7 | U47: 111.8 | V47: 115.8 | W47: 117.8 | X47: 119.2 | Y47: 116.5 | Z47: 115.1 | AA47: 115.5 | AB47: 116.5 | AC47: 117.5 | AD47: 117.5 | AE47: 118.1 | AF47: 118.4 | AG47: 119.9 | AH47: 120.4 | AI47: 121.3 | AJ47: 120.6 | AK47: 119.7 | AL47: 120.2 | AM47: 120.4 | AN47: 119.7 | AO47: 118.6 | AP47: 119.6 | AQ47: 119.3 | AR47: 119.2 | AS47: 119.9 | AT47: 120.2 | AU47: 120.3 | AV47: 119.5 | AW47: 122.2 | AX47: 126 | AY47: 134.7 | AZ47: 138.5 | BA47: 140.7 | BB47: 141.2 | BC47: 140.9
A48: <OBJ_08> | B48: =INDEX(BAP[#All],MATCH(A48,BAP[[#All],[Code]],0),MATCH(TEXT(Info!$B$4,0),BAP[#Headers],0)) -> Construction de bâtiments administratifs | C48: 11 | D48: 100 | E48: 100.3 | F48: 104.1 | G48: 106.4 | H48: 108.2 | I48: 108.1 | J48: 109.5 | K48: 107.8 | L48: 107.8 | M48: 105.5 | N48: 105.3 | O48: 103.9 | P48: 105.8 | Q48: 108.1 | R48: 108 | S48: 109 | T48: 111.6 | U48: 112.7 | V48: 117.2 | W48: 119.4 | X48: 120.7 | Y48: 119.5 | Z48: 118.7 | AA48: 118.9 | AB48: 119.9 | AC48: 121.5 | AD48: 121.7 | AE48: 121.2 | AF48: 121.8 | AG48: 123.6 | AH48: 124.3 | AI48: 123.7 | AJ48: 124.3 | AK48: 123.9 | AL48: 124.6 | AM48: 123.5 | AN48: 122.8 | AO48: 121.7 | AP48: 121.9 | AQ48: 120.7 | AR48: 119.4 | AS48: 119.5 | AT48: 119.8 | AU48: 119.5 | AV48: 118.8 | AW48: 121.3 | AX48: 124.5 | AY48: 133.4 | AZ48: 136.6 | BA48: 139.1 | BB48: 140.1 | BC48: 141.1
A49: <OBJ_05> | B49: =INDEX(BAP[#All],MATCH(A49,BAP[[#All],[Code]],0),MATCH(TEXT(Info!$B$4,0),BAP[#Headers],0)) -> Construction de bâtiments à plusieurs logements | C49: 38 | D49: 100 | E49: 99.9 | F49: 102.9 | G49: 105.1 | H49: 108 | I49: 107.7 | J49: 106.9 | K49: 105.7 | L49: 105.4 | M49: 102.4 | N49: 102.1 | O49: 100.5 | P49: 105 | Q49: 107.3 | R49: 107.5 | S49: 108.1 | T49: 110.4 | U49: 111.5 | V49: 115.4 | W49: 117.3 | X49: 118.7 | Y49: 115.7 | Z49: 114 | AA49: 114.5 | AB49: 115.5 | AC49: 116.5 | AD49: 116.1 | AE49: 116.9 | AF49: 117.3 | AG49: 119 | AH49: 119.4 | AI49: 120.7 | AJ49: 119.4 | AK49: 118.5 | AL49: 118.8 | AM49: 119.5 | AN49: 118.8 | AO49: 117.7 | AP49: 118.9 | AQ49: 118.6 | AR49: 119 | AS49: 119.6 | AT49: 120.3 | AU49: 120.4 | AV49: 119.5 | AW49: 122.1 | AX49: 125.9 | AY49: 134.7 | AZ49: 139.1 | BA49: 141.2 | BB49: 141.9 | BC49: 141.2
A50: <OBJ_06> | B50: =INDEX(BAP[#All],MATCH(A50,BAP[[#All],[Code]],0),MATCH(TEXT(Info!$B$4,0),BAP[#Headers],0))&" 1)" -> Construction de bâtiments à plusieurs logements en bois 1) | C50: … | D50: … | E50: … | F50: … | G50: … | H50: … | I50: … | J50: … | K50: … | L50: … | M50: 100 | N50: 99.1 | O50: 97.5 | P50: 100 | Q50: 102.5 | R50: 103.1 | S50: 103.4 | T50: 105.6 | U50: 106.8 | V50: 108.6 | W50: 110.7 | X50: 113.3 | Y50: 110.1 | Z50: 108.6 | AA50: 109.8 | AB50: 111.4 | AC50: 111.9 | AD50: 112.2 | AE50: 112.9 | AF50: 112.5 | AG50: 113.6 | AH50: 113.5 | AI50: 114.3 | AJ50: 113.4 | AK50: 113.2 | AL50: 114.3 | AM50: 114.3 | AN50: 113.3 | AO50: 112.9 | AP50: 112.8 | AQ50: 113.5 | AR50: 113.7 | AS50: 113.7 | AT50: 113.4 | AU50: 113.8 | AV50: 113.3 | AW50: 116.6 | AX50: 121 | AY50: 128.8 | AZ50: 131.8 | BA50: 133.6 | BB50: 132.2 | BC50: 132.5
A51: <OBJ_11> | B51: =INDEX(BAP[#All],MATCH(A51,BAP[[#All],[Code]],0),MATCH(TEXT(Info!$B$4,0),BAP[#Headers],0)) -> Rénovation de bâtiments à plusieurs logements | C51: 27 | D51: 100 | E51: 98.9 | F51: 101.5 | G51: 104.8 | H51: 106 | I51: 107 | J51: 107.3 | K51: 106.5 | L51: 107.2 | M51: 105.9 | N51: 105.4 | O51: 105 | P51: 106.6 | Q51: 109.1 | R51: 109.8 | S51: 110.7 | T51: 112.4 | U51: 114.7 | V51: 117.3 | W51: 119.3 | X51: 121.4 | Y51: 121.4 | Z51: 121.2 | AA51: 121 | AB51: 122.1 | AC51: 123.3 | AD51: 123.3 | AE51: 124 | AF51: 124.6 | AG51: 126.4 | AH51: 126.7 | AI51: 129.1 | AJ51: 128.4 | AK51: 127.2 | AL51: 126.8 | AM51: 127.2 | AN51: 126.1 | AO51: 124.2 | AP51: 125.5 | AQ51: 125.5 | AR51: 125.6 | AS51: 127.9 | AT51: 128 | AU51: 129.1 | AV51: 127.7 | AW51: 130 | AX51: 134.1 | AY51: 144.3 | AZ51: 148.2 | BA51: 150.2 | BB51: 151.8 | BC51: 151.5
A52: <OBJ_13> | B52: =INDEX(BAP[#All],MATCH(A52,BAP[[#All],[Code]],0),MATCH(TEXT(Info!$B$4,0),BAP[#Headers],0))&" 2)" -> Génie civil 2) | C52: 24 | D52: 100 | E52: 99.9 | F52: 101.5 | G52: 103.7 | H52: 110 | I52: 107.3 | J52: 101.8 | K52: 95 | L52: 95.3 | M52: 91.6 | N52: 95.9 | O52: 93.8 | P52: 99.3 | Q52: 98 | R52: 103.2 | S52: 104.1 | T52: 107.8 | U52: 111.4 | V52: 111.3 | W52: 109.6 | X52: 110.8 | Y52: 105.6 | Z52: 103.9 | AA52: 103.9 | AB52: 107.1 | AC52: 106.3 | AD52: 106.1 | AE52: 107.2 | AF52: 109.4 | AG52: 110.2 | AH52: 111.8 | AI52: 113.9 | AJ52: 115.1 | AK52: 115.9 | AL52: 117.3 | AM52: 117.1 | AN52: 116.6 | AO52: 114.8 | AP52: 115.9 | AQ52: 114.7 | AR52: 115.7 | AS52: 115.4 | AT52: 114.4 | AU52: 113.6 | AV52: 115 | AW52: 119 | AX52: 119.2 | AY52: 126.2 | AZ52: 132.1 | BA52: 132.8 | BB52: 134.8 | BC52: 134.2
A53: <OBJ_14> | B53: =INDEX(BAP[#All],MATCH(A53,BAP[[#All],[Code]],0),MATCH(TEXT(Info!$B$4,0),BAP[#Headers],0)) -> Construction de routes | C53: 12 | D53: 100 | E53: 99.9 | F53: 101.5 | G53: 103.7 | H53: 110 | I53: 107.3 | J53: 100 | K53: 92.4 | L53: 92.8 | M53: 88.9 | N53: 93.5 | O53: 89.4 | P53: 94.4 | Q53: 92.7 | R53: 98.8 | S53: 99.5 | T53: 105.9 | U53: 108.3 | V53: 108.5 | W53: 103.6 | X53: 105.6 | Y53: 100.2 | Z53: 99.3 | AA53: 98.3 | AB53: 102.5 | AC53: 101.5 | AD53: 101.5 | AE53: 102.6 | AF53: 105 | AG53: 106.1 | AH53: 107.7 | AI53: 109.9 | AJ53: 111.1 | AK53: 112.4 | AL53: 114.1 | AM53: 113.9 | AN53: 113.5 | AO53: 111.6 | AP53: 113 | AQ53: 111.4 | AR53: 112.4 | AS53: 111.8 | AT53: 110.3 | AU53: 109.4 | AV53: 111 | AW53: 113.7 | AX53: 114.7 | AY53: 121.3 | AZ53: 125.9 | BA53: 126.4 | BB53: 127.4 | BC53: 126.4
A54: <OBJ_15> | B54: =INDEX(BAP[#All],MATCH(A54,BAP[[#All],[Code]],0),MATCH(TEXT(Info!$B$4,0),BAP[#Headers],0))&" 3)" -> Construction de passages inférieurs 3) | C54: 12 | D54: … | E54: … | F54: … | G54: … | H54: … | I54: 100 | J54: 96.4 | K54: 91 | L54: 91.3 | M54: 87.9 | N54: 91.7 | O54: 91.5 | P54: 97 | Q54: 96.2 | R54: 100.2 | S54: 101.3 | T54: 102.3 | U54: 106.7 | V54: 106.4 | W54: 107.8 | X54: 108.1 | Y54: 103.5 | Z54: 101.1 | AA54: 102 | AB54: 104.1 | AC54: 104.7 | AD54: 103.2 | AE54: 103.8 | AF54: 104.9 | AG54: 104.2 | AH54: 105.1 | AI54: 106.7 | AJ54: 108 | AK54: 106.7 | AL54: 105.5 | AM54: 105.5 | AN54: 104.8 | AO54: 103.4 | AP54: 103.2 | AQ54: 103.5 | AR54: 104.8 | AS54: 105.6 | AT54: 106.5 | AU54: 106.3 | AV54: 106.5 | AW54: 109.2 | AX54: 111.7 | AY54: 119.6 | AZ54: 122 | BA54: 120.1 | BB54: 119.8 | BC54: 118.9
A56: <REG_05> | B56: =INDEX(BAP[#All],MATCH(A56,BAP[[#All],[Code]],0),MATCH(TEXT(Info!$B$4,0),BAP[#Headers],0)) -> Zurich
A57: <OBJ_02> | B57: =INDEX(BAP[#All],MATCH(A57,BAP[[#All],[Code]],0),MATCH(TEXT(Info!$B$4,0),BAP[#Headers],0)) -> Construction : total | C57: 100 | D57: 100 | E57: 101.2 | F57: 104.2 | G57: 107.3 | H57: 108.9 | I57: 110.9 | J57: 110 | K57: 107.9 | L57: 106 | M57: 103.7 | N57: 103.3 | O57: 103.4 | P57: 103.8 | Q57: 105 | R57: 106.1 | S57: 107.4 | T57: 110.7 | U57: 113.8 | V57: 114.9 | W57: 116.5 | X57: 118.8 | Y57: 117 | Z57: 117.9 | AA57: 117.2 | AB57: 118.7 | AC57: 120.8 | AD57: 121.9 | AE57: 122.7 | AF57: 123.3 | AG57: 123.7 | AH57: 124.5 | AI57: 124.6 | AJ57: 124.1 | AK57: 123.7 | AL57: 124.1 | AM57: 123.5 | AN57: 123.8 | AO57: 123.4 | AP57: 123.1 | AQ57: 123.7 | AR57: 123.9 | AS57: 124.8 | AT57: 124.5 | AU57: 124.4 | AV57: 124.2 | AW57: 125.6 | AX57: 129.3 | AY57: 134.2 | AZ57: 140.5 | BA57: 141.6 | BB57: 142.3 | BC57: 143.2
A58: <OBJ_03> | B58: =INDEX(BAP[#All],MATCH(A58,BAP[[#All],[Code]],0),MATCH(TEXT(Info!$B$4,0),BAP[#Headers],0)) -> Bâtiment | C58: 76 | D58: 100 | E58: 100.6 | F58: 103 | G58: 104.4 | H58: 106.9 | I58: 108.7 | J58: 108.9 | K58: 107.3 | L58: 105.7 | M58: 104.1 | N58: 104.4 | O58: 103.9 | P58: 104.3 | Q58: 105.4 | R58: 105.9 | S58: 107.2 | T58: 110.4 | U58: 113.4 | V58: 114.8 | W58: 116.7 | X58: 119.1 | Y58: 117.7 | Z58: 117.6 | AA58: 117.2 | AB58: 118.7 | AC58: 120.4 | AD58: 121.2 | AE58: 122.1 | AF58: 122.6 | AG58: 122.9 | AH58: 123.6 | AI58: 124.2 | AJ58: 123.8 | AK58: 123.4 | AL58: 123.8 | AM58: 122.9 | AN58: 122.9 | AO58: 122.4 | AP58: 121.9 | AQ58: 122.6 | AR58: 122.5 | AS58: 123.5 | AT58: 123 | AU58: 122.9 | AV58: 122.3 | AW58: 124.3 | AX58: 128.2 | AY58: 133 | AZ58: 139.2 | BA58: 140.5 | BB58: 141.2 | BC58: 142
A59: <OBJ_04> | B59: =INDEX(BAP[#All],MATCH(A59,BAP[[#All],[Code]],0),MATCH(TEXT(Info!$B$4,0),BAP[#Headers],0)) -> Nouvelle construction | C59: 49 | D59: 100 | E59: 100.9 | F59: 103.5 | G59: 105.5 | H59: 108.4 | I59: 110.2 | J59: 110.3 | K59: 108.2 | L59: 106 | M59: 104.2 | N59: 104.4 | O59: 104 | P59: 104.5 | Q59: 105.7 | R59: 106.6 | S59: 107.7 | T59: 111.3 | U59: 113.9 | V59: 115.3 | W59: 117.1 | X59: 119.9 | Y59: 117.7 | Z59: 117.5 | AA59: 117.2 | AB59: 119 | AC59: 120.7 | AD59: 121.1 | AE59: 121.2 | AF59: 121.5 | AG59: 121.7 | AH59: 122.1 | AI59: 122.3 | AJ59: 121.7 | AK59: 121 | AL59: 121.7 | AM59: 120.7 | AN59: 120.7 | AO59: 120.5 | AP59: 120.6 | AQ59: 121.1 | AR59: 121.1 | AS59: 121.9 | AT59: 121.2 | AU59: 121.1 | AV59: 121.1 | AW59: 123 | AX59: 126.7 | AY59: 132 | AZ59: 138.2 | BA59: 140 | BB59: 140.4 | BC59: 141.1
A60: <OBJ_08> | B60: =INDEX(BAP[#All],MATCH(A60,BAP[[#All],[Code]],0),MATCH(TEXT(Info!$B$4,0),BAP[#Headers],0)) -> Construction de bâtiments administratifs | C60: 11 | D60: 100 | E60: 100.6 | F60: 102.6 | G60: 103.5 | H60: 106.3 | I60: 109.1 | J60: 110.3 | K60: 109.1 | L60: 106.9 | M60: 105.4 | N60: 105.7 | O60: 105 | P60: 105.3 | Q60: 106.6 | R60: 107.1 | S60: 109 | T60: 113 | U60: 116.1 | V60: 117.9 | W60: 120.4 | X60: 123.2 | Y60: 122.6 | Z60: 122.5 | AA60: 122.3 | AB60: 122.8 | AC60: 125.6 | AD60: 125.9 | AE60: 125.7 | AF60: 127.7 | AG60: 129.7 | AH60: 129.7 | AI60: 129.3 | AJ60: 128.3 | AK60: 127.3 | AL60: 129.2 | AM60: 127.6 | AN60: 126.7 | AO60: 125.8 | AP60: 124.6 | AQ60: 126.2 | AR60: 125.9 | AS60: 126.7 | AT60: 127.1 | AU60: 126.9 | AV60: 126.8 | AW60: 129 | AX60: 132.1 | AY60: 137.8 | AZ60: 145.1 | BA60: 147.1 | BB60: 146.9 | BC60: 149.1
A61: <OBJ_05> | B61: =INDEX(BAP[#All],MATCH(A61,BAP[[#All],[Code]],0),MATCH(TEXT(Info!$B$4,0),BAP[#Headers],0)) -> Construction de bâtiments à plusieurs logements | C61: 38 | D61: 100 | E61: 101.1 | F61: 103.8 | G61: 106.1 | H61: 109 | I61: 110.5 | J61: 110.4 | K61: 107.9 | L61: 105.7 | M61: 103.9 | N61: 104.1 | O61: 103.8 | P61: 104.3 | Q61: 105.4 | R61: 106.4 | S61: 107.4 | T61: 110.9 | U61: 113.2 | V61: 114.6 | W61: 116.2 | X61: 118.9 | Y61: 116.3 | Z61: 116.1 | AA61: 115.8 | AB61: 117.8 | AC61: 119.4 | AD61: 119.8 | AE61: 119.8 | AF61: 119.9 | AG61: 119.9 | AH61: 120.3 | AI61: 120.5 | AJ61: 120 | AK61: 119.4 | AL61: 119.8 | AM61: 119 | AN61: 119.1 | AO61: 118.9 | AP61: 119.2 | AQ61: 119.5 | AR61: 119.4 | AS61: 120.3 | AT61: 119.4 | AU61: 119.3 | AV61: 119.2 | AW61: 120.8 | AX61: 124.4 | AY61: 129.5 | AZ61: 135.8 | BA61: 137.4 | BB61: 138.1 | BC61: 138.5
A62: <OBJ_06> | B62: =INDEX(BAP[#All],MATCH(A62,BAP[[#All],[Code]],0),MATCH(TEXT(Info!$B$4,0),BAP[#Headers],0))&" 1)" -> Construction de bâtiments à plusieurs logements en bois 1) | C62: … | D62: … | E62: … | F62: … | G62: … | H62: … | I62: … | J62: … | K62: … | L62: … | M62: 100 | N62: 100 | O62: 99.4 | P62: 99.9 | Q62: 100.5 | R62: 100.9 | S62: 101.4 | T62: 104.7 | U62: 107.7 | V62: 109.5 | W62: 110.8 | X62: 112.6 | Y62: 110.5 | Z62: 110.7 | AA62: 110.9 | AB62: 113 | AC62: 114.3 | AD62: 115.5 | AE62: 115.3 | AF62: 115.2 | AG62: 114.7 | AH62: 115.4 | AI62: 115.4 | AJ62: 115.4 | AK62: 115 | AL62: 115.7 | AM62: 115.6 | AN62: 115.7 | AO62: 116.3 | AP62: 116 | AQ62: 116.8 | AR62: 117.8 | AS62: 117.8 | AT62: 117.4 | AU62: 117.3 | AV62: 117.6 | AW62: 121.1 | AX62: 125.5 | AY62: 131.1 | AZ62: 136 | BA62: 137.7 | BB62: 137.5 | BC62: 138.1
A63: <OBJ_11> | B63: =INDEX(BAP[#All],MATCH(A63,BAP[[#All],[Code]],0),MATCH(TEXT(Info!$B$4,0),BAP[#Headers],0)) -> Rénovation de bâtiments à plusieurs logements | C63: 27 | D63: 100 | E63: 99.9 | F63: 102 | G63: 102.3 | H63: 104.3 | I63: 106.1 | J63: 106.3 | K63: 105.8 | L63: 105.2 | M63: 103.8 | N63: 104.2 | O63: 103.8 | P63: 104 | Q63: 105 | R63: 104.8 | S63: 106.2 | T63: 108.8 | U63: 112.6 | V63: 114 | W63: 115.9 | X63: 117.8 | Y63: 117.7 | Z63: 117.8 | AA63: 117.1 | AB63: 118.3 | AC63: 119.7 | AD63: 120.7 | AE63: 121.4 | AF63: 121.4 | AG63: 121.5 | AH63: 122.2 | AI63: 123.1 | AJ63: 122.9 | AK63: 122.6 | AL63: 122.8 | AM63: 121.3 | AN63: 121.8 | AO63: 121.9 | AP63: 122.2 | AQ63: 123.2 | AR63: 122.9 | AS63: 124.5 | AT63: 123.7 | AU63: 123.5 | AV63: 123 | AW63: 124.1 | AX63: 128.4 | AY63: 132.9 | AZ63: 138.6 | BA63: 139.5 | BB63: 140.9 | BC63: 141.3
A64: <OBJ_13> | B64: =INDEX(BAP[#All],MATCH(A64,BAP[[#All],[Code]],0),MATCH(TEXT(Info!$B$4,0),BAP[#Headers],0))&" 2)" -> Génie civil 2) | C64: 24 | D64: 100 | E64: 103.2 | F64: 107.9 | G64: 116.7 | H64: 115.3 | I64: 117.8 | J64: 113.4 | K64: 109.5 | L64: 107 | M64: 102.4 | N64: 100 | O64: 101.7 | P64: 102.1 | Q64: 103.6 | R64: 106.7 | S64: 108 | T64: 111.4 | U64: 114.9 | V64: 115.1 | W64: 116 | X64: 117.9 | Y64: 114.7 | Z64: 118.7 | AA64: 117.3 | AB64: 118.6 | AC64: 122.6 | AD64: 125.8 | AE64: 125.5 | AF64: 127.1 | AG64: 127.6 | AH64: 129.6 | AI64: 126.4 | AJ64: 125.8 | AK64: 125.7 | AL64: 125.5 | AM64: 126.7 | AN64: 128.5 | AO64: 128.6 | AP64: 129.3 | AQ64: 129.6 | AR64: 131.2 | AS64: 131.8 | AT64: 132.6 | AU64: 132.8 | AV64: 134.2 | AW64: 133.3 | AX64: 136 | AY64: 141.5 | AZ64: 148.5 | BA64: 148.7 | BB64: 149.2 | BC64: 150.9
A65: <OBJ_14> | B65: =INDEX(BAP[#All],MATCH(A65,BAP[[#All],[Code]],0),MATCH(TEXT(Info!$B$4,0),BAP[#Headers],0)) -> Construction de routes | C65: 12 | D65: 100 | E65: 103.2 | F65: 107.9 | G65: 116.7 | H65: 115.3 | I65: 117.8 | J65: 114.4 | K65: 109.1 | L65: 107 | M65: 103.2 | N65: 101.6 | O65: 103.1 | P65: 101.1 | Q65: 101.9 | R65: 105.9 | S65: 106 | T65: 109.6 | U65: 112.8 | V65: 112.2 | W65: 112.3 | X65: 112.4 | Y65: 109.6 | Z65: 115.2 | AA65: 112.3 | AB65: 113.4 | AC65: 117.4 | AD65: 120.9 | AE65: 120.7 | AF65: 122.5 | AG65: 123.3 | AH65: 125.4 | AI65: 122.1 | AJ65: 121.4 | AK65: 121.4 | AL65: 121.5 | AM65: 122.8 | AN65: 125.3 | AO65: 125.6 | AP65: 125.8 | AQ65: 126.2 | AR65: 127.8 | AS65: 128.5 | AT65: 129 | AU65: 129.5 | AV65: 131.3 | AW65: 131.6 | AX65: 134.2 | AY65: 137.4 | AZ65: 144.2 | BA65: 144 | BB65: 143.6 | BC65: 144.9
A66: <OBJ_15> | B66: =INDEX(BAP[#All],MATCH(A66,BAP[[#All],[Code]],0),MATCH(TEXT(Info!$B$4,0),BAP[#Headers],0))&" 3)" -> Construction de passages inférieurs 3) | C66: 12 | D66: … | E66: … | F66: … | G66: … | H66: … | I66: 100 | J66: 95.5 | K66: 93.4 | L66: 90.9 | M66: 86.3 | N66: 83.5 | O66: 85.1 | P66: 87.7 | Q66: 89.4 | R66: 91.3 | S66: 93.3 | T66: 96.1 | U66: 99.4 | V66: 100.1 | W66: 101.7 | X66: 104.7 | Y66: 101.8 | Z66: 103.7 | AA66: 103.8 | AB66: 105.1 | AC66: 108.5 | AD66: 110 | AE66: 109.1 | AF66: 109.5 | AG66: 108.6 | AH66: 109.7 | AI66: 107.3 | AJ66: 107.4 | AK66: 107.3 | AL66: 105.2 | AM66: 105.5 | AN66: 104.6 | AO66: 103.4 | AP66: 105.9 | AQ66: 105.8 | AR66: 107 | AS66: 107.2 | AT66: 108.9 | AU66: 107.5 | AV66: 107.5 | AW66: 108.9 | AX66: 110.4 | AY66: 116.5 | AZ66: 120.5 | BA66: 120.2 | BB66: 118.3 | BC66: 120
A68: <REG_06> | B68: =INDEX(BAP[#All],MATCH(A68,BAP[[#All],[Code]],0),MATCH(TEXT(Info!$B$4,0),BAP[#Headers],0)) -> Suisse orientale
A69: <OBJ_02> | B69: =INDEX(BAP[#All],MATCH(A69,BAP[[#All],[Code]],0),MATCH(TEXT(Info!$B$4,0),BAP[#Headers],0)) -> Construction : total | C69: 100 | D69: 100 | E69: 100.3 | F69: 103.7 | G69: 104.9 | H69: 107.1 | I69: 109 | J69: 108.9 | K69: 108.3 | L69: 107.6 | M69: 106.4 | N69: 107.7 | O69: 107.7 | P69: 109.1 | Q69: 109.5 | R69: 111.3 | S69: 111.8 | T69: 114.2 | U69: 116.7 | V69: 119.3 | W69: 122.3 | X69: 124.7 | Y69: 122.4 | Z69: 122.9 | AA69: 121.5 | AB69: 122.7 | AC69: 125.3 | AD69: 126.9 | AE69: 125 | AF69: 124.9 | AG69: 125.1 | AH69: 126.4 | AI69: 125.7 | AJ69: 125.5 | AK69: 123.9 | AL69: 124.4 | AM69: 123.8 | AN69: 123.2 | AO69: 123.8 | AP69: 122.5 | AQ69: 124.7 | AR69: 125.1 | AS69: 125.1 | AT69: 126.1 | AU69: 126.6 | AV69: 126.6 | AW69: 127.9 | AX69: 130.7 | AY69: 138.3 | AZ69: 143.1 | BA69: 144.1 | BB69: 145.3 | BC69: 146.7
A70: <OBJ_03> | B70: =INDEX(BAP[#All],MATCH(A70,BAP[[#All],[Code]],0),MATCH(TEXT(Info!$B$4,0),BAP[#Headers],0)) -> Bâtiment | C70: 76 | D70: 100 | E70: 100.2 | F70: 102.9 | G70: 104.4 | H70: 105 | I70: 107.9 | J70: 108.2 | K70: 107.9 | L70: 106.8 | M70: 105.5 | N70: 106.8 | O70: 106.4 | P70: 108.2 | Q70: 108.8 | R70: 110.2 | S70: 110.8 | T70: 112.9 | U70: 115.3 | V70: 117 | W70: 120.3 | X70: 122.4 | Y70: 120.8 | Z70: 121.4 | AA70: 119.4 | AB70: 121.4 | AC70: 123.2 | AD70: 124.3 | AE70: 122.5 | AF70: 122.3 | AG70: 122.6 | AH70: 124 | AI70: 123.1 | AJ70: 123 | AK70: 121.9 | AL70: 122.5 | AM70: 121.3 | AN70: 119.8 | AO70: 120.2 | AP70: 119.2 | AQ70: 121.7 | AR70: 122 | AS70: 122.3 | AT70: 123.1 | AU70: 124 | AV70: 124.5 | AW70: 126.3 | AX70: 130.1 | AY70: 136 | AZ70: 140.6 | BA70: 141.4 | BB70: 142.8 | BC70: 144.1
A71: <OBJ_04> | B71: =INDEX(BAP[#All],MATCH(A71,BAP[[#All],[Code]],0),MATCH(TEXT(Info!$B$4,0),BAP[#Headers],0)) -> Nouvelle construction | C71: 49 | D71: 100 | E71: 100.2 | F71: 102.6 | G71: 104.3 | H71: 104.8 | I71: 107.9 | J71: 108.3 | K71: 107 | L71: 106.1 | M71: 104.8 | N71: 105.9 | O71: 105.3 | P71: 107.2 | Q71: 107.9 | R71: 109.1 | S71: 109.5 | T71: 112 | U71: 114.4 | V71: 116.2 | W71: 119.7 | X71: 122.1 | Y71: 119.5 | Z71: 120.5 | AA71: 118.1 | AB71: 120.3 | AC71: 122.4 | AD71: 123.3 | AE71: 121.8 | AF71: 121.6 | AG71: 121.9 | AH71: 123.3 | AI71: 122.3 | AJ71: 121.7 | AK71: 120.1 | AL71: 120.8 | AM71: 120.5 | AN71: 119.2 | AO71: 120 | AP71: 119.8 | AQ71: 122.4 | AR71: 122.5 | AS71: 122.6 | AT71: 123.5 | AU71: 124.4 | AV71: 124.9 | AW71: 126.8 | AX71: 131.1 | AY71: 137.6 | AZ71: 141.9 | BA71: 143.3 | BB71: 143.9 | BC71: 145.8
A72: <OBJ_08> | B72: =INDEX(BAP[#All],MATCH(A72,BAP[[#All],[Code]],0),MATCH(TEXT(Info!$B$4,0),BAP[#Headers],0)) -> Construction de bâtiments administratifs | C72: 11 | D72: 100 | E72: 99.5 | F72: 102.5 | G72: 103.1 | H72: 103.7 | I72: 107.6 | J72: 110.1 | K72: 109.1 | L72: 108.2 | M72: 107.5 | N72: 108.5 | O72: 107.8 | P72: 109.5 | Q72: 110.5 | R72: 111.6 | S72: 112.4 | T72: 115.7 | U72: 118.2 | V72: 120.3 | W72: 123.1 | X72: 125.7 | Y72: 124.4 | Z72: 124.7 | AA72: 122.2 | AB72: 125 | AC72: 126.6 | AD72: 129.7 | AE72: 125.6 | AF72: 125.6 | AG72: 127.5 | AH72: 128.4 | AI72: 125.5 | AJ72: 125 | AK72: 122.1 | AL72: 122.6 | AM72: 120.4 | AN72: 120 | AO72: 118.5 | AP72: 116.8 | AQ72: 119.6 | AR72: 119.2 | AS72: 120.2 | AT72: 121.7 | AU72: 121.9 | AV72: 121.8 | AW72: 124.3 | AX72: 127.3 | AY72: 134.7 | AZ72: 140.5 | BA72: 140.5 | BB72: 141.1 | BC72: 142.3
A73: <OBJ_05> | B73: =INDEX(BAP[#All],MATCH(A73,BAP[[#All],[Code]],0),MATCH(TEXT(Info!$B$4,0),BAP[#Headers],0)) -> Construction de bâtiments à plusieurs logements | C73: 38 | D73: 100 | E73: 100.4 | F73: 102.7 | G73: 104.7 | H73: 105.1 | I73: 108 | J73: 107.8 | K73: 106.4 | L73: 105.6 | M73: 104 | N73: 105.2 | O73: 104.6 | P73: 106.5 | Q73: 107.2 | R73: 108.4 | S73: 108.7 | T73: 110.9 | U73: 113.3 | V73: 115 | W73: 118.7 | X73: 121 | Y73: 118.1 | Z73: 119.2 | AA73: 117 | AB73: 119 | AC73: 120.9 | AD73: 121.5 | AE73: 120 | AF73: 119.5 | AG73: 119.9 | AH73: 121.3 | AI73: 120.6 | AJ73: 120.1 | AK73: 118.7 | AL73: 119.5 | AM73: 119.6 | AN73: 118.1 | AO73: 119.4 | AP73: 119.1 | AQ73: 121.4 | AR73: 121.6 | AS73: 121.6 | AT73: 122.3 | AU73: 123.5 | AV73: 123.8 | AW73: 125.4 | AX73: 129.4 | AY73: 135.8 | AZ73: 140.3 | BA73: 142 | BB73: 142.8 | BC73: 144.8
A74: <OBJ_06> | B74: =INDEX(BAP[#All],MATCH(A74,BAP[[#All],[Code]],0),MATCH(TEXT(Info!$B$4,0),BAP[#Headers],0))&" 1)" -> Construction de bâtiments à plusieurs logements en bois 1) | C74: … | D74: … | E74: … | F74: … | G74: … | H74: … | I74: … | J74: … | K74: … | L74: … | M74: 100 | N74: 101.5 | O74: 100.9 | P74: 102.3 | Q74: 102.1 | R74: 102.9 | S74: 104.1 | T74: 105.7 | U74: 108.5 | V74: 109.2 | W74: 113.3 | X74: 115.1 | Y74: 113.3 | Z74: 113.7 | AA74: 111.6 | AB74: 114 | AC74: 116.4 | AD74: 116.9 | AE74: 115.5 | AF74: 115.2 | AG74: 115.7 | AH74: 116.3 | AI74: 115.6 | AJ74: 114.9 | AK74: 114.3 | AL74: 115.5 | AM74: 115 | AN74: 114.1 | AO74: 114.6 | AP74: 114.8 | AQ74: 117.8 | AR74: 118.7 | AS74: 118.5 | AT74: 119.4 | AU74: 120.1 | AV74: 121.3 | AW74: 124.8 | AX74: 130.7 | AY74: 136.2 | AZ74: 139.8 | BA74: 141.3 | BB74: 140.6 | BC74: 143
A75: <OBJ_11> | B75: =INDEX(BAP[#All],MATCH(A75,BAP[[#All],[Code]],0),MATCH(TEXT(Info!$B$4,0),BAP[#Headers],0)) -> Rénovation de bâtiments à plusieurs logements | C75: 27 | D75: 100 | E75: 100.2 | F75: 103.6 | G75: 104.5 | H75: 105.5 | I75: 107.9 | J75: 108 | K75: 109.5 | L75: 108.1 | M75: 106.7 | N75: 108.4 | O75: 108.5 | P75: 110.1 | Q75: 110.4 | R75: 112.3 | S75: 113 | T75: 114.6 | U75: 116.8 | V75: 118.5 | W75: 121.5 | X75: 123.2 | Y75: 123.2 | Z75: 123 | AA75: 121.8 | AB75: 123.3 | AC75: 124.9 | AD75: 126 | AE75: 124.1 | AF75: 123.8 | AG75: 123.5 | AH75: 124.8 | AI75: 124.5 | AJ75: 124.9 | AK75: 123.8 | AL75: 124.1 | AM75: 122.8 | AN75: 121 | AO75: 122.8 | AP75: 122 | AQ75: 125.3 | AR75: 125.7 | AS75: 125.9 | AT75: 127.1 | AU75: 128.4 | AV75: 128.9 | AW75: 130.3 | AX75: 134.3 | AY75: 139.5 | AZ75: 144.8 | BA75: 145.2 | BB75: 147.5 | BC75: 147.9
A76: <OBJ_13> | B76: =INDEX(BAP[#All],MATCH(A76,BAP[[#All],[Code]],0),MATCH(TEXT(Info!$B$4,0),BAP[#Headers],0))&" 2)" -> Génie civil 2) | C76: 24 | D76: 100 | E76: 100.6 | F76: 105.9 | G76: 106.5 | H76: 113.7 | I76: 112.5 | J76: 111.2 | K76: 109.5 | L76: 110.1 | M76: 109.4 | N76: 110.5 | O76: 111.6 | P76: 111.9 | Q76: 111.7 | R76: 114.8 | S76: 115 | T76: 118.5 | U76: 121.3 | V76: 126.5 | W76: 128.4 | X76: 131.9 | Y76: 127.3 | Z76: 127.8 | AA76: 128.2 | AB76: 126.8 | AC76: 133.2 | AD76: 136.3 | AE76: 134.2 | AF76: 134.5 | AG76: 134.1 | AH76: 135.3 | AI76: 135.2 | AJ76: 134.4 | AK76: 131 | AL76: 130.7 | AM76: 132.7 | AN76: 136.5 | AO76: 138 | AP76: 135 | AQ76: 135.8 | AR76: 137 | AS76: 135.7 | AT76: 137.3 | AU76: 136.1 | AV76: 133.9 | AW76: 133.7 | AX76: 133.3 | AY76: 146.4 | AZ76: 151.9 | BA76: 153.4 | BB76: 154.1 | BC76: 156
A77: <OBJ_14> | B77: =INDEX(BAP[#All],MATCH(A77,BAP[[#All],[Code]],0),MATCH(TEXT(Info!$B$4,0),BAP[#Headers],0)) -> Construction de routes | C77: 12 | D77: 100 | E77: 100.6 | F77: 105.9 | G77: 106.5 | H77: 113.7 | I77: 112.5 | J77: 110.1 | K77: 107.3 | L77: 108.5 | M77: 107.3 | N77: 108.5 | O77: 107.9 | P77: 106.5 | Q77: 108.6 | R77: 111.6 | S77: 112.7 | T77: 115 | U77: 119.1 | V77: 123.3 | W77: 124.9 | X77: 127.9 | Y77: 124.9 | Z77: 126.1 | AA77: 125.3 | AB77: 122.9 | AC77: 129.2 | AD77: 132.3 | AE77: 130.2 | AF77: 130.4 | AG77: 130.2 | AH77: 131.3 | AI77: 131.6 | AJ77: 130.7 | AK77: 127.2 | AL77: 126.7 | AM77: 129 | AN77: 131.8 | AO77: 133.5 | AP77: 130.6 | AQ77: 132.2 | AR77: 133 | AS77: 132 | AT77: 133.6 | AU77: 132.6 | AV77: 131 | AW77: 131.6 | AX77: 131.5 | AY77: 141.3 | AZ77: 146.6 | BA77: 148.4 | BB77: 149.5 | BC77: 151.5
A78: <OBJ_15> | B78: =INDEX(BAP[#All],MATCH(A78,BAP[[#All],[Code]],0),MATCH(TEXT(Info!$B$4,0),BAP[#Headers],0))&" 3)" -> Construction de passages inférieurs 3) | C78: 12 | D78: … | E78: … | F78: … | G78: … | H78: … | I78: 100 | J78: 99.8 | K78: 99.3 | L78: 99.4 | M78: 99.2 | N78: 100 | O78: 102.5 | P78: 104.2 | Q78: 102 | R78: 104.9 | S78: 104.2 | T78: 108.4 | U78: 109.8 | V78: 115.3 | W78: 117.2 | X78: 120.9 | Y78: 115.2 | Z78: 115.2 | AA78: 116.5 | AB78: 116.2 | AC78: 122.8 | AD78: 125.1 | AE78: 123.8 | AF78: 123.5 | AG78: 122.6 | AH78: 123.8 | AI78: 121.9 | AJ78: 121.2 | AK78: 119.4 | AL78: 118.9 | AM78: 119.8 | AN78: 127 | AO78: 127.1 | AP78: 123.9 | AQ78: 121.5 | AR78: 124.4 | AS78: 121.9 | AT78: 123.2 | AU78: 121.3 | AV78: 116.9 | AW78: 119.9 | AX78: 120.8 | AY78: 133.3 | AZ78: 137.9 | BA78: 136.8 | BB78: 134.6 | BC78: 135.4
A80: <REG_07> | B80: =INDEX(BAP[#All],MATCH(A80,BAP[[#All],[Code]],0),MATCH(TEXT(Info!$B$4,0),BAP[#Headers],0)) -> Suisse centrale
A81: <OBJ_02> | B81: =INDEX(BAP[#All],MATCH(A81,BAP[[#All],[Code]],0),MATCH(TEXT(Info!$B$4,0),BAP[#Headers],0)) -> Construction : total | C81: 100 | D81: 100 | E81: 101 | F81: 103.3 | G81: 105.4 | H81: 108 | I81: 109.7 | J81: 108.8 | K81: 108.5 | L81: 108.4 | M81: 106.9 | N81: 106.1 | O81: 106.2 | P81: 107.8 | Q81: 106.8 | R81: 109 | S81: 110.3 | T81: 112.6 | U81: 114.9 | V81: 117.3 | W81: 120.3 | X81: 121.9 | Y81: 120.5 | Z81: 120.6 | AA81: 121.5 | AB81: 122.3 | AC81: 124.1 | AD81: 124.4 | AE81: 124.8 | AF81: 125.4 | AG81: 125 | AH81: 125.4 | AI81: 124.7 | AJ81: 124.7 | AK81: 124.8 | AL81: 124.7 | AM81: 123.9 | AN81: 123.6 | AO81: 122.3 | AP81: 122.4 | AQ81: 122.3 | AR81: 122.9 | AS81: 123.7 | AT81: 121.5 | AU81: 121.7 | AV81: 121.8 | AW81: 123.2 | AX81: 127.2 | AY81: 133.8 | AZ81: 137.8 | BA81: 139.4 | BB81: 140.4 | BC81: 139.5
A82: <OBJ_03> | B82: =INDEX(BAP[#All],MATCH(A82,BAP[[#All],[Code]],0),MATCH(TEXT(Info!$B$4,0),BAP[#Headers],0)) -> Bâtiment | C82: 76 | D82: 100 | E82: 100.4 | F82: 102.7 | G82: 103.9 | H82: 107.1 | I82: 108.6 | J82: 108.1 | K82: 107.4 | L82: 107.8 | M82: 105.5 | N82: 105.1 | O82: 104.7 | P82: 106.9 | Q82: 106.2 | R82: 108.1 | S82: 109.5 | T82: 112.3 | U82: 114.9 | V82: 117.2 | W82: 120.4 | X82: 122.1 | Y82: 120.6 | Z82: 120.7 | AA82: 120.7 | AB82: 121.8 | AC82: 123.5 | AD82: 123.4 | AE82: 123.9 | AF82: 124.1 | AG82: 123.3 | AH82: 123.6 | AI82: 122.7 | AJ82: 122.4 | AK82: 122.3 | AL82: 122.3 | AM82: 121.6 | AN82: 121.5 | AO82: 119.6 | AP82: 120 | AQ82: 120 | AR82: 120.5 | AS82: 121.2 | AT82: 118.9 | AU82: 118.7 | AV82: 119.2 | AW82: 120.9 | AX82: 124.8 | AY82: 131.7 | AZ82: 135.8 | BA82: 137 | BB82: 137.8 | BC82: 137
A83: <OBJ_04> | B83: =INDEX(BAP[#All],MATCH(A83,BAP[[#All],[Code]],0),MATCH(TEXT(Info!$B$4,0),BAP[#Headers],0)) -> Nouvelle construction | C83: 49 | D83: 100 | E83: 100.7 | F83: 102.9 | G83: 104.8 | H83: 108.2 | I83: 109.9 | J83: 108.9 | K83: 107.7 | L83: 107.8 | M83: 105.3 | N83: 104.8 | O83: 104.2 | P83: 106.8 | Q83: 106 | R83: 107.7 | S83: 109.2 | T83: 111.9 | U83: 114.1 | V83: 116.4 | W83: 119.3 | X83: 121.2 | Y83: 118.8 | Z83: 118.7 | AA83: 119.1 | AB83: 120.6 | AC83: 122.5 | AD83: 122.1 | AE83: 122.5 | AF83: 122.7 | AG83: 122 | AH83: 122.5 | AI83: 121.9 | AJ83: 121.8 | AK83: 121.6 | AL83: 121.6 | AM83: 121 | AN83: 120.8 | AO83: 119.6 | AP83: 120.7 | AQ83: 120.6 | AR83: 121.1 | AS83: 121.4 | AT83: 119.4 | AU83: 119.3 | AV83: 119.8 | AW83: 121.5 | AX83: 125.9 | AY83: 133.3 | AZ83: 137.2 | BA83: 138.6 | BB83: 139.5 | BC83: 138.6
A84: <OBJ_08> | B84: =INDEX(BAP[#All],MATCH(A84,BAP[[#All],[Code]],0),MATCH(TEXT(Info!$B$4,0),BAP[#Headers],0)) -> Construction de bâtiments administratifs | C84: 11 | D84: 100 | E84: 100.3 | F84: 104.1 | G84: 105.1 | H84: 108.6 | I84: 110.9 | J84: 111.6 | K84: 110.5 | L84: 111.5 | M84: 109.1 | N84: 108.3 | O84: 107.3 | P84: 109.2 | Q84: 109 | R84: 111.2 | S84: 113.1 | T84: 116 | U84: 119.5 | V84: 122 | W84: 125.4 | X84: 127.9 | Y84: 126.8 | Z84: 126.9 | AA84: 126.6 | AB84: 127.7 | AC84: 132.1 | AD84: 131 | AE84: 131.6 | AF84: 132.7 | AG84: 133.7 | AH84: 135 | AI84: 133 | AJ84: 133 | AK84: 132.6 | AL84: 131.8 | AM84: 130.9 | AN84: 129.2 | AO84: 128.5 | AP84: 128.4 | AQ84: 129.5 | AR84: 129 | AS84: 130 | AT84: 128 | AU84: 128.1 | AV84: 128.1 | AW84: 130.6 | AX84: 134.2 | AY84: 143.3 | AZ84: 148.3 | BA84: 150.5 | BB84: 151.1 | BC84: 149.8
A85: <OBJ_05> | B85: =INDEX(BAP[#All],MATCH(A85,BAP[[#All],[Code]],0),MATCH(TEXT(Info!$B$4,0),BAP[#Headers],0)) -> Construction de bâtiments à plusieurs logements | C85: 38 | D85: 100 | E85: 100.8 | F85: 102.5 | G85: 104.8 | H85: 108.1 | I85: 109.6 | J85: 108.2 | K85: 106.9 | L85: 106.7 | M85: 104.2 | N85: 103.7 | O85: 103.2 | P85: 106.1 | Q85: 105.1 | R85: 106.7 | S85: 108.1 | T85: 110.7 | U85: 112.5 | V85: 114.8 | W85: 117.5 | X85: 119.3 | Y85: 116.5 | Z85: 116.3 | AA85: 117 | AB85: 118.5 | AC85: 119.8 | AD85: 119.4 | AE85: 119.7 | AF85: 119.7 | AG85: 118.8 | AH85: 119.1 | AI85: 118.7 | AJ85: 118.3 | AK85: 118.1 | AL85: 118.3 | AM85: 117.8 | AN85: 117.6 | AO85: 116.4 | AP85: 117.6 | AQ85: 117.3 | AR85: 117.9 | AS85: 118.2 | AT85: 116.2 | AU85: 116.1 | AV85: 116.5 | AW85: 117.6 | AX85: 121.9 | AY85: 129.1 | AZ85: 133.3 | BA85: 134.6 | BB85: 136 | BC85: 134.9
A86: <OBJ_06> | B86: =INDEX(BAP[#All],MATCH(A86,BAP[[#All],[Code]],0),MATCH(TEXT(Info!$B$4,0),BAP[#Headers],0))&" 1)" -> Construction de bâtiments à plusieurs logements en bois 1) | C86: … | D86: … | E86: … | F86: … | G86: … | H86: … | I86: … | J86: … | K86: … | L86: … | M86: 100 | N86: 99.9 | O86: 99 | P86: 101.1 | Q86: 100.6 | R86: 101.6 | S86: 103.7 | T86: 106.3 | U86: 108.1 | V86: 110 | W86: 112.3 | X86: 113.8 | Y86: 111.2 | Z86: 111.2 | AA86: 111.6 | AB86: 113.2 | AC86: 115.1 | AD86: 115.2 | AE86: 114.8 | AF86: 115 | AG86: 114.2 | AH86: 114.4 | AI86: 114.1 | AJ86: 114.7 | AK86: 114.7 | AL86: 114.9 | AM86: 114.8 | AN86: 114.9 | AO86: 113.2 | AP86: 113.1 | AQ86: 113.8 | AR86: 114.2 | AS86: 114 | AT86: 112.4 | AU86: 112.8 | AV86: 113.3 | AW86: 116.5 | AX86: 121.3 | AY86: 128.2 | AZ86: 130.6 | BA86: 131.7 | BB86: 131.4 | BC86: 130.8
A87: <OBJ_11> | B87: =INDEX(BAP[#All],MATCH(A87,BAP[[#All],[Code]],0),MATCH(TEXT(Info!$B$4,0),BAP[#Headers],0)) -> Rénovation de bâtiments à plusieurs logements | C87: 27 | D87: 100 | E87: 99.9 | F87: 102.6 | G87: 102.2 | H87: 105.1 | I87: 106.3 | J87: 106.7 | K87: 106.9 | L87: 107.8 | M87: 105.9 | N87: 105.7 | O87: 105.7 | P87: 107.1 | Q87: 106.7 | R87: 108.9 | S87: 109.9 | T87: 113 | U87: 116.3 | V87: 118.6 | W87: 122.6 | X87: 123.7 | Y87: 123.7 | Z87: 124.3 | AA87: 123.6 | AB87: 124 | AC87: 125.1 | AD87: 125.4 | AE87: 125.7 | AF87: 125.7 | AG87: 124.8 | AH87: 124.9 | AI87: 123.8 | AJ87: 123 | AK87: 123.5 | AL87: 123.2 | AM87: 121.7 | AN87: 122.2 | AO87: 119.6 | AP87: 120.8 | AQ87: 120.9 | AR87: 121.6 | AS87: 121.9 | AT87: 120.2 | AU87: 120.3 | AV87: 120.9 | AW87: 122.4 | AX87: 125.8 | AY87: 132.3 | AZ87: 136.2 | BA87: 136.6 | BB87: 138 | BC87: 136.9
A88: <OBJ_13> | B88: =INDEX(BAP[#All],MATCH(A88,BAP[[#All],[Code]],0),MATCH(TEXT(Info!$B$4,0),BAP[#Headers],0))&" 2)" -> Génie civil 2) | C88: 24 | D88: 100 | E88: 102.7 | F88: 105.3 | G88: 110 | H88: 110.6 | I88: 113 | J88: 110.9 | K88: 111.7 | L88: 110.2 | M88: 111.2 | N88: 109.1 | O88: 110.8 | P88: 110.7 | Q88: 108.6 | R88: 111.8 | S88: 112.9 | T88: 113.4 | U88: 114.8 | V88: 117.7 | W88: 119.7 | X88: 121.4 | Y88: 120.3 | Z88: 120.4 | AA88: 123.8 | AB88: 124 | AC88: 126.4 | AD88: 127.6 | AE88: 127.5 | AF88: 129.4 | AG88: 130.2 | AH88: 130.9 | AI88: 130.8 | AJ88: 131.9 | AK88: 132.6 | AL88: 132 | AM88: 131 | AN88: 129.8 | AO88: 131.9 | AP88: 130.3 | AQ88: 129.6 | AR88: 130.7 | AS88: 131.5 | AT88: 130.6 | AU88: 133 | AV88: 131 | AW88: 130.2 | AX88: 134.7 | AY88: 139.2 | AZ88: 142.4 | BA88: 145.9 | BB88: 148.3 | BC88: 146.9
A89: <OBJ_14> | B89: =INDEX(BAP[#All],MATCH(A89,BAP[[#All],[Code]],0),MATCH(TEXT(Info!$B$4,0),BAP[#Headers],0)) -> Construction de routes | C89: 12 | D89: 100 | E89: 102.7 | F89: 105.3 | G89: 110 | H89: 110.6 | I89: 113 | J89: 109.5 | K89: 111.2 | L89: 110.4 | M89: 111.9 | N89: 109.5 | O89: 111.3 | P89: 109.8 | Q89: 108.8 | R89: 111.1 | S89: 112.1 | T89: 111.7 | U89: 112.8 | V89: 116.9 | W89: 119.2 | X89: 120.1 | Y89: 119.4 | Z89: 120.2 | AA89: 124.6 | AB89: 124.5 | AC89: 126.8 | AD89: 128.2 | AE89: 128.1 | AF89: 130 | AG89: 131.1 | AH89: 131.6 | AI89: 131.8 | AJ89: 133 | AK89: 134.1 | AL89: 133.5 | AM89: 132.4 | AN89: 131.2 | AO89: 133 | AP89: 131.5 | AQ89: 131 | AR89: 132.2 | AS89: 133.2 | AT89: 132 | AU89: 134.6 | AV89: 132.3 | AW89: 134 | AX89: 137.5 | AY89: 142.1 | AZ89: 145.7 | BA89: 148 | BB89: 149.5 | BC89: 147.2
A90: <OBJ_15> | B90: =INDEX(BAP[#All],MATCH(A90,BAP[[#All],[Code]],0),MATCH(TEXT(Info!$B$4,0),BAP[#Headers],0))&" 3)" -> Construction de passages inférieurs 3) | C90: 12 | D90: … | E90: … | F90: … | G90: … | H90: … | I90: 100 | J90: 99.4 | K90: 99.3 | L90: 97.3 | M90: 97.8 | N90: 96.2 | O90: 97.7 | P90: 98.8 | Q90: 96 | R90: 99.6 | S90: 100.5 | T90: 101.9 | U90: 103.4 | V90: 104.9 | W90: 106.3 | X90: 108.7 | Y90: 107.2 | Z90: 106.6 | AA90: 108.8 | AB90: 109.2 | AC90: 112.2 | AD90: 112.9 | AE90: 112.6 | AF90: 114.1 | AG90: 114.1 | AH90: 115.4 | AI90: 113.5 | AJ90: 114.6 | AK90: 114 | AL90: 112.9 | AM90: 112.7 | AN90: 111.3 | AO90: 113.9 | AP90: 112.2 | AQ90: 110.9 | AR90: 111.3 | AS90: 111.6 | AT90: 111.7 | AU90: 113.3 | AV90: 112.1 | AW90: 113.5 | AX90: 116.1 | AY90: 125 | AZ90: 128.4 | BA90: 128.8 | BB90: 128.3 | BC90: 127.1
A92: <REG_08> | B92: =INDEX(BAP[#All],MATCH(A92,BAP[[#All],[Code]],0),MATCH(TEXT(Info!$B$4,0),BAP[#Headers],0)) -> Tessin
A93: <OBJ_02> | B93: =INDEX(BAP[#All],MATCH(A93,BAP[[#All],[Code]],0),MATCH(TEXT(Info!$B$4,0),BAP[#Headers],0)) -> Construction : total | C93: 100 | D93: 100 | E93: 101.8 | F93: 103.6 | G93: 106.7 | H93: 108.1 | I93: 112.8 | J93: 112.5 | K93: 112.6 | L93: 113.7 | M93: 113.1 | N93: 114.6 | O93: 116.4 | P93: 119.8 | Q93: 121.7 | R93: 121.9 | S93: 121.7 | T93: 124.3 | U93: 127.4 | V93: 128.7 | W93: 130.9 | X93: 132.5 | Y93: 132.2 | Z93: 132.8 | AA93: 134.7 | AB93: 135.7 | AC93: 137.2 | AD93: 137 | AE93: 137.9 | AF93: 138.5 | AG93: 138.3 | AH93: 137.2 | AI93: 137.2 | AJ93: 136.1 | AK93: 135.6 | AL93: 136.1 | AM93: 135.8 | AN93: 134.6 | AO93: 133.5 | AP93: 134.4 | AQ93: 134.5 | AR93: 134.6 | AS93: 134.9 | AT93: 136 | AU93: 136.6 | AV93: 136.8 | AW93: 139.9 | AX93: 142.3 | AY93: 146.3 | AZ93: 150.2 | BA93: 152.6 | BB93: 154.1 | BC93: 154.3
A94: <OBJ_03> | B94: =INDEX(BAP[#All],MATCH(A94,BAP[[#All],[Code]],0),MATCH(TEXT(Info!$B$4,0),BAP[#Headers],0)) -> Bâtiment | C94: 76 | D94: 100 | E94: 100.8 | F94: 102 | G94: 104.7 | H94: 106.1 | I94: 110 | J94: 110.3 | K94: 110 | L94: 109.7 | M94: 108.9 | N94: 110 | O94: 110.9 | P94: 113.8 | Q94: 116.7 | R94: 116.8 | S94: 117.1 | T94: 120 | U94: 123.2 | V94: 124.2 | W94: 126.8 | X94: 128 | Y94: 128.6 | Z94: 128.3 | AA94: 130.4 | AB94: 131.4 | AC94: 132.4 | AD94: 131.9 | AE94: 131.4 | AF94: 131.7 | AG94: 131.8 | AH94: 130.9 | AI94: 131.4 | AJ94: 129.9 | AK94: 129.1 | AL94: 129.9 | AM94: 129.4 | AN94: 128.6 | AO94: 127 | AP94: 128.5 | AQ94: 128.1 | AR94: 128.4 | AS94: 128.7 | AT94: 129.1 | AU94: 129.8 | AV94: 129 | AW94: 131.6 | AX94: 135.2 | AY94: 140.2 | AZ94: 144.5 | BA94: 145 | BB94: 146.2 | BC94: 146.7
A95: <OBJ_04> | B95: =INDEX(BAP[#All],MATCH(A95,BAP[[#All],[Code]],0),MATCH(TEXT(Info!$B$4,0),BAP[#Headers],0)) -> Nouvelle construction | C95: 49 | D95: 100 | E95: 100.7 | F95: 101.7 | G95: 105.2 | H95: 106.8 | I95: 111.4 | J95: 111.5 | K95: 110.7 | L95: 110.2 | M95: 109.4 | N95: 110.7 | O95: 112.1 | P95: 115.2 | Q95: 118.5 | R95: 118.2 | S95: 118.8 | T95: 121.6 | U95: 125 | V95: 126.1 | W95: 128.2 | X95: 129.7 | Y95: 129.7 | Z95: 129.4 | AA95: 132 | AB95: 133 | AC95: 134.2 | AD95: 133.2 | AE95: 132.8 | AF95: 133.2 | AG95: 133.5 | AH95: 132.4 | AI95: 133.2 | AJ95: 131.4 | AK95: 130.2 | AL95: 130.9 | AM95: 130.9 | AN95: 130 | AO95: 129.6 | AP95: 130.5 | AQ95: 130.4 | AR95: 130.7 | AS95: 131.1 | AT95: 131.8 | AU95: 132.5 | AV95: 132.1 | AW95: 134.8 | AX95: 139.3 | AY95: 144.7 | AZ95: 149.3 | BA95: 150.4 | BB95: 151.3 | BC95: 152
A96: <OBJ_08> | B96: =INDEX(BAP[#All],MATCH(A96,BAP[[#All],[Code]],0),MATCH(TEXT(Info!$B$4,0),BAP[#Headers],0)) -> Construction de bâtiments administratifs | C96: 11 | D96: 100 | E96: 100.6 | F96: 102.9 | G96: 106.1 | H96: 106.9 | I96: 112.1 | J96: 112.6 | K96: 111.6 | L96: 111.4 | M96: 111.1 | N96: 112.5 | O96: 113.8 | P96: 117.3 | Q96: 120.8 | R96: 120.9 | S96: 122.1 | T96: 125.7 | U96: 130.5 | V96: 131.5 | W96: 134.3 | X96: 135.4 | Y96: 137.4 | Z96: 137.2 | AA96: 139.9 | AB96: 140.9 | AC96: 143.3 | AD96: 142.5 | AE96: 140.8 | AF96: 141 | AG96: 141 | AH96: 140.8 | AI96: 139.7 | AJ96: 138.4 | AK96: 136.4 | AL96: 137.2 | AM96: 136.4 | AN96: 136 | AO96: 135 | AP96: 135.8 | AQ96: 135.3 | AR96: 135.5 | AS96: 136 | AT96: 136.8 | AU96: 137.2 | AV96: 136.9 | AW96: 139.5 | AX96: 144.9 | AY96: 151 | AZ96: 156.7 | BA96: 157.5 | BB96: 159.9 | BC96: 161.1
A97: <OBJ_05> | B97: =INDEX(BAP[#All],MATCH(A97,BAP[[#All],[Code]],0),MATCH(TEXT(Info!$B$4,0),BAP[#Headers],0)) -> Construction de bâtiments à plusieurs logements | C97: 38 | D97: 100 | E97: 100.7 | F97: 101.3 | G97: 104.9 | H97: 106.7 | I97: 111.3 | J97: 111.2 | K97: 110.4 | L97: 109.9 | M97: 108.9 | N97: 110.1 | O97: 111.7 | P97: 114.6 | Q97: 117.8 | R97: 117.5 | S97: 117.8 | T97: 120.4 | U97: 123.4 | V97: 124.6 | W97: 126.4 | X97: 128 | Y97: 127.5 | Z97: 127.2 | AA97: 129.7 | AB97: 130.7 | AC97: 131.6 | AD97: 130.8 | AE97: 130.8 | AF97: 131.1 | AG97: 131.4 | AH97: 130.3 | AI97: 131.3 | AJ97: 129.6 | AK97: 128.6 | AL97: 129.2 | AM97: 129.3 | AN97: 128.3 | AO97: 128 | AP97: 128.9 | AQ97: 128.5 | AR97: 129.1 | AS97: 129.4 | AT97: 130.2 | AU97: 131 | AV97: 130.7 | AW97: 133 | AX97: 136.7 | AY97: 141.4 | AZ97: 146.3 | BA97: 146.2 | BB97: 147.8 | BC97: 147.5
A98: <OBJ_06> | B98: =INDEX(BAP[#All],MATCH(A98,BAP[[#All],[Code]],0),MATCH(TEXT(Info!$B$4,0),BAP[#Headers],0))&" 1)" -> Construction de bâtiments à plusieurs logements en bois 1) | C98: … | D98: … | E98: … | F98: … | G98: … | H98: … | I98: … | J98: … | K98: … | L98: … | M98: 100 | N98: 100.8 | O98: 101.2 | P98: 103.8 | Q98: 106 | R98: 105.5 | S98: 106.4 | T98: 109 | U98: 111.9 | V98: 113.1 | W98: 115.3 | X98: 116.9 | Y98: 115.6 | Z98: 115.4 | AA98: 117 | AB98: 118.2 | AC98: 119.8 | AD98: 118.8 | AE98: 119 | AF98: 118.6 | AG98: 119 | AH98: 118.4 | AI98: 119.5 | AJ98: 118.3 | AK98: 118.4 | AL98: 118.6 | AM98: 118.5 | AN98: 117.4 | AO98: 118.3 | AP98: 119.1 | AQ98: 120.3 | AR98: 120.2 | AS98: 119.6 | AT98: 119.7 | AU98: 121.1 | AV98: 121.3 | AW98: 124.3 | AX98: 129.1 | AY98: 134.9 | AZ98: 138.5 | BA98: 141.5 | BB98: 140.7 | BC98: 142.7
A99: <OBJ_11> | B99: =INDEX(BAP[#All],MATCH(A99,BAP[[#All],[Code]],0),MATCH(TEXT(Info!$B$4,0),BAP[#Headers],0)) -> Rénovation de bâtiments à plusieurs logements | C99: 27 | D99: 100 | E99: 100.9 | F99: 102.5 | G99: 103.8 | H99: 104.8 | I99: 107.4 | J99: 108 | K99: 108.7 | L99: 108.7 | M99: 108 | N99: 108.8 | O99: 108.6 | P99: 111.3 | Q99: 113.4 | R99: 114.2 | S99: 114.1 | T99: 117.2 | U99: 119.8 | V99: 120.7 | W99: 124.3 | X99: 125 | Y99: 126.6 | Z99: 126.1 | AA99: 127.6 | AB99: 128.5 | AC99: 129.2 | AD99: 129.3 | AE99: 128.7 | AF99: 128.7 | AG99: 128.9 | AH99: 127.8 | AI99: 128.7 | AJ99: 127.3 | AK99: 126.9 | AL99: 127.3 | AM99: 126.9 | AN99: 126.1 | AO99: 125.7 | AP99: 127.1 | AQ99: 127.6 | AR99: 127.3 | AS99: 127.7 | AT99: 129.1 | AU99: 130.8 | AV99: 130.4 | AW99: 132.7 | AX99: 135.5 | AY99: 139.6 | AZ99: 143.5 | BA99: 143.4 | BB99: 145.1 | BC99: 144.9
A100: <OBJ_13> | B100: =INDEX(BAP[#All],MATCH(A100,BAP[[#All],[Code]],0),MATCH(TEXT(Info!$B$4,0),BAP[#Headers],0))&" 2)" -> Génie civil 2) | C100: 24 | D100: 100 | E100: 105.1 | F100: 108.9 | G100: 113 | H100: 114.6 | I100: 121.5 | J100: 119.6 | K100: 121 | L100: 126.5 | M100: 126.4 | N100: 129.4 | O100: 134 | P100: 138.7 | Q100: 137.7 | R100: 138.1 | S100: 136.3 | T100: 137.7 | U100: 140.9 | V100: 142.9 | W100: 144 | X100: 146.9 | Y100: 143.6 | Z100: 147.1 | AA100: 148 | AB100: 149.3 | AC100: 152.9 | AD100: 152.7 | AE100: 156.8 | AF100: 158.7 | AG100: 157.6 | AH100: 156 | AI100: 154.7 | AJ100: 154.6 | AK100: 154.8 | AL100: 154.4 | AM100: 154.8 | AN100: 152.6 | AO100: 152.3 | AP100: 151.9 | AQ100: 153.5 | AR100: 153 | AS100: 153.1 | AT100: 155.9 | AU100: 156.5 | AV100: 159.1 | AW100: 163.5 | AX100: 163 | AY100: 165 | AZ100: 168.4 | BA100: 175 | BB100: 177.3 | BC100: 176.8
A101: <OBJ_14> | B101: =INDEX(BAP[#All],MATCH(A101,BAP[[#All],[Code]],0),MATCH(TEXT(Info!$B$4,0),BAP[#Headers],0)) -> Construction de routes | C101: 12 | D101: 100 | E101: 105.1 | F101: 108.9 | G101: 113 | H101: 114.6 | I101: 121.5 | J101: 120 | K101: 120.8 | L101: 126.5 | M101: 126.1 | N101: 130.5 | O101: 133.8 | P101: 137.8 | Q101: 137.3 | R101: 134.7 | S101: 133.4 | T101: 133.9 | U101: 135.1 | V101: 137.5 | W101: 138.2 | X101: 139.1 | Y101: 137.9 | Z101: 141.1 | AA101: 140.6 | AB101: 141.5 | AC101: 144.8 | AD101: 144.7 | AE101: 148.5 | AF101: 151 | AG101: 149.8 | AH101: 148.1 | AI101: 147.3 | AJ101: 146.9 | AK101: 147.6 | AL101: 147.2 | AM101: 147.7 | AN101: 145.5 | AO101: 145.3 | AP101: 144.5 | AQ101: 145.8 | AR101: 145.3 | AS101: 145.5 | AT101: 148 | AU101: 148.3 | AV101: 151.2 | AW101: 156.2 | AX101: 156.9 | AY101: 158.8 | AZ101: 162.3 | BA101: 168.5 | BB101: 171.1 | BC101: 171.2
A102: <OBJ_15> | B102: =INDEX(BAP[#All],MATCH(A102,BAP[[#All],[Code]],0),MATCH(TEXT(Info!$B$4,0),BAP[#Headers],0))&" 3)" -> Construction de passages inférieurs 3) | C102: 12 | D102: … | E102: … | F102: … | G102: … | H102: … | I102: 100 | J102: 98.2 | K102: 99.8 | L102: 104.2 | M102: 104.3 | N102: 105.6 | O102: 110.4 | P102: 115 | Q102: 113.7 | R102: 116.5 | S102: 114.5 | T102: 116.5 | U102: 120.7 | V102: 122 | W102: 123.3 | X102: 127.3 | Y102: 123 | Z102: 126.1 | AA102: 127.9 | AB102: 129.4 | AC102: 133.5 | AD102: 132.8 | AE102: 137.3 | AF102: 135.4 | AG102: 135.3 | AH102: 134.5 | AI102: 130.9 | AJ102: 132.2 | AK102: 130.8 | AL102: 129.5 | AM102: 129.5 | AN102: 128.1 | AO102: 127.2 | AP102: 128.3 | AQ102: 130.7 | AR102: 130.2 | AS102: 129.9 | AT102: 132.9 | AU102: 134.9 | AV102: 135 | AW102: 139.1 | AX102: 143.3 | AY102: 149.3 | AZ102: 152.6 | BA102: 155.3 | BB102: 154.1 | BC102: 152.3
A104: <cc-05.05.01_Pied_Table_1> | B104: =INDEX(BAP[#All],MATCH(A104,BAP[[#All],[Code]],0),MATCH(TEXT(Info!$B$4,0),BAP[#Headers],0)) -> 1) Base avril 2003 = 100. Cet objet n'intervient pas dans le calcul de l'indice agrégé "Bâtiment".
A105: <cc-05.05.01_Pied_Table_2> | B105: =INDEX(BAP[#All],MATCH(A105,BAP[[#All],[Code]],0),MATCH(TEXT(Info!$B$4,0),BAP[#Headers],0)) -> 2) Pour l'agrégation, l'indice "construction de passages inférieurs" a été ramené à la base octobre 1998 = 100.
A106: <cc-05.05.01_Pied_Table_3> | B106: =INDEX(BAP[#All],MATCH(A106,BAP[[#All],[Code]],0),MATCH(TEXT(Info!$B$4,0),BAP[#Headers],0)) -> 3) Base avril 2001 = 100.
A107: <cc-05.05.01_Pied_Table_4> | B107: =INDEX(BAP[#All],MATCH(A107,BAP[[#All],[Code]],0),MATCH(TEXT(Info!$B$4,0),BAP[#Headers],0)) -> italique = nombre révisé
A108: <Pieds_tableau_1> | B108: =INDEX(BAP[#All],MATCH(A108,BAP[[#All],[Code]],0),MATCH(TEXT(Info!$B$4,0),BAP[#Headers],0)) -> Trois points (...) indiquent que cette valeur n'existe pas, n'est pas suffisament représentative ou est soumise à la protection des données.
A109: <Pieds_tableau_2> | B109: =INDEX(BAP[#All],MATCH(A109,BAP[[#All],[Code]],0),MATCH(TEXT(Info!$B$4,0),BAP[#Headers],0)) -> Office fédéral de la statistique, Indice des prix de la construction
...

Sheet 2010
C1: <POND_02> | D1: <Date_Mois_Octobre> | E1: <Date_Mois_Avril>
A2: <cc-05.05.01_Titre> | B2: =INDEX(BAP[#All],MATCH(A2,BAP[[#All],[Code]],0),MATCH(TEXT(Info!$B$4,0),BAP[#Headers],0)) -> Indice suisse des prix de la construction - Evolution des prix de la construction
A3: <cc-05.05.01_Sous-tItre> | B3: =INDEX(BAP[#All],MATCH(A3,BAP[[#All],[Code]],0),MATCH(TEXT(Info!$B$4,0),BAP[#Headers],0)) -> Valeurs de l'Indice par grande région et par type d'objet
A4: <BASE_2010> | B4: =INDEX(BAP[#All],MATCH(A4,BAP[[#All],[Code]],0),MATCH(TEXT(Info!$B$4,0),BAP[#Headers],0)) -> Base octobre 2010 = 100
C5: =INDEX(BAP[#All],MATCH(C1,BAP[[#All],[Code]],0),MATCH(TEXT(Info!$B$4,0),BAP[#Headers],0)) -> Pondération en % | D5: =INDEX(BAP[#All],MATCH(D1,BAP[[#All],[Code]],0),MATCH(TEXT(Info!$B$4,0),BAP[#Headers],0)) -> Octobre | E5: =INDEX(BAP[#All],MATCH(E1,BAP[[#All],[Code]],0),MATCH(TEXT(Info!$B$4,0),BAP[#Headers],0)) -> Avril | F5: =D5 -> Octobre | G5: =E5 -> Avril | H5: =F5 -> Octobre | I5: =G5 -> Avril | J5: =H5 -> Octobre | K5: =I5 -> Avril | L5: =J5 -> Octobre | M5: =K5 -> Avril | ... BB5: =AZ5 -> Octobre | BC5: =+BA5 -> Avril
D6: 1998 | E6: 1999 | F6: 1999 | G6: 2000 | H6: 2000 | I6: 2001 | J6: 2001 | K6: 2002 | L6: 2002 | M6: 2003 | N6: 2003 | O6: 2004 | P6: 2004 | Q6: 2005 | R6: 2005 | S6: 2006 | T6: 2006 | U6: 2007 | V6: 2007 | W6: 2008 | X6: 2008 | Y6: 2009 | Z6: 2009 | AA6: 2010 | AB6: 2010 | AC6: 2011 | AD6: 2011 | AE6: 2012 | AF6: 2012 | AG6: 2013 | AH6: 2013 | AI6: 2014 | AJ6: 2014 | AK6: 2015 | AL6: 2015 | AM6: 2016 | AN6: 2016 | AO6: 2017 | AP6: 2017 | AQ6: 2018 | AR6: 2018 | AS6: 2019 | AT6: 2019 | AU6: 2020 | AV6: 2020 | AW6: 2021 | AX6: 2021 | AY6: 2022 | AZ6: 2022 | BA6: 2023 | BB6: 2023 | BC6: 2024
A8: <REG_01> | B8: =INDEX(BAP[#All],MATCH(A8,BAP[[#All],[Code]],0),MATCH(TEXT(Info!$B$4,0),BAP[#Headers],0)) -> Suisse
A9: <OBJ_02> | B9: =INDEX(BAP[#All],MATCH(A9,BAP[[#All],[Code]],0),MATCH(TEXT(Info!$B$4,0),BAP[#Headers],0)) -> Construction : total | C9: 100 | D9: 80.6 | E9: 81.4 | F9: 83.6 | G9: 85.1 | H9: 87.1 | I9: 89.1 | J9: 89 | K9: 88.4 | L9: 87.6 | M9: 86.6 | N9: 86.9 | O9: 87.3 | P9: 89 | Q9: 89.5 | R9: 90.7 | S9: 91.8 | T9: 94.1 | U9: 95.8 | V9: 97.6 | W9: 99.4 | X9: 101.1 | Y9: 99.1 | Z9: 99.2 | AA9: 99.2 | AB9: 100 | AC9: 101.5 | AD9: 102.1 | AE9: 102.1 | AF9: 102.4 | AG9: 102.6 | AH9: 103.1 | AI9: 103 | AJ9: 102.8 | AK9: 102.2 | AL9: 102.7 | AM9: 102.1 | AN9: 101.7 | AO9: 101.3 | AP9: 101.3 | AQ9: 101.7 | AR9: 102 | AS9: 102.4 | AT9: 102.4 | AU9: 102.7 | AV9: 102.4 | AW9: 103.9 | AX9: 106.6 | AY9: 111.9 | AZ9: 115.5 | BA9: 116.6 | BB9: 117.3 | BC9: 117.8
A10: <OBJ_03> | B10: =INDEX(BAP[#All],MATCH(A10,BAP[[#All],[Code]],0),MATCH(TEXT(Info!$B$4,0),BAP[#Headers],0)) -> Bâtiment | C10: 80.93 | D10: 81.5 | E10: 82.1 | F10: 84 | G10: 85.4 | H10: 87.2 | I10: 88.8 | J10: 89 | K10: 88.8 | L10: 88.1 | M10: 86.9 | N10: 87 | O10: 87 | P10: 88.5 | Q10: 89.3 | R10: 90.2 | S10: 91.3 | T10: 93.5 | U10: 95.2 | V10: 97 | W10: 99 | X10: 100.7 | Y10: 99.3 | Z10: 99.2 | AA10: 98.9 | AB10: 100 | AC10: 101.3 | AD10: 101.8 | AE10: 101.7 | AF10: 101.9 | AG10: 102 | AH10: 102.5 | AI10: 102.5 | AJ10: 102.2 | AK10: 101.6 | AL10: 102.1 | AM10: 101.5 | AN10: 100.9 | AO10: 100.4 | AP10: 100.5 | AQ10: 101 | AR10: 101.1 | AS10: 101.7 | AT10: 101.5 | AU10: 101.7 | AV10: 101.4 | AW10: 103 | AX10: 106.1 | AY10: 111.3 | AZ10: 114.8 | BA10: 116 | BB10: 116.5 | BC10: 116.8
A11: <OBJ_04> | B11: =INDEX(BAP[#All],MATCH(A11,BAP[[#All],[Code]],0),MATCH(TEXT(Info!$B$4,0),BAP[#Headers],0)) -> Nouvelle construction | C11: 43.37 | D11: … | E11: … | F11: … | G11: … | H11: … | I11: … | J11: … | K11: … | L11: … | M11: … | N11: … | O11: … | P11: … | Q11: … | R11: … | S11: … | T11: … | U11: … | V11: … | W11: … | X11: … | Y11: … | Z11: … | AA11: … | AB11: 100 | AC11: 101.5 | AD11: 101.7 | AE11: 101.5 | AF11: 101.6 | AG11: 101.8 | AH11: 102.3 | AI11: 102.2 | AJ11: 101.8 | AK11: 101.1 | AL11: 101.6 | AM11: 101.2 | AN11: 100.6 | AO11: 100.4 | AP11: 100.8 | AQ11: 101.3 | AR11: 101.5 | AS11: 101.9 | AT11: 101.9 | AU11: 102.1 | AV11: 101.9 | AW11: 103.5 | AX11: 106.9 | AY11: 112.3 | AZ11: 116 | BA11: 117.3 | BB11: 117.7 | BC11: 118.1
A12: <OBJ_05> | B12: =INDEX(BAP[#All],MATCH(A12,BAP[[#All],[Code]],0),MATCH(TEXT(Info!$B$4,0),BAP[#Headers],0)) -> Construction de bâtiments à plusieurs logements | C12: 22.05 | D12: 82.8 | E12: 83.6 | F12: 85.4 | G12: 87.3 | H12: 89.2 | I12: 90.9 | J12: 90.7 | K12: 90 | L12: 89 | M12: 87.6 | N12: 87.7 | O12: 87.6 | P12: 89.6 | Q12: 90.2 | R12: 91.1 | S12: 92.1 | T12: 94.5 | U12: 95.8 | V12: 97.6 | W12: 99.6 | X12: 101.5 | Y12: 99.1 | Z12: 98.9 | AA12: 98.7 | AB12: 100 | AC12: 101.3 | AD12: 101.4 | AE12: 101.3 | AF12: 101.3 | AG12: 101.4 | AH12: 101.8 | AI12: 102 | AJ12: 101.5 | AK12: 100.9 | AL12: 101.4 | AM12: 101.1 | AN12: 100.6 | AO12: 100.4 | AP12: 101 | AQ12: 101.4 | AR12: 101.6 | AS12: 102 | AT12: 101.9 | AU12: 102.1 | AV12: 101.9 | AW12: 103.3 | AX12: 106.5 | AY12: 111.8 | AZ12: 115.7 | BA12: 117.1 | BB12: 117.7 | BC12: 117.9
A13: <OBJ_06> | B13: =INDEX(BAP[#All],MATCH(A13,BAP[[#All],[Code]],0),MATCH(TEXT(Info!$B$4,0),BAP[#Headers],0)) -> Construction de bâtiments à plusieurs logements en bois | C13: 3.19 | D13: … | E13: … | F13: … | G13: … | H13: … | I13: … | J13: … | K13: … | L13: … | M13: 88 | N13: 88 | O13: 87.9 | P13: 89.3 | Q13: 89.9 | R13: 90.7 | S13: 91.8 | T13: 94 | U13: 95.8 | V13: 97.2 | W13: 99.4 | X13: 101 | Y13: 98.9 | Z13: 98.9 | AA13: 98.5 | AB13: 100 | AC13: 101.6 | AD13: 102.4 | AE13: 101.7 | AF13: 101.7 | AG13: 101.6 | AH13: 102 | AI13: 102 | AJ13: 101.7 | AK13: 101.3 | AL13: 101.9 | AM13: 101.7 | AN13: 101.1 | AO13: 101.1 | AP13: 101.1 | AQ13: 102 | AR13: 102.3 | AS13: 102.5 | AT13: 101.9 | AU13: 102.2 | AV13: 102.7 | AW13: 105.4 | AX13: 109.6 | AY13: 115.1 | AZ13: 118.1 | BA13: 119.6 | BB13: 119 | BC13: 119.7
A14: <OBJ_07> | B14: =INDEX(BAP[#All],MATCH(A14,BAP[[#All],[Code]],0),MATCH(TEXT(Info!$B$4,0),BAP[#Headers],0)) -> Construction de maisons individuelles | C14: 8.28 | D14: … | E14: … | F14: … | G14: … | H14: … | I14: … | J14: … | K14: … | L14: … | M14: … | N14: … | O14: … | P14: … | Q14: … | R14: … | S14: … | T14: … | U14: … | V14: … | W14: … | X14: … | Y14: … | Z14: … | AA14: … | AB14: 100 | AC14: 101.4 | AD14: 101.7 | AE14: 101.5 | AF14: 101.7 | AG14: 101.5 | AH14: 102.2 | AI14: 102.8 | AJ14: 102.4 | AK14: 101.5 | AL14: 102 | AM14: 101.7 | AN14: 101 | AO14: 100.5 | AP14: 100.9 | AQ14: 102.1 | AR14: 101.9 | AS14: 102.5 | AT14: 102.4 | AU14: 102.7 | AV14: 102.6 | AW14: 103.5 | AX14: 106.5 | AY14: 111.8 | AZ14: 114.9 | BA14: 116.6 | BB14: 117.1 | BC14: 117.6
A15: <OBJ_08> | B15: =INDEX(BAP[#All],MATCH(A15,BAP[[#All],[Code]],0),MATCH(TEXT(Info!$B$4,0),BAP[#Headers],0)) -> Construction de bâtiments administratifs | C15: 5.65 | D15: 79 | E15: 79.6 | F15: 82.1 | G15: 83.1 | H15: 84.8 | I15: 86.9 | J15: 87.9 | K15: 87.9 | L15: 87.1 | M15: 86.2 | N15: 86.1 | O15: 86 | P15: 87.3 | Q15: 88.3 | R15: 88.9 | S15: 90.3 | T15: 92.8 | U15: 94.7 | V15: 96.9 | W15: 98.9 | X15: 100.6 | Y15: 99.5 | Z15: 99.2 | AA15: 98.9 | AB15: 100 | AC15: 102 | AD15: 102.4 | AE15: 101.7 | AF15: 102.2 | AG15: 103.1 | AH15: 103.4 | AI15: 102.3 | AJ15: 102.3 | AK15: 101.1 | AL15: 101.7 | AM15: 100.6 | AN15: 100 | AO15: 99.3 | AP15: 98.8 | AQ15: 99.1 | AR15: 99.1 | AS15: 99.4 | AT15: 100.1 | AU15: 100.1 | AV15: 99.7 | AW15: 101.6 | AX15: 104.5 | AY15: 110.4 | AZ15: 114.5 | BA15: 115.8 | BB15: 116.2 | BC15: 117.3
A16: <OBJ_09> | B16: =INDEX(BAP[#All],MATCH(A16,BAP[[#All],[Code]],0),MATCH(TEXT(Info!$B$4,0),BAP[#Headers],0)) -> Construction de halles industrielles | C16: 4.2 | D16: … | E16: … | F16: … | G16: … | H16: … | I16: … | J16: … | K16: … | L16: … | M16: … | N16: … | O16: … | P16: … | Q16: … | R16: … | S16: … | T16: … | U16: … | V16: … | W16: … | X16: … | Y16: … | Z16: … | AA16: … | AB16: 100 | AC16: 101.7 | AD16: 102.1 | AE16: 102.5 | AF16: 102.5 | AG16: 102.7 | AH16: 103.2 | AI16: 102.7 | AJ16: 102.3 | AK16: 101.4 | AL16: 101.8 | AM16: 100.9 | AN16: 100.5 | AO16: 100.7 | AP16: 101.9 | AQ16: 102.1 | AR16: 102.2 | AS16: 102.6 | AT16: 102.8 | AU16: 102.8 | AV16: 102.7 | AW16: 105 | AX16: 108.9 | AY16: 115 | AZ16: 117.9 | BA16: 118.4 | BB16: 118.2 | BC16: 119
A17: <OBJ_10> | B17: =INDEX(BAP[#All],MATCH(A17,BAP[[#All],[Code]],0),MATCH(TEXT(Info!$B$4,0),BAP[#Headers],0)) -> Rénovation, transformation | C17: 37.56 | D17: … | E17: … | F17: … | G17: … | H17: … | I17: … | J17: … | K17: … | L17: … | M17: … | N17: … | O17: … | P17: … | Q17: … | R17: … | S17: … | T17: … | U17: … | V17: … | W17: … | X17: … | Y17: … | Z17: … | AA17: … | AB17: 100 | AC17: 101.2 | AD17: 102 | AE17: 101.8 | AF17: 102.1 | AG17: 102.3 | AH17: 102.8 | AI17: 102.8 | AJ17: 102.6 | AK17: 102.3 | AL17: 102.7 | AM17: 101.8 | AN17: 101.1 | AO17: 100.3 | AP17: 99.9 | AQ17: 100.4 | AR17: 100.5 | AS17: 101.3 | AT17: 101 | AU17: 101.2 | AV17: 100.7 | AW17: 102.1 | AX17: 105 | AY17: 109.9 | AZ17: 113.2 | BA17: 114 | BB17: 114.7 | BC17: 115.1
A18: <OBJ_11> | B18: =INDEX(BAP[#All],MATCH(A18,BAP[[#All],[Code]],0),MATCH(TEXT(Info!$B$4,0),BAP[#Headers],0)) -> Rénovation de bâtiments à plusieurs logements | C18: 21.73 | D18: 80.8 | E18: 81 | F18: 82.9 | G18: 83.8 | H18: 85.4 | I18: 86.8 | J18: 87.3 | K18: 87.5 | L18: 87.2 | M18: 86.3 | N18: 86.5 | O18: 86.5 | P18: 87.6 | Q18: 88.5 | R18: 89.4 | S18: 90.6 | T18: 92.4 | U18: 94.5 | V18: 96.2 | W18: 98.3 | X18: 99.5 | Y18: 99.4 | Z18: 99.6 | AA18: 99.3 | AB18: 100 | AC18: 101.2 | AD18: 101.8 | AE18: 101.5 | AF18: 101.6 | AG18: 101.5 | AH18: 101.9 | AI18: 102.2 | AJ18: 101.9 | AK18: 101.6 | AL18: 101.8 | AM18: 100.4 | AN18: 100.3 | AO18: 100.8 | AP18: 101.7 | AQ18: 102.6 | AR18: 102.5 | AS18: 103.5 | AT18: 104.6 | AU18: 105.1 | AV18: 104.8 | AW18: 106 | AX18: 109.2 | AY18: 114.4 | AZ18: 117.7 | BA18: 118.6 | BB18: 119.5 | BC18: 119.6
A19: <OBJ_12> | B19: =INDEX(BAP[#All],MATCH(A19,BAP[[#All],[Code]],0),MATCH(TEXT(Info!$B$4,0),BAP[#Headers],0)) -> Rénovation de bâtiments administratifs | C19: 15.83 | D19: … | E19: … | F19: … | G19: … | H19: … | I19: … | J19: … | K19: … | L19: … | M19: … | N19: … | O19: … | P19: … | Q19: … | R19: … | S19: … | T19: … | U19: … | V19: … | W19: … | X19: … | Y19: … | Z19: … | AA19: … | AB19: 100 | AC19: 101.2 | AD19: 102.2 | AE19: 102.4 | AF19: 102.9 | AG19: 103.4 | AH19: 104 | AI19: 103.7 | AJ19: 103.6 | AK19: 103.2 | AL19: 104 | AM19: 103.4 | AN19: 103 | AO19: 102.2 | AP19: 101.8 | AQ19: 102.3 | AR19: 102.5 | AS19: 103.3 | AT19: 103.8 | AU19: 104 | AV19: 103.8 | AW19: 105.7 | AX19: 108.4 | AY19: 113.1 | AZ19: 116.7 | BA19: 117.6 | BB19: 118.1 | BC19: 118.8
A20: <OBJ_13> | B20: =INDEX(BAP[#All],MATCH(A20,BAP[[#All],[Code]],0),MATCH(TEXT(Info!$B$4,0),BAP[#Headers],0)) -> Génie civil | C20: 19.07 | D20: 77.8 | E20: 79.4 | F20: 82.4 | G20: 84.2 | H20: 86.8 | I20: 89.9 | J20: 88.9 | K20: 87.2 | L20: 86.2 | M20: 85.8 | N20: 86.5 | O20: 88.2 | P20: 90.5 | Q20: 90.1 | R20: 92.4 | S20: 93.3 | T20: 96 | U20: 97.6 | V20: 99.3 | W20: 100.5 | X20: 102.5 | Y20: 98.6 | Z20: 99.1 | AA20: 100 | AB20: 100 | AC20: 102.1 | AD20: 103.2 | AE20: 103.7 | AF20: 104.4 | AG20: 104.8 | AH20: 105.8 | AI20: 104.8 | AJ20: 105.4 | AK20: 104.7 | AL20: 105.1 | AM20: 104.9 | AN20: 105.1 | AO20: 105.2 | AP20: 105.1 | AQ20: 104.8 | AR20: 105.7 | AS20: 105.7 | AT20: 106.4 | AU20: 106.6 | AV20: 106.7 | AW20: 107.8 | AX20: 109.2 | AY20: 114.7 | AZ20: 118.5 | BA20: 119.9 | BB20: 121.1 | BC20: 121.9
A21: <OBJ_14> | B21: =INDEX(BAP[#All],MATCH(A21,BAP[[#All],[Code]],0),MATCH(TEXT(Info!$B$4,0),BAP[#Headers],0)) -> Construction de routes | C21: 15.32 | D21: 80.1 | E21: 81.7 | F21: 84.8 | G21: 86.6 | H21: 89.3 | I21: 92.5 | J21: 91.2 | K21: 89.5 | L21: 88.3 | M21: 87.8 | N21: 88.6 | O21: 89.6 | P21: 90.9 | Q21: 90.8 | R21: 92.8 | S21: 94.1 | T21: 97.3 | U21: 98.5 | V21: 100.5 | W21: 101.1 | X21: 102.2 | Y21: 98.7 | Z21: 99.4 | AA21: 100.6 | AB21: 100 | AC21: 102 | AD21: 103.2 | AE21: 103.8 | AF21: 104.5 | AG21: 105.2 | AH21: 106.2 | AI21: 105.3 | AJ21: 105.9 | AK21: 105.3 | AL21: 105.8 | AM21: 105.8 | AN21: 106 | AO21: 106.1 | AP21: 105.9 | AQ21: 105.6 | AR21: 106.5 | AS21: 106.4 | AT21: 107 | AU21: 107.3 | AV21: 107.6 | AW21: 109.2 | AX21: 111 | AY21: 115.2 | AZ21: 118.7 | BA21: 120.3 | BB21: 121.5 | BC21: 122.6
A22: <OBJ_15> | B22: =INDEX(BAP[#All],MATCH(A22,BAP[[#All],[Code]],0),MATCH(TEXT(Info!$B$4,0),BAP[#Headers],0)) -> Construction de passages inférieurs | C22: 2.97 | D22: … | E22: … | F22: … | G22: … | H22: … | I22: 87.4 | J22: 86.7 | K22: 85 | L22: 84.2 | M22: 83.8 | N22: 84.6 | O22: 87 | P22: 90.2 | Q22: 89.5 | R22: 92.1 | S22: 92.5 | T22: 94.7 | U22: 96.7 | V22: 98.2 | W22: 99.9 | X22: 102.8 | Y22: 98.4 | Z22: 98.9 | AA22: 99.5 | AB22: 100 | AC22: 102.9 | AD22: 103.6 | AE22: 104.1 | AF22: 104 | AG22: 103.5 | AH22: 104.2 | AI22: 102.4 | AJ22: 103.2 | AK22: 102.2 | AL22: 101.4 | AM22: 100.7 | AN22: 101.2 | AO22: 100.5 | AP22: 100.8 | AQ22: 100.9 | AR22: 101.9 | AS22: 102.1 | AT22: 103.1 | AU22: 102.8 | AV22: 102.2 | AW22: 104.6 | AX22: 106.9 | AY22: 114.4 | AZ22: 117.7 | BA22: 117.6 | BB22: 116.5 | BC22: 116.7
A23: <OBJ_16> | B23: =INDEX(BAP[#All],MATCH(A23,BAP[[#All],[Code]],0),MATCH(TEXT(Info!$B$4,0),BAP[#Headers],0)) -> Construction de parois antibruit | C23: 0.78 | D23: … | E23: … | F23: … | G23: … | H23: … | I23: … | J23: … | K23: … | L23: … | M23: … | N23: … | O23: … | P23: … | Q23: … | R23: … | S23: … | T23: … | U23: … | V23: … | W23: … | X23: … | Y23: … | Z23: … | AA23: … | AB23: 100 | AC23: 100.5 | AD23: 101.5 | AE23: 101.8 | AF23: 103.2 | AG23: 103.6 | AH23: 103.6 | AI23: 103.6 | AJ23: 104 | AK23: 102.1 | AL23: 104.1 | AM23: 104.2 | AN23: 104 | AO23: 104.9 | AP23: 106.9 | AQ23: 105.9 | AR23: 107.1 | AS23: 107.7 | AT23: 107.4 | AU23: 108.2 | AV23: 108.4 | AW23: 109.8 | AX23: 111.3 | AY23: 116.7 | AZ23: 120.9 | BA23: 121.9 | BB23: 122.4 | BC23: 120.8
A25: <REG_02> | B25: =INDEX(BAP[#All],MATCH(A25,BAP[[#All],[Code]],0),MATCH(TEXT(Info!$B$4,0),BAP[#Headers],0)) -> Région lémanique
A26: <OBJ_02> | B26: =INDEX(BAP[#All],MATCH(A26,BAP[[#All],[Code]],0),MATCH(TEXT(Info!$B$4,0),BAP[#Headers],0)) -> Construction : total | C26: 100 | D26: 76.1 | E26: 77.1 | F26: 79.6 | G26: 81 | H26: 83 | I26: 86 | J26: 86.1 | K26: 87.2 | L26: 85.8 | M26: 86.2 | N26: 86 | O26: 87.3 | P26: 89.4 | Q26: 90.4 | R26: 91.7 | S26: 93.4 | T26: 95.5 | U26: 97.2 | V26: 99 | W26: 100.7 | X26: 102 | Y26: 100 | Z26: 99.9 | AA26: 100 | AB26: 100 | AC26: 101.8 | AD26: 102.3 | AE26: 102 | AF26: 102 | AG26: 102.3 | AH26: 103 | AI26: 102.4 | AJ26: 102.2 | AK26: 101.5 | AL26: 102.7 | AM26: 101.5 | AN26: 100.7 | AO26: 100.9 | AP26: 101.1 | AQ26: 101.2 | AR26: 101.2 | AS26: 101.4 | AT26: 102 | AU26: 102 | AV26: 101.6 | AW26: 102.8 | AX26: 105.4 | AY26: 110.3 | AZ26: 113 | BA26: 115.2 | BB26: 115.7 | BC26: 115.9
A27: <OBJ_03> | B27: =INDEX(BAP[#All],MATCH(A27,BAP[[#All],[Code]],0),MATCH(TEXT(Info!$B$4,0),BAP[#Headers],0)) -> Bâtiment | C27: 82.73 | D27: 76.1 | E27: 77 | F27: 79.2 | G27: 81.1 | H27: 82.9 | I27: 84.9 | J27: 84.9 | K27: 86.1 | L27: 85.6 | M27: 85.7 | N27: 85.2 | O27: 86 | P27: 87.6 | Q27: 89.1 | R27: 90.3 | S27: 92.3 | T27: 94.2 | U27: 95.9 | V27: 97.9 | W27: 99.7 | X27: 101.1 | Y27: 99.5 | Z27: 99.6 | AA27: 99.4 | AB27: 100 | AC27: 101.8 | AD27: 102.3 | AE27: 101.6 | AF27: 101.8 | AG27: 102.1 | AH27: 102.8 | AI27: 102.6 | AJ27: 102.1 | AK27: 101.4 | AL27: 102.4 | AM27: 101.2 | AN27: 100.6 | AO27: 100.7 | AP27: 100.8 | AQ27: 101.1 | AR27: 101.2 | AS27: 101.3 | AT27: 101.7 | AU27: 101.8 | AV27: 101.5 | AW27: 102.5 | AX27: 105.2 | AY27: 110.1 | AZ27: 113.1 | BA27: 115.1 | BB27: 115.4 | BC27: 115.3
A28: <OBJ_04> | B28: =INDEX(BAP[#All],MATCH(A28,BAP[[#All],[Code]],0),MATCH(TEXT(Info!$B$4,0),BAP[#Headers],0)) -> Nouvelle construction | C28: 43.46 | D28: … | E28: … | F28: … | G28: … | H28: … | I28: … | J28: … | K28: … | L28: … | M28: … | N28: … | O28: … | P28: … | Q28: … | R28: … | S28: … | T28: … | U28: … | V28: … | W28: … | X28: … | Y28: … | Z28: … | AA28: … | AB28: 100 | AC28: 102 | AD28: 102.5 | AE28: 101.8 | AF28: 101.9 | AG28: 102.1 | AH28: 102.7 | AI28: 102.8 | AJ28: 102.1 | AK28: 101.4 | AL28: 102.5 | AM28: 101.5 | AN28: 100.8 | AO28: 100.9 | AP28: 101 | AQ28: 101.2 | AR28: 101.3 | AS28: 101.4 | AT28: 102 | AU28: 102 | AV28: 101.6 | AW28: 103 | AX28: 105.8 | AY28: 110.7 | AZ28: 114 | BA28: 115.8 | BB28: 116.2 | BC28: 116.2
A29: <OBJ_05> | B29: =INDEX(BAP[#All],MATCH(A29,BAP[[#All],[Code]],0),MATCH(TEXT(Info!$B$4,0),BAP[#Headers],0)) -> Construction de bâtiments à plusieurs logements | C29: 19.13 | D29: 77.4 | E29: 78.5 | F29: 80.5 | G29: 82.6 | H29: 84.5 | I29: 87.1 | J29: 86.5 | K29: 87.5 | L29: 86.8 | M29: 86.5 | N29: 85.9 | O29: 87 | P29: 88.9 | Q29: 90.1 | R29: 91.5 | S29: 93.5 | T29: 95.7 | U29: 96.9 | V29: 98.6 | W29: 100 | X29: 101.8 | Y29: 99.7 | Z29: 99.5 | AA29: 99.4 | AB29: 100 | AC29: 101.9 | AD29: 102.5 | AE29: 101.7 | AF29: 102.1 | AG29: 102.1 | AH29: 102.5 | AI29: 102.8 | AJ29: 102.1 | AK29: 101.4 | AL29: 102.7 | AM29: 101.8 | AN29: 101.2 | AO29: 101.4 | AP29: 101.7 | AQ29: 102.2 | AR29: 102.2 | AS29: 102.3 | AT29: 102.7 | AU29: 102.9 | AV29: 102.3 | AW29: 103.7 | AX29: 106.5 | AY29: 111.1 | AZ29: 114.7 | BA29: 116.6 | BB29: 117.1 | BC29: 116.8
A30: <OBJ_06> | B30: =INDEX(BAP[#All],MATCH(A30,BAP[[#All],[Code]],0),MATCH(TEXT(Info!$B$4,0),BAP[#Headers],0)) -> Construction de bâtiments à plusieurs logements en bois | C30: 3.87 | D30: … | E30: … | F30: … | G30: … | H30: … | I30: … | J30: … | K30: … | L30: … | M30: 85.6 | N30: 85.5 | O30: 86.6 | P30: 88.4 | Q30: 89.6 | R30: 91.4 | S30: 93.4 | T30: 94.9 | U30: 96.5 | V30: 98.5 | W30: 100.6 | X30: 102 | Y30: 99.7 | Z30: 99.8 | AA30: 99.8 | AB30: 100 | AC30: 102.3 | AD30: 103.8 | AE30: 102.7 | AF30: 102.5 | AG30: 103.3 | AH30: 103.6 | AI30: 103.8 | AJ30: 103.3 | AK30: 102.6 | AL30: 103.3 | AM30: 102 | AN30: 101.4 | AO30: 101.4 | AP30: 101.7 | AQ30: 101.6 | AR30: 101.2 | AS30: 101.9 | AT30: 101.3 | AU30: 101 | AV30: 101.2 | AW30: 103.1 | AX30: 105.9 | AY30: 110.5 | AZ30: 113.7 | BA30: 116.2 | BB30: 116.4 | BC30: 116.6
A31: <OBJ_07> | B31: =INDEX(BAP[#All],MATCH(A31,BAP[[#All],[Code]],0),MATCH(TEXT(Info!$B$4,0),BAP[#Headers],0)) -> Construction de maisons individuelles | C31: 9.47 | D31: … | E31: … | F31: … | G31: … | H31: … | I31: … | J31: … | K31: … | L31: … | M31: … | N31: … | O31: … | P31: … | Q31: … | R31: … | S31: … | T31: … | U31: … | V31: … | W31: … | X31: … | Y31: … | Z31: … | AA31: … | AB31: 100 | AC31: 101.8 | AD31: 102.3 | AE31: 101.4 | AF31: 101.4 | AG31: 101.5 | AH31: 102.5 | AI31: 103.6 | AJ31: 102.7 | AK31: 102.2 | AL31: 103.6 | AM31: 102.2 | AN31: 101.8 | AO31: 101.4 | AP31: 101.8 | AQ31: 102.1 | AR31: 101.6 | AS31: 101.9 | AT31: 101.7 | AU31: 101.5 | AV31: 101.3 | AW31: 101.6 | AX31: 104 | AY31: 108.5 | AZ31: 111.3 | BA31: 113.3 | BB31: 113.9 | BC31: 113.8
A32: <OBJ_08> | B32: =INDEX(BAP[#All],MATCH(A32,BAP[[#All],[Code]],0),MATCH(TEXT(Info!$B$4,0),BAP[#Headers],0)) -> Construction de bâtiments administratifs | C32: 7.27 | D32: 74 | E32: 75 | F32: 78.6 | G32: 79.5 | H32: 81.3 | I32: 83.5 | J32: 84.1 | K32: 86.5 | L32: 85.9 | M32: 85.7 | N32: 85.1 | O32: 85.9 | P32: 87.2 | Q32: 88.5 | R32: 89.3 | S32: 91.2 | T32: 93.3 | U32: 95.3 | V32: 98.1 | W32: 99.7 | X32: 100.6 | Y32: 99.4 | Z32: 99 | AA32: 98.9 | AB32: 100 | AC32: 102.2 | AD32: 102.5 | AE32: 101.4 | AF32: 101.5 | AG32: 101.8 | AH32: 102 | AI32: 100.7 | AJ32: 100.7 | AK32: 99.3 | AL32: 99.8 | AM32: 99.2 | AN32: 98.2 | AO32: 98.3 | AP32: 97.3 | AQ32: 96.9 | AR32: 97.7 | AS32: 97.2 | AT32: 99.2 | AU32: 99 | AV32: 98.8 | AW32: 100.9 | AX32: 104 | AY32: 109.8 | AZ32: 113.1 | BA32: 114.7 | BB32: 115.1 | BC32: 115.4
A33: <OBJ_09> | B33: =INDEX(BAP[#All],MATCH(A33,BAP[[#All],[Code]],0),MATCH(TEXT(Info!$B$4,0),BAP[#Headers],0)) -> Construction de halles industrielles | C33: 3.72 | D33: … | E33: … | F33: … | G33: … | H33: … | I33: … | J33: … | K33: … | L33: … | M33: … | N33: … | O33: … | P33: … | Q33: … | R33: … | S33: … | T33: … | U33: … | V33: … | W33: … | X33: … | Y33: … | Z33: … | AA33: … | AB33: 100 | AC33: 101.9 | AD33: 102.3 | AE33: 102.6 | AF33: 102.6 | AG33: 103.3 | AH33: 104.1 | AI33: 103.6 | AJ33: 102.9 | AK33: 101.9 | AL33: 102.7 | AM33: 101.3 | AN33: 100.8 | AO33: 100.9 | AP33: 101.4 | AQ33: 101.7 | AR33: 101.6 | AS33: 101.9 | AT33: 102.8 | AU33: 102.3 | AV33: 102.4 | AW33: 104.6 | AX33: 107.7 | AY33: 113.6 | AZ33: 116.2 | BA33: 117.1 | BB33: 116.9 | BC33: 117.5
A34: <OBJ_10> | B34: =INDEX(BAP[#All],MATCH(A34,BAP[[#All],[Code]],0),MATCH(TEXT(Info!$B$4,0),BAP[#Headers],0)) -> Rénovation, transformation | C34: 39.27 | AB34: 100 | AC34: 101.5 | AD34: 102.1 | AE34: 101.4 | AF34: 101.7 | AG34: 102.1 | AH34: 102.9 | AI34: 102.4 | AJ34: 102.1 | AK34: 101.4 | AL34: 102.4 | AM34: 100.9 | AN34: 100.3 | AO34: 100.3 | AP34: 100.3 | AQ34: 100.5 | AR34: 100.6 | AS34: 100.7 | AT34: 100.6 | AU34: 100.7 | AV34: 100.5 | AW34: 101 | AX34: 103.6 | AY34: 108.3 | AZ34: 110.7 | BA34: 113 | BB34: 113.2 | BC34: 112.9
A35: <OBJ_11> | B35: =INDEX(BAP[#All],MATCH(A35,BAP[[#All],[Code]],0),MATCH(TEXT(Info!$B$4,0),BAP[#Headers],0)) -> Rénovation de bâtiments à plusieurs logements | C35: 24.02 | D35: 75.3 | E35: 75.9 | F35: 77.7 | G35: 79.7 | H35: 81.3 | I35: 82.6 | J35: 83 | K35: 84.1 | L35: 83.9 | M35: 84.6 | N35: 84.3 | O35: 84.8 | P35: 85.9 | Q35: 88 | R35: 89.1 | S35: 91.2 | T35: 92.6 | U35: 94.8 | V35: 96.9 | W35: 99.3 | X35: 100.3 | Y35: 99.4 | Z35: 99.8 | AA35: 99.7 | AB35: 100 | AC35: 101.7 | AD35: 102 | AE35: 101.2 | AF35: 101.5 | AG35: 101.8 | AH35: 102.5 | AI35: 102.5 | AJ35: 102.1 | AK35: 101.6 | AL35: 102.6 | AM35: 100.6 | AN35: 100.5 | AO35: 102 | AP35: 103.3 | AQ35: 104.2 | AR35: 104.1 | AS35: 105 | AT35: 107.4 | AU35: 108 | AV35: 108 | AW35: 108.3 | AX35: 111.1 | AY35: 116 | AZ35: 118.3 | BA35: 120.9 | BB35: 121.1 | BC35: 120.8
A36: <OBJ_12> | B36: =INDEX(BAP[#All],MATCH(A36,BAP[[#All],[Code]],0),MATCH(TEXT(Info!$B$4,0),BAP[#Headers],0)) -> Rénovation de bâtiments administratifs | C36: 15.25 | D36: … | E36: … | F36: … | G36: … | H36: … | I36: … | J36: … | K36: … | L36: … | M36: … | N36: … | O36: … | P36: … | Q36: … | R36: … | S36: … | T36: … | U36: … | V36: … | W36: … | X36: … | Y36: … | Z36: … | AA36: … | AB36: 100 | AC36: 101.3 | AD36: 102.2 | AE36: 101.7 | AF36: 101.9 | AG36: 102.6 | AH36: 103.6 | AI36: 102.1 | AJ36: 102.1 | AK36: 101.2 | AL36: 102.2 | AM36: 101.3 | AN36: 100.3 | AO36: 101 | AP36: 100.3 | AQ36: 99.6 | AR36: 100.1 | AS36: 100.5 | AT36: 101.9 | AU36: 102.5 | AV36: 102.9 | AW36: 103.7 | AX36: 106.5 | AY36: 111.8 | AZ36: 114.9 | BA36: 117.1 | BB36: 117 | BC36: 117
A37: <OBJ_13> | B37: =INDEX(BAP[#All],MATCH(A37,BAP[[#All],[Code]],0),MATCH(TEXT(Info!$B$4,0),BAP[#Headers],0)) -> Génie civil | C37: 17.27 | D37: 76.1 | E37: 77.4 | F37: 80.7 | G37: 80.7 | H37: 83.5 | I37: 89.2 | J37: 90 | K37: 90.6 | L37: 86.5 | M37: 88 | N37: 88.7 | O37: 91.4 | P37: 95.2 | Q37: 94.7 | R37: 96.2 | S37: 96.8 | T37: 99.5 | U37: 101.4 | V37: 102.5 | W37: 103.9 | X37: 105.1 | Y37: 101.4 | Z37: 100.9 | AA37: 102 | AB37: 100 | AC37: 102.2 | AD37: 102.3 | AE37: 103.9 | AF37: 102.9 | AG37: 103.1 | AH37: 103.9 | AI37: 101.7 | AJ37: 102.7 | AK37: 101.9 | AL37: 104 | AM37: 102.8 | AN37: 101.4 | AO37: 101.7 | AP37: 102.1 | AQ37: 101.5 | AR37: 101.3 | AS37: 102.1 | AT37: 103.2 | AU37: 103 | AV37: 102.4 | AW37: 104 | AX37: 106 | AY37: 111.2 | AZ37: 113.2 | BA37: 115.9 | BB37: 117.3 | BC37: 118.3
A38: <OBJ_14> | B38: =INDEX(BAP[#All],MATCH(A38,BAP[[#All],[Code]],0),MATCH(TEXT(Info!$B$4,0),BAP[#Headers],0)) -> Construction de routes | C38: 13.87 | D38: 79.4 | E38: 80.7 | F38: 84.1 | G38: 84.2 | H38: 87.1 | I38: 93 | J38: 93.2 | K38: 94.6 | L38: 89.5 | M38: 90.3 | N38: 90.3 | O38: 93 | P38: 95.3 | Q38: 95.2 | R38: 95.5 | S38: 96.9 | T38: 101.2 | U38: 102.7 | V38: 103.8 | W38: 104.5 | X38: 105.6 | Y38: 102.5 | Z38: 101.5 | AA38: 103.3 | AB38: 100 | AC38: 102.1 | AD38: 102.1 | AE38: 103.8 | AF38: 102.7 | AG38: 103 | AH38: 104.1 | AI38: 101.8 | AJ38: 102.9 | AK38: 102.2 | AL38: 104.4 | AM38: 103.4 | AN38: 101.9 | AO38: 102.6 | AP38: 102.9 | AQ38: 101.9 | AR38: 101.6 | AS38: 102.3 | AT38: 103.3 | AU38: 103.1 | AV38: 102.5 | AW38: 104.1 | AX38: 106.5 | AY38: 110.5 | AZ38: 112.6 | BA38: 115.2 | BB38: 116.5 | BC38: 118
A39: <OBJ_15> | B39: =INDEX(BAP[#All],MATCH(A39,BAP[[#All],[Code]],0),MATCH(TEXT(Info!$B$4,0),BAP[#Headers],0)) -> Construction de passages inférieurs | C39: 2.69 | D39: … | E39: … | F39: … | G39: … | H39: … | I39: 85.7 | J39: 87 | K39: 87 | L39: 83.7 | M39: 85.8 | N39: 87.2 | O39: 90 | P39: 95.2 | Q39: 94.3 | R39: 96.8 | S39: 96.7 | T39: 98 | U39: 100.1 | V39: 101.2 | W39: 103.3 | X39: 104.6 | Y39: 100.4 | Z39: 100.4 | AA39: 100.8 | AB39: 100 | AC39: 103.1 | AD39: 103.9 | AE39: 104.7 | AF39: 104.1 | AG39: 103.3 | AH39: 103.2 | AI39: 100.6 | AJ39: 101.3 | AK39: 100.3 | AL39: 101.4 | AM39: 99.7 | AN39: 98.5 | AO39: 97.5 | AP39: 98.1 | AQ39: 99.1 | AR39: 99.1 | AS39: 100.5 | AT39: 101.9 | AU39: 101.9 | AV39: 101 | AW39: 104.1 | AX39: 106.9 | AY39: 115.2 | AZ39: 117.1 | BA39: 117.6 | BB39: 116.4 | BC39: 116.6
A40: <OBJ_16> | B40: =INDEX(BAP[#All],MATCH(A40,BAP[[#All],[Code]],0),MATCH(TEXT(Info!$B$4,0),BAP[#Headers],0)) -> Construction de parois antibruit | C40: 0.71 | D40: … | E40: … | F40: … | G40: … | H40: … | I40: … | J40: … | K40: … | L40: … | M40: … | N40: … | O40: … | P40: … | Q40: … | R40: … | S40: … | T40: … | U40: … | V40: … | W40: … | X40: … | Y40: … | Z40: … | AA40: … | AB40: 100 | AC40: 100.7 | AD40: 101.4 | AE40: 103 | AF40: 104 | AG40: 104.6 | AH40: 104 | AI40: 103.2 | AJ40: 103.8 | AK40: 102 | AL40: 104.5 | AM40: 104.4 | AN40: 103.6 | AO40: 104.3 | AP40: 106.4 | AQ40: 105.3 | AR40: 105.6 | AS40: 106.3 | AT40: 106.1 | AU40: 106.4 | AV40: 106.1 | AW40: 107.7 | AX40: 109.1 | AY40: 114.2 | AZ40: 117.7 | BA40: 118.9 | BB40: 119.2 | BC40: 117.5
A42: <REG_03> | B42: =INDEX(BAP[#All],MATCH(A42,BAP[[#All],[Code]],0),MATCH(TEXT(Info!$B$4,0),BAP[#Headers],0)) -> Espace Mittelland
A43: <OBJ_02> | B43: =INDEX(BAP[#All],MATCH(A43,BAP[[#All],[Code]],0),MATCH(TEXT(Info!$B$4,0),BAP[#Headers],0)) -> Construction : total | C43: 100 | D43: 79.3 | E43: 80.9 | F43: 82.4 | G43: 83.7 | H43: 85.5 | I43: 88.4 | J43: 89.1 | K43: 88.5 | L43: 87.3 | M43: 86.4 | N43: 86.7 | O43: 87.5 | P43: 89.4 | Q43: 89.5 | R43: 90.6 | S43: 92.4 | T43: 95 | U43: 95.5 | V43: 97.2 | W43: 99.2 | X43: 101.4 | Y43: 98.6 | Z43: 98.9 | AA43: 99 | AB43: 100 | AC43: 101 | AD43: 101.8 | AE43: 101.9 | AF43: 102.1 | AG43: 101.7 | AH43: 102.1 | AI43: 101.5 | AJ43: 102 | AK43: 101.2 | AL43: 101.6 | AM43: 101.3 | AN43: 100.7 | AO43: 100.1 | AP43: 100.5 | AQ43: 100.7 | AR43: 101.6 | AS43: 102.1 | AT43: 102 | AU43: 102.5 | AV43: 102.2 | AW43: 103.6 | AX43: 106.9 | AY43: 112 | AZ43: 115.2 | BA43: 115.4 | BB43: 115.8 | BC43: 117
A44: <OBJ_03> | B44: =INDEX(BAP[#All],MATCH(A44,BAP[[#All],[Code]],0),MATCH(TEXT(Info!$B$4,0),BAP[#Headers],0)) -> Bâtiment | C44: 79.83 | D44: 81.3 | E44: 82.8 | F44: 83.8 | G44: 85 | H44: 86.9 | I44: 89 | J44: 90 | K44: 90.2 | L44: 88.7 | M44: 87.7 | N44: 87.8 | O44: 88.1 | P44: 89.9 | Q44: 90.1 | R44: 90.9 | S44: 92.6 | T44: 94.9 | U44: 95.5 | V44: 97.1 | W44: 99.2 | X44: 101.1 | Y44: 99.3 | Z44: 99.1 | AA44: 98.8 | AB44: 100 | AC44: 101.1 | AD44: 101.9 | AE44: 101.8 | AF44: 101.9 | AG44: 101.2 | AH44: 101.3 | AI44: 100.9 | AJ44: 101 | AK44: 100.5 | AL44: 100.9 | AM44: 100.8 | AN44: 100 | AO44: 99.4 | AP44: 99.8 | AQ44: 100.3 | AR44: 100.9 | AS44: 101.6 | AT44: 101.3 | AU44: 101.7 | AV44: 101.2 | AW44: 102.7 | AX44: 106.2 | AY44: 111.7 | AZ44: 114.6 | BA44: 115.1 | BB44: 115.1 | BC44: 116.2
A45: <OBJ_04> | B45: =INDEX(BAP[#All],MATCH(A45,BAP[[#All],[Code]],0),MATCH(TEXT(Info!$B$4,0),BAP[#Headers],0)) -> Nouvelle construction | C45: 41.21 | D45: … | E45: … | F45: … | G45: … | H45: … | I45: … | J45: … | K45: … | L45: … | M45: … | N45: … | O45: … | P45: … | Q45: … | R45: … | S45: … | T45: … | U45: … | V45: … | W45: … | X45: … | Y45: … | Z45: … | AA45: … | AB45: 100 | AC45: 101.2 | AD45: 101.7 | AE45: 101.8 | AF45: 101.8 | AG45: 101.2 | AH45: 101.5 | AI45: 101.4 | AJ45: 101.5 | AK45: 100.9 | AL45: 101.1 | AM45: 101 | AN45: 100.2 | AO45: 99.9 | AP45: 100.7 | AQ45: 101.2 | AR45: 101.6 | AS45: 102.3 | AT45: 102.2 | AU45: 102.5 | AV45: 102.3 | AW45: 103.6 | AX45: 107.4 | AY45: 113 | AZ45: 116.1 | BA45: 117.1 | BB45: 116.8 | BC45: 118.1
A46: <OBJ_05> | B46: =INDEX(BAP[#All],MATCH(A46,BAP[[#All],[Code]],0),MATCH(TEXT(Info!$B$4,0),BAP[#Headers],0)) -> Construction de bâtiments à plusieurs logements | C46: 18.57 | D46: 81.5 | E46: 83.2 | F46: 84.2 | G46: 86 | H46: 87.7 | I46: 89.9 | J46: 90.7 | K46: 91 | L46: 89.1 | M46: 88.2 | N46: 88.3 | O46: 88.8 | P46: 90.6 | Q46: 90.6 | R46: 91.4 | S46: 92.8 | T46: 95.5 | U46: 95.8 | V46: 97.2 | W46: 99.7 | X46: 102.2 | Y46: 99.2 | Z46: 98.9 | AA46: 98.2 | AB46: 100 | AC46: 100.9 | AD46: 101.3 | AE46: 101.2 | AF46: 101.1 | AG46: 100.7 | AH46: 101 | AI46: 100.9 | AJ46: 101.1 | AK46: 100.8 | AL46: 101.1 | AM46: 101.2 | AN46: 100.3 | AO46: 99.9 | AP46: 101.1 | AQ46: 101.5 | AR46: 102 | AS46: 102.7 | AT46: 102.8 | AU46: 103 | AV46: 102.5 | AW46: 103.7 | AX46: 107.4 | AY46: 112.4 | AZ46: 115.8 | BA46: 116.8 | BB46: 116.8 | BC46: 117.8
A47: <OBJ_06> | B47: =INDEX(BAP[#All],MATCH(A47,BAP[[#All],[Code]],0),MATCH(TEXT(Info!$B$4,0),BAP[#Headers],0)) -> Construction de bâtiments à plusieurs logements en bois | C47: 4.7 | D47: … | E47: … | F47: … | G47: … | H47: … | I47: … | J47: … | K47: … | L47: … | M47: 88.6 | N47: 88.4 | O47: 89.1 | P47: 90.6 | Q47: 91 | R47: 91.5 | S47: 92.9 | T47: 95.5 | U47: 96.4 | V47: 97.9 | W47: 100.1 | X47: 101.9 | Y47: 99.6 | Z47: 99.8 | AA47: 98.2 | AB47: 100 | AC47: 101.5 | AD47: 102.1 | AE47: 101.4 | AF47: 101.5 | AG47: 100.5 | AH47: 101 | AI47: 101.2 | AJ47: 101.1 | AK47: 100.6 | AL47: 100.8 | AM47: 101.2 | AN47: 100.1 | AO47: 100.3 | AP47: 100.4 | AQ47: 101 | AR47: 101.3 | AS47: 101.7 | AT47: 100.5 | AU47: 100.9 | AV47: 101.7 | AW47: 103.8 | AX47: 108.4 | AY47: 114 | AZ47: 116.7 | BA47: 117.7 | BB47: 116.7 | BC47: 117.4
A48: <OBJ_07> | B48: =INDEX(BAP[#All],MATCH(A48,BAP[[#All],[Code]],0),MATCH(TEXT(Info!$B$4,0),BAP[#Headers],0)) -> Construction de maisons individuelles | C48: 8.39 | D48: … | E48: … | F48: … | G48: … | H48: … | I48: … | J48: … | K48: … | L48: … | M48: … | N48: … | O48: … | P48: … | Q48: … | R48: … | S48: … | T48: … | U48: … | V48: … | W48: … | X48: … | Y48: … | Z48: … | AA48: … | AB48: 100 | AC48: 101.2 | AD48: 101.7 | AE48: 102.1 | AF48: 102 | AG48: 101.1 | AH48: 101.5 | AI48: 102.1 | AJ48: 102.3 | AK48: 101.9 | AL48: 101.7 | AM48: 101.6 | AN48: 100.8 | AO48: 100.4 | AP48: 101 | AQ48: 102.2 | AR48: 102.2 | AS48: 103.2 | AT48: 103.1 | AU48: 103.6 | AV48: 103.5 | AW48: 104.7 | AX48: 107.8 | AY48: 113.6 | AZ48: 116.8 | BA48: 118.3 | BB48: 117.9 | BC48: 119.4
A49: <OBJ_08> | B49: =INDEX(BAP[#All],MATCH(A49,BAP[[#All],[Code]],0),MATCH(TEXT(Info!$B$4,0),BAP[#Headers],0)) -> Construction de bâtiments administratifs | C49: 4.22 | D49: 79.9 | E49: 82 | F49: 83.1 | G49: 83.8 | H49: 85.7 | I49: 88.4 | J49: 89.4 | K49: 90.2 | L49: 88.7 | M49: 88.1 | N49: 87.9 | O49: 88.5 | P49: 90.2 | Q49: 90.3 | R49: 90.9 | S49: 92.9 | T49: 95.4 | U49: 96.3 | V49: 97.7 | W49: 100 | X49: 102.4 | Y49: 100.1 | Z49: 99.2 | AA49: 98.7 | AB49: 100 | AC49: 102.2 | AD49: 103.1 | AE49: 103.3 | AF49: 103.6 | AG49: 103.5 | AH49: 103.3 | AI49: 101.7 | AJ49: 102.1 | AK49: 100.1 | AL49: 100.6 | AM49: 99.3 | AN49: 99.4 | AO49: 98.1 | AP49: 98.2 | AQ49: 98.2 | AR49: 98.8 | AS49: 99.8 | AT49: 99.9 | AU49: 100.3 | AV49: 99.3 | AW49: 100.6 | AX49: 104.2 | AY49: 111.2 | AZ49: 114.8 | BA49: 115.2 | BB49: 115.7 | BC49: 118
A50: <OBJ_09> | B50: =INDEX(BAP[#All],MATCH(A50,BAP[[#All],[Code]],0),MATCH(TEXT(Info!$B$4,0),BAP[#Headers],0)) -> Construction de halles industrielles | C50: 5.33 | D50: … | E50: … | F50: … | G50: … | H50: … | I50: … | J50: … | K50: … | L50: … | M50: … | N50: … | O50: … | P50: … | Q50: … | R50: … | S50: … | T50: … | U50: … | V50: … | W50: … | X50: … | Y50: … | Z50: … | AA50: … | AB50: 100 | AC50: 101.3 | AD50: 101.8 | AE50: 102.4 | AF50: 102.3 | AG50: 101.9 | AH50: 102.1 | AI50: 101.6 | AJ50: 101.8 | AK50: 100.8 | AL50: 101.1 | AM50: 100.3 | AN50: 99.8 | AO50: 99.8 | AP50: 101.5 | AQ50: 101.5 | AR50: 102 | AS50: 102.4 | AT50: 102.7 | AU50: 102.6 | AV50: 102.6 | AW50: 104.4 | AX50: 108.9 | AY50: 115.4 | AZ50: 118 | BA50: 118.1 | BB50: 117 | BC50: 118.6
A51: <OBJ_10> | B51: =INDEX(BAP[#All],MATCH(A51,BAP[[#All],[Code]],0),MATCH(TEXT(Info!$B$4,0),BAP[#Headers],0)) -> Rénovation, transformation | C51: 38.62 | AB51: 100 | AC51: 101.1 | AD51: 102.1 | AE51: 101.8 | AF51: 102.1 | AG51: 101.1 | AH51: 101.1 | AI51: 100.3 | AJ51: 100.5 | AK51: 100 | AL51: 100.6 | AM51: 100.7 | AN51: 99.8 | AO51: 98.9 | AP51: 98.7 | AQ51: 99.3 | AR51: 100 | AS51: 100.8 | AT51: 100.3 | AU51: 100.8 | AV51: 99.9 | AW51: 101.5 | AX51: 104.7 | AY51: 110.1 | AZ51: 112.8 | BA51: 112.7 | BB51: 113 | BC51: 114.1
A52: <OBJ_11> | B52: =INDEX(BAP[#All],MATCH(A52,BAP[[#All],[Code]],0),MATCH(TEXT(Info!$B$4,0),BAP[#Headers],0)) -> Rénovation de bâtiments à plusieurs logements | C52: 22.15 | D52: 81.5 | E52: 82.5 | F52: 83.6 | G52: 84.2 | H52: 86.2 | I52: 88 | J52: 89.2 | K52: 89 | L52: 88.2 | M52: 86.9 | N52: 87.1 | O52: 87.1 | P52: 88.8 | Q52: 89.4 | R52: 90.2 | S52: 92.1 | T52: 93.8 | U52: 94.7 | V52: 96.7 | W52: 98.1 | X52: 99 | Y52: 99 | Z52: 99.4 | AA52: 99.6 | AB52: 100 | AC52: 100.9 | AD52: 102 | AE52: 101.5 | AF52: 101.7 | AG52: 100.5 | AH52: 100.6 | AI52: 100.5 | AJ52: 100.4 | AK52: 100.4 | AL52: 100.4 | AM52: 100.1 | AN52: 99.4 | AO52: 98.6 | AP52: 99.3 | AQ52: 100.4 | AR52: 100.7 | AS52: 101.4 | AT52: 101.4 | AU52: 102.1 | AV52: 101.2 | AW52: 102.9 | AX52: 106.3 | AY52: 112.2 | AZ52: 114.8 | BA52: 114.7 | BB52: 114.8 | BC52: 115.9
A53: <OBJ_12> | B53: =INDEX(BAP[#All],MATCH(A53,BAP[[#All],[Code]],0),MATCH(TEXT(Info!$B$4,0),BAP[#Headers],0)) -> Rénovation de bâtiments administratifs | C53: 16.47 | D53: … | E53: … | F53: … | G53: … | H53: … | I53: … | J53: … | K53: … | L53: … | M53: … | N53: … | O53: … | P53: … | Q53: … | R53: … | S53: … | T53: … | U53: … | V53: … | W53: … | X53: … | Y53: … | Z53: … | AA53: … | AB53: 100 | AC53: 101.3 | AD53: 102.3 | AE53: 102.2 | AF53: 102.8 | AG53: 101.9 | AH53: 101.7 | AI53: 100.1 | AJ53: 100.6 | AK53: 99.4 | AL53: 100.9 | AM53: 100.5 | AN53: 100.3 | AO53: 99 | AP53: 99.1 | AQ53: 99.5 | AR53: 100.3 | AS53: 101 | AT53: 101.1 | AU53: 100.8 | AV53: 101.3 | AW53: 102.8 | AX53: 105.3 | AY53: 110 | AZ53: 112.8 | BA53: 112.8 | BB53: 113.4 | BC53: 114.7
A54: <OBJ_13> | B54: =INDEX(BAP[#All],MATCH(A54,BAP[[#All],[Code]],0),MATCH(TEXT(Info!$B$4,0),BAP[#Headers],0)) -> Génie civil | C54: 20.17 | D54: 73.5 | E54: 75.5 | F54: 78.2 | G54: 79.9 | H54: 81.4 | I54: 86.8 | J54: 86.6 | K54: 83.7 | L54: 83.2 | M54: 82.7 | N54: 83.4 | O54: 85.8 | P54: 87.8 | Q54: 87.6 | R54: 89.9 | S54: 91.8 | T54: 95.4 | U54: 95.4 | V54: 97.5 | W54: 99.3 | X54: 102.4 | Y54: 96.7 | Z54: 98.1 | AA54: 99.6 | AB54: 100 | AC54: 100.3 | AD54: 101.1 | AE54: 102.5 | AF54: 102.7 | AG54: 104 | AH54: 105.2 | AI54: 103.8 | AJ54: 105.8 | AK54: 104.3 | AL54: 104.5 | AM54: 103.2 | AN54: 103.6 | AO54: 102.7 | AP54: 103.3 | AQ54: 102.4 | AR54: 104.4 | AS54: 104 | AT54: 104.5 | AU54: 105.6 | AV54: 106.3 | AW54: 107.5 | AX54: 109.8 | AY54: 113.6 | AZ54: 117.6 | BA54: 117.2 | BB54: 118.7 | BC54: 120.2
A55: <OBJ_14> | B55: =INDEX(BAP[#All],MATCH(A55,BAP[[#All],[Code]],0),MATCH(TEXT(Info!$B$4,0),BAP[#Headers],0)) -> Construction de routes | C55: 16.2 | D55: 74.4 | E55: 76.4 | F55: 79.2 | G55: 80.9 | H55: 82.4 | I55: 87.9 | J55: 88.2 | K55: 85.7 | L55: 84.9 | M55: 84.9 | N55: 85.4 | O55: 87 | P55: 88.7 | Q55: 88.1 | R55: 90.5 | S55: 93.1 | T55: 96.9 | U55: 96 | V55: 99.2 | W55: 101 | X55: 101.7 | Y55: 96.1 | Z55: 97.2 | AA55: 100.3 | AB55: 100 | AC55: 100 | AD55: 100.8 | AE55: 102.2 | AF55: 102.5 | AG55: 104.3 | AH55: 105.5 | AI55: 104.3 | AJ55: 106.3 | AK55: 104.7 | AL55: 105.2 | AM55: 104 | AN55: 104.3 | AO55: 103.6 | AP55: 103.9 | AQ55: 102.7 | AR55: 104.9 | AS55: 104.2 | AT55: 104.9 | AU55: 106.3 | AV55: 107 | AW55: 108.2 | AX55: 110.9 | AY55: 115 | AZ55: 119.1 | BA55: 118.7 | BB55: 120.1 | BC55: 121.8
A56: <OBJ_15> | B56: =INDEX(BAP[#All],MATCH(A56,BAP[[#All],[Code]],0),MATCH(TEXT(Info!$B$4,0),BAP[#Headers],0)) -> Construction de passages inférieurs | C56: 3.14 | D56: … | E56: … | F56: … | G56: … | H56: … | I56: 85.8 | J56: 85.1 | K56: 81.7 | L56: 81.5 | M56: 80.6 | N56: 81.4 | O56: 84.7 | P56: 87 | Q56: 87.1 | R56: 89.3 | S56: 90.6 | T56: 93.8 | U56: 94.7 | V56: 95.8 | W56: 97.7 | X56: 103.2 | Y56: 97.3 | Z56: 98.9 | AA56: 99 | AB56: 100 | AC56: 101.8 | AD56: 102.5 | AE56: 103.9 | AF56: 103.2 | AG56: 103 | AH56: 103.8 | AI56: 101.5 | AJ56: 103.5 | AK56: 102.6 | AL56: 100.8 | AM56: 99 | AN56: 99.7 | AO56: 98.2 | AP56: 99.5 | AQ56: 100.1 | AR56: 101.4 | AS56: 101.9 | AT56: 102 | AU56: 102 | AV56: 102.6 | AW56: 104.7 | AX56: 107.8 | AY56: 113.2 | AZ56: 117.5 | BA56: 117.4 | BB56: 116.9 | BC56: 117.5
A57: <OBJ_16> | B57: =INDEX(BAP[#All],MATCH(A57,BAP[[#All],[Code]],0),MATCH(TEXT(Info!$B$4,0),BAP[#Headers],0)) -> Construction de parois antibruit | C57: 0.83 | D57: … | E57: … | F57: … | G57: … | H57: … | I57: … | J57: … | K57: … | L57: … | M57: … | N57: … | O57: … | P57: … | Q57: … | R57: … | S57: … | T57: … | U57: … | V57: … | W57: … | X57: … | Y57: … | Z57: … | AA57: … | AB57: 100 | AC57: 99.9 | AD57: 101 | AE57: 101.7 | AF57: 103.1 | AG57: 103.8 | AH57: 104.2 | AI57: 103.9 | AJ57: 105 | AK57: 102.6 | AL57: 104.5 | AM57: 104.3 | AN57: 103.9 | AO57: 104.6 | AP57: 106.7 | AQ57: 105.4 | AR57: 106.9 | AS57: 107.7 | AT57: 107.3 | AU57: 108.4 | AV57: 108.9 | AW57: 109.9 | AX57: 111.6 | AY57: 116.7 | AZ57: 121.2 | BA57: 122.4 | BB57: 123.2 | BC57: 121.8
A59: <REG_04> | B59: =INDEX(BAP[#All],MATCH(A59,BAP[[#All],[Code]],0),MATCH(TEXT(Info!$B$4,0),BAP[#Headers],0)) -> Suisse du Nord-Ouest
A60: <OBJ_02> | B60: =INDEX(BAP[#All],MATCH(A60,BAP[[#All],[Code]],0),MATCH(TEXT(Info!$B$4,0),BAP[#Headers],0)) -> Construction : total | C60: 100 | D60: 86.4 | E60: 86.1 | F60: 88.4 | G60: 90.5 | H60: 93.3 | I60: 92.8 | J60: 91.6 | K60: 89.5 | L60: 89.6 | M60: 87.3 | N60: 88 | O60: 86.8 | P60: 90 | Q60: 91.2 | R60: 92.5 | S60: 93.2 | T60: 95.4 | U60: 97.1 | V60: 99.4 | W60: 100.4 | X60: 101.7 | Y60: 99.5 | Z60: 98.5 | AA60: 98.6 | AB60: 100 | AC60: 100.6 | AD60: 100.7 | AE60: 101.1 | AF60: 101.8 | AG60: 103.2 | AH60: 103.8 | AI60: 105.1 | AJ60: 104.7 | AK60: 104.2 | AL60: 104.7 | AM60: 104.4 | AN60: 103.6 | AO60: 102.6 | AP60: 103.2 | AQ60: 102.6 | AR60: 102.6 | AS60: 103.5 | AT60: 103.3 | AU60: 103.2 | AV60: 102.8 | AW60: 105.3 | AX60: 107.9 | AY60: 115 | AZ60: 118.5 | BA60: 120 | BB60: 120.9 | BC60: 120.7
A61: <OBJ_03> | B61: =INDEX(BAP[#All],MATCH(A61,BAP[[#All],[Code]],0),MATCH(TEXT(Info!$B$4,0),BAP[#Headers],0)) -> Bâtiment | C61: 85.43 | D61: 84.4 | E61: 84 | F61: 86.6 | G61: 88.7 | H61: 90.6 | I61: 90.7 | J61: 90.6 | K61: 89.7 | L61: 89.8 | M61: 87.8 | N61: 87.6 | O61: 86.6 | P61: 89.2 | Q61: 91.2 | R61: 91.4 | S61: 92.1 | T61: 93.9 | U61: 95.2 | V61: 98.2 | W61: 99.8 | X61: 101.2 | Y61: 99.8 | Z61: 98.9 | AA61: 99.1 | AB61: 100 | AC61: 100.9 | AD61: 101 | AE61: 101.3 | AF61: 101.7 | AG61: 103.2 | AH61: 103.7 | AI61: 104.9 | AJ61: 104.2 | AK61: 103.5 | AL61: 103.9 | AM61: 103.6 | AN61: 102.7 | AO61: 101.8 | AP61: 102.3 | AQ61: 101.9 | AR61: 101.7 | AS61: 102.7 | AT61: 102.7 | AU61: 102.8 | AV61: 102 | AW61: 104.2 | AX61: 107.5 | AY61: 114.7 | AZ61: 117.8 | BA61: 119.5 | BB61: 120.1 | BC61: 120
A62: <OBJ_04> | B62: =INDEX(BAP[#All],MATCH(A62,BAP[[#All],[Code]],0),MATCH(TEXT(Info!$B$4,0),BAP[#Headers],0)) -> Nouvelle construction | C62: 48.98 | D62: … | E62: … | F62: … | G62: … | H62: … | I62: … | J62: … | K62: … | L62: … | M62: … | N62: … | O62: … | P62: … | Q62: … | R62: … | S62: … | T62: … | U62: … | V62: … | W62: … | X62: … | Y62: … | Z62: … | AA62: … | AB62: 100 | AC62: 100.9 | AD62: 100.8 | AE62: 101.4 | AF62: 101.6 | AG62: 102.9 | AH62: 103.3 | AI62: 104.1 | AJ62: 103.5 | AK62: 102.7 | AL62: 103.1 | AM62: 103.3 | AN62: 102.8 | AO62: 101.8 | AP62: 102.6 | AQ62: 102.4 | AR62: 102.3 | AS62: 102.9 | AT62: 103.2 | AU62: 103.2 | AV62: 102.6 | AW62: 104.8 | AX62: 108.2 | AY62: 115.6 | AZ62: 118.9 | BA62: 120.7 | BB62: 121.2 | BC62: 121
A63: <OBJ_05> | B63: =INDEX(BAP[#All],MATCH(A63,BAP[[#All],[Code]],0),MATCH(TEXT(Info!$B$4,0),BAP[#Headers],0)) -> Construction de bâtiments à plusieurs logements | C63: 21.78 | D63: 86.6 | E63: 86.5 | F63: 89.1 | G63: 91 | H63: 93.5 | I63: 93.2 | J63: 92.6 | K63: 91.5 | L63: 91.2 | M63: 88.6 | N63: 88.4 | O63: 87 | P63: 90.9 | Q63: 92.9 | R63: 93 | S63: 93.5 | T63: 95.6 | U63: 96.5 | V63: 99.9 | W63: 101.5 | X63: 102.8 | Y63: 100.1 | Z63: 98.7 | AA63: 99.1 | AB63: 100 | AC63: 100.9 | AD63: 100.5 | AE63: 101.2 | AF63: 101.5 | AG63: 103 | AH63: 103.3 | AI63: 104.5 | AJ63: 103.4 | AK63: 102.6 | AL63: 102.8 | AM63: 103.4 | AN63: 102.9 | AO63: 101.9 | AP63: 103 | AQ63: 102.6 | AR63: 103 | AS63: 103.5 | AT63: 104.1 | AU63: 104.2 | AV63: 103.5 | AW63: 105.7 | AX63: 109 | AY63: 116.6 | AZ63: 120.4 | BA63: 122.2 | BB63: 122.8 | BC63: 122.3
A64: <OBJ_06> | B64: =INDEX(BAP[#All],MATCH(A64,BAP[[#All],[Code]],0),MATCH(TEXT(Info!$B$4,0),BAP[#Headers],0)) -> Construction de bâtiments à plusieurs logements en bois | C64: 2.3 | D64: … | E64: … | F64: … | G64: … | H64: … | I64: … | J64: … | K64: … | L64: … | M64: 89.7 | N64: 88.9 | O64: 87.5 | P64: 89.8 | Q64: 92 | R64: 92.5 | S64: 92.8 | T64: 94.8 | U64: 95.8 | V64: 97.5 | W64: 99.3 | X64: 101.6 | Y64: 98.8 | Z64: 97.5 | AA64: 98.5 | AB64: 100 | AC64: 100.4 | AD64: 100.7 | AE64: 101.3 | AF64: 100.9 | AG64: 101.9 | AH64: 101.9 | AI64: 102.6 | AJ64: 101.8 | AK64: 101.6 | AL64: 102.5 | AM64: 102.6 | AN64: 101.7 | AO64: 101.3 | AP64: 101.2 | AQ64: 101.9 | AR64: 102 | AS64: 102.1 | AT64: 101.8 | AU64: 102.1 | AV64: 101.7 | AW64: 104.7 | AX64: 108.6 | AY64: 115.6 | AZ64: 118.2 | BA64: 119.9 | BB64: 118.6 | BC64: 118.9
A65: <OBJ_07> | B65: =INDEX(BAP[#All],MATCH(A65,BAP[[#All],[Code]],0),MATCH(TEXT(Info!$B$4,0),BAP[#Headers],0)) -> Construction de maisons individuelles | C65: 10.21 | D65: … | E65: … | F65: … | G65: … | H65: … | I65: … | J65: … | K65: … | L65: … | M65: … | N65: … | O65: … | P65: … | Q65: … | R65: … | S65: … | T65: … | U65: … | V65: … | W65: … | X65: … | Y65: … | Z65: … | AA65: … | AB65: 100 | AC65: 100.9 | AD65: 100.9 | AE65: 101.8 | AF65: 101.7 | AG65: 102.7 | AH65: 103 | AI65: 104.5 | AJ65: 104.1 | AK65: 102.6 | AL65: 103.1 | AM65: 103.6 | AN65: 103 | AO65: 101.4 | AP65: 102.2 | AQ65: 102.8 | AR65: 102.5 | AS65: 103.7 | AT65: 103.7 | AU65: 103.9 | AV65: 103.2 | AW65: 104.8 | AX65: 107.9 | AY65: 115.1 | AZ65: 118.3 | BA65: 120.7 | BB65: 121.2 | BC65: 120.9
A66: <OBJ_08> | B66: =INDEX(BAP[#All],MATCH(A66,BAP[[#All],[Code]],0),MATCH(TEXT(Info!$B$4,0),BAP[#Headers],0)) -> Construction de bâtiments administratifs | C66: 10.12 | D66: 83.4 | E66: 83.6 | F66: 86.8 | G66: 88.7 | H66: 90.2 | I66: 90.1 | J66: 91.3 | K66: 89.9 | L66: 89.8 | M66: 88 | N66: 87.8 | O66: 86.7 | P66: 88.2 | Q66: 90.1 | R66: 90 | S66: 90.9 | T66: 93.1 | U66: 94 | V66: 97.7 | W66: 99.6 | X66: 100.7 | Y66: 99.6 | Z66: 99 | AA66: 99.2 | AB66: 100 | AC66: 101.3 | AD66: 101.5 | AE66: 101.1 | AF66: 101.5 | AG66: 103.1 | AH66: 103.6 | AI66: 103.2 | AJ66: 103.7 | AK66: 103.3 | AL66: 103.9 | AM66: 102.9 | AN66: 102.4 | AO66: 101.5 | AP66: 101.6 | AQ66: 100.6 | AR66: 99.6 | AS66: 99.6 | AT66: 99.9 | AU66: 99.6 | AV66: 99 | AW66: 101.1 | AX66: 103.8 | AY66: 111.3 | AZ66: 113.9 | BA66: 116 | BB66: 116.8 | BC66: 117.6
A67: <OBJ_09> | B67: =INDEX(BAP[#All],MATCH(A67,BAP[[#All],[Code]],0),MATCH(TEXT(Info!$B$4,0),BAP[#Headers],0)) -> Construction de halles industrielles | C67: 4.57 | D67: … | E67: … | F67: … | G67: … | H67: … | I67: … | J67: … | K67: … | L67: … | M67: … | N67: … | O67: … | P67: … | Q67: … | R67: … | S67: … | T67: … | U67: … | V67: … | W67: … | X67: … | Y67: … | Z67: … | AA67: … | AB67: 100 | AC67: 100.8 | AD67: 100.9 | AE67: 101.9 | AF67: 102.4 | AG67: 103.3 | AH67: 103.9 | AI67: 104.3 | AJ67: 103.6 | AK67: 102.6 | AL67: 103.1 | AM67: 103 | AN67: 102.9 | AO67: 102.3 | AP67: 103.7 | AQ67: 103.3 | AR67: 103.2 | AS67: 103.9 | AT67: 103.9 | AU67: 103.8 | AV67: 103.3 | AW67: 106.1 | AX67: 110.3 | AY67: 117.3 | AZ67: 119.7 | BA67: 120.5 | BB67: 120.8 | BC67: 121.1
A68: <OBJ_10> | B68: =INDEX(BAP[#All],MATCH(A68,BAP[[#All],[Code]],0),MATCH(TEXT(Info!$B$4,0),BAP[#Headers],0)) -> Rénovation, transformation | C68: 36.45 | AB68: 100 | AC68: 100.9 | AD68: 101.2 | AE68: 101.1 | AF68: 101.8 | AG68: 103.6 | AH68: 104.1 | AI68: 106 | AJ68: 105.1 | AK68: 104.7 | AL68: 104.9 | AM68: 103.9 | AN68: 102.4 | AO68: 101.6 | AP68: 101.7 | AQ68: 101 | AR68: 100.4 | AS68: 102.4 | AT68: 101.8 | AU68: 101.9 | AV68: 101 | AW68: 103.2 | AX68: 106.3 | AY68: 113.3 | AZ68: 115.9 | BA68: 117.4 | BB68: 118.4 | BC68: 118.3
A69: <OBJ_11> | B69: =INDEX(BAP[#All],MATCH(A69,BAP[[#All],[Code]],0),MATCH(TEXT(Info!$B$4,0),BAP[#Headers],0)) -> Rénovation de bâtiments à plusieurs logements | C69: 20.74 | D69: 81.9 | E69: 80.9 | F69: 83.1 | G69: 85.8 | H69: 86.8 | I69: 87.6 | J69: 87.8 | K69: 87.2 | L69: 87.7 | M69: 86.7 | N69: 86.3 | O69: 85.9 | P69: 87.3 | Q69: 89.3 | R69: 89.9 | S69: 90.6 | T69: 92 | U69: 93.9 | V69: 96 | W69: 97.7 | X69: 99.4 | Y69: 99.4 | Z69: 99.2 | AA69: 99.1 | AB69: 100 | AC69: 101 | AD69: 100.9 | AE69: 101.5 | AF69: 102 | AG69: 103.5 | AH69: 103.7 | AI69: 105.7 | AJ69: 105.1 | AK69: 104.1 | AL69: 103.8 | AM69: 104.1 | AN69: 103.2 | AO69: 101.7 | AP69: 102.8 | AQ69: 102.7 | AR69: 102.8 | AS69: 104.7 | AT69: 104.8 | AU69: 105.7 | AV69: 104.6 | AW69: 106.4 | AX69: 109.8 | AY69: 118.2 | AZ69: 121.3 | BA69: 122.9 | BB69: 124.3 | BC69: 124
A70: <OBJ_12> | B70: =INDEX(BAP[#All],MATCH(A70,BAP[[#All],[Code]],0),MATCH(TEXT(Info!$B$4,0),BAP[#Headers],0)) -> Rénovation de bâtiments administratifs | C70: 15.71 | D70: … | E70: … | F70: … | G70: … | H70: … | I70: … | J70: … | K70: … | L70: … | M70: … | N70: … | O70: … | P70: … | Q70: … | R70: … | S70: … | T70: … | U70: … | V70: … | W70: … | X70: … | Y70: … | Z70: … | AA70: … | AB70: 100 | AC70: 100.8 | AD70: 101.5 | AE70: 100.6 | AF70: 101.5 | AG70: 103.8 | AH70: 104.6 | AI70: 106.3 | AJ70: 105.1 | AK70: 105.4 | AL70: 106.2 | AM70: 105.5 | AN70: 103.6 | AO70: 102.5 | AP70: 103.9 | AQ70: 102.6 | AR70: 102.7 | AS70: 104.7 | AT70: 104.3 | AU70: 104.9 | AV70: 103.7 | AW70: 106.4 | AX70: 109.4 | AY70: 115.2 | AZ70: 117.4 | BA70: 118.8 | BB70: 119.6 | BC70: 119.5
A71: <OBJ_13> | B71: =INDEX(BAP[#All],MATCH(A71,BAP[[#All],[Code]],0),MATCH(TEXT(Info!$B$4,0),BAP[#Headers],0)) -> Génie civil | C71: 14.57 | D71: 93.3 | E71: 93.2 | F71: 94.8 | G71: 96.8 | H71: 102.7 | I71: 100.2 | J71: 95 | K71: 88.7 | L71: 89 | M71: 85.5 | N71: 89.5 | O71: 87.6 | P71: 92.7 | Q71: 91.4 | R71: 96.3 | S71: 97.2 | T71: 100.7 | U71: 104 | V71: 103.9 | W71: 102.3 | X71: 103.4 | Y71: 98.6 | Z71: 97 | AA71: 96.9 | AB71: 100 | AC71: 99.3 | AD71: 99.1 | AE71: 100 | AF71: 102.1 | AG71: 102.9 | AH71: 104.3 | AI71: 106.3 | AJ71: 107.4 | AK71: 108.2 | AL71: 109.5 | AM71: 109.3 | AN71: 108.8 | AO71: 107.1 | AP71: 108.2 | AQ71: 107 | AR71: 108 | AS71: 107.7 | AT71: 106.7 | AU71: 106 | AV71: 107.3 | AW71: 111.1 | AX71: 111.3 | AY71: 117.8 | AZ71: 123.3 | BA71: 123.9 | BB71: 125.9 | BC71: 125.2
A72: <OBJ_14> | B72: =INDEX(BAP[#All],MATCH(A72,BAP[[#All],[Code]],0),MATCH(TEXT(Info!$B$4,0),BAP[#Headers],0)) -> Construction de routes | C72: 11.7 | D72: 97.5 | E72: 97.4 | F72: 99 | G72: 101.2 | H72: 107.3 | I72: 104.7 | J72: 97.6 | K72: 90.1 | L72: 90.5 | M72: 86.7 | N72: 91.2 | O72: 87.2 | P72: 92.1 | Q72: 90.4 | R72: 96.3 | S72: 97 | T72: 103.3 | U72: 105.6 | V72: 105.8 | W72: 101 | X72: 103 | Y72: 97.7 | Z72: 96.9 | AA72: 95.9 | AB72: 100 | AC72: 99 | AD72: 99 | AE72: 100.1 | AF72: 102.4 | AG72: 103.5 | AH72: 105.1 | AI72: 107.2 | AJ72: 108.3 | AK72: 109.7 | AL72: 111.3 | AM72: 111.1 | AN72: 110.7 | AO72: 108.8 | AP72: 110.2 | AQ72: 108.7 | AR72: 109.6 | AS72: 109 | AT72: 107.6 | AU72: 106.7 | AV72: 108.3 | AW72: 110.9 | AX72: 111.9 | AY72: 118.3 | AZ72: 122.8 | BA72: 123.3 | BB72: 124.3 | BC72: 123.3
A73: <OBJ_15> | B73: =INDEX(BAP[#All],MATCH(A73,BAP[[#All],[Code]],0),MATCH(TEXT(Info!$B$4,0),BAP[#Headers],0)) -> Construction de passages inférieurs | C73: 2.27 | D73: … | E73: … | F73: … | G73: … | H73: … | I73: 96 | J73: 92.6 | K73: 87.4 | L73: 87.6 | M73: 84.5 | N73: 88 | O73: 87.9 | P73: 93.2 | Q73: 92.4 | R73: 96.3 | S73: 97.3 | T73: 98.2 | U73: 102.4 | V73: 102.2 | W73: 103.5 | X73: 103.8 | Y73: 99.4 | Z73: 97.1 | AA73: 97.9 | AB73: 100 | AC73: 100.5 | AD73: 99.1 | AE73: 99.7 | AF73: 100.7 | AG73: 100 | AH73: 101 | AI73: 102.5 | AJ73: 103.7 | AK73: 102.5 | AL73: 101.4 | AM73: 101.3 | AN73: 100.6 | AO73: 99.3 | AP73: 99.1 | AQ73: 99.4 | AR73: 100.7 | AS73: 101.4 | AT73: 102.3 | AU73: 102.1 | AV73: 102.3 | AW73: 104.8 | AX73: 107.3 | AY73: 114.8 | AZ73: 117.2 | BA73: 115.3 | BB73: 115.1 | BC73: 114.2
A74: <OBJ_16> | B74: =INDEX(BAP[#All],MATCH(A74,BAP[[#All],[Code]],0),MATCH(TEXT(Info!$B$4,0),BAP[#Headers],0)) -> Construction de parois antibruit | C74: 0.6 | D74: … | E74: … | F74: … | G74: … | H74: … | I74: … | J74: … | K74: … | L74: … | M74: … | N74: … | O74: … | P74: … | Q74: … | R74: … | S74: … | T74: … | U74: … | V74: … | W74: … | X74: … | Y74: … | Z74: … | AA74: … | AB74: 100 | AC74: 99.3 | AD74: 100.1 | AE74: 99.7 | AF74: 101.4 | AG74: 102.1 | AH74: 102.4 | AI74: 103.1 | AJ74: 103.7 | AK74: 102 | AL74: 104.4 | AM74: 105 | AN74: 104.4 | AO74: 105.2 | AP74: 107.1 | AQ74: 106 | AR74: 107.3 | AS74: 107.9 | AT74: 107.4 | AU74: 108.3 | AV74: 108.9 | AW74: 111 | AX74: 112.4 | AY74: 118.3 | AZ74: 123 | BA74: 123.6 | BB74: 124.4 | BC74: 122.2
A76: <REG_05> | B76: =INDEX(BAP[#All],MATCH(A76,BAP[[#All],[Code]],0),MATCH(TEXT(Info!$B$4,0),BAP[#Headers],0)) -> Zurich
A77: <OBJ_02> | B77: =INDEX(BAP[#All],MATCH(A77,BAP[[#All],[Code]],0),MATCH(TEXT(Info!$B$4,0),BAP[#Headers],0)) -> Construction : total | C77: 100 | D77: 84.2 | E77: 85.2 | F77: 87.7 | G77: 90.4 | H77: 91.8 | I77: 93.4 | J77: 92.7 | K77: 90.9 | L77: 89.3 | M77: 87.4 | N77: 87 | O77: 87.1 | P77: 87.5 | Q77: 88.4 | R77: 89.4 | S77: 90.5 | T77: 93.2 | U77: 95.8 | V77: 96.8 | W77: 98.2 | X77: 100.1 | Y77: 98.6 | Z77: 99.3 | AA77: 98.7 | AB77: 100 | AC77: 101.8 | AD77: 102.7 | AE77: 103.3 | AF77: 103.9 | AG77: 104.2 | AH77: 104.9 | AI77: 104.9 | AJ77: 104.6 | AK77: 104.2 | AL77: 104.5 | AM77: 104 | AN77: 104.3 | AO77: 103.9 | AP77: 103.7 | AQ77: 104.2 | AR77: 104.3 | AS77: 105.1 | AT77: 104.9 | AU77: 104.8 | AV77: 104.6 | AW77: 105.9 | AX77: 108.9 | AY77: 113.1 | AZ77: 118.4 | BA77: 119.3 | BB77: 119.8 | BC77: 120.7
A78: <OBJ_03> | B78: =INDEX(BAP[#All],MATCH(A78,BAP[[#All],[Code]],0),MATCH(TEXT(Info!$B$4,0),BAP[#Headers],0)) -> Bâtiment | C78: 83.95 | D78: 84.2 | E78: 84.7 | F78: 86.7 | G78: 87.9 | H78: 90.1 | I78: 91.6 | J78: 91.7 | K78: 90.4 | L78: 89 | M78: 87.7 | N78: 87.9 | O78: 87.5 | P78: 87.9 | Q78: 88.8 | R78: 89.2 | S78: 90.3 | T78: 93 | U78: 95.5 | V78: 96.7 | W78: 98.2 | X78: 100.3 | Y78: 99.1 | Z78: 99.1 | AA78: 98.7 | AB78: 100 | AC78: 101.4 | AD78: 102.1 | AE78: 102.9 | AF78: 103.2 | AG78: 103.5 | AH78: 104.1 | AI78: 104.6 | AJ78: 104.3 | AK78: 103.9 | AL78: 104.3 | AM78: 103.5 | AN78: 103.5 | AO78: 103.1 | AP78: 102.7 | AQ78: 103.3 | AR78: 103.2 | AS78: 104 | AT78: 103.6 | AU78: 103.5 | AV78: 103 | AW78: 104.7 | AX78: 108 | AY78: 112 | AZ78: 117.2 | BA78: 118.3 | BB78: 118.9 | BC78: 119.6
A79: <OBJ_04> | B79: =INDEX(BAP[#All],MATCH(A79,BAP[[#All],[Code]],0),MATCH(TEXT(Info!$B$4,0),BAP[#Headers],0)) -> Nouvelle construction | C79: 40.29 | D79: … | E79: … | F79: … | G79: … | H79: … | I79: … | J79: … | K79: … | L79: … | M79: … | N79: … | O79: … | P79: … | Q79: … | R79: … | S79: … | T79: … | U79: … | V79: … | W79: … | X79: … | Y79: … | Z79: … | AA79: … | AB79: 100 | AC79: 101.5 | AD79: 101.8 | AE79: 101.9 | AF79: 102.2 | AG79: 102.3 | AH79: 102.7 | AI79: 102.8 | AJ79: 102.3 | AK79: 101.7 | AL79: 102.3 | AM79: 101.5 | AN79: 101.5 | AO79: 101.3 | AP79: 101.3 | AQ79: 101.8 | AR79: 101.8 | AS79: 102.4 | AT79: 101.9 | AU79: 101.8 | AV79: 101.8 | AW79: 103.4 | AX79: 106.5 | AY79: 111 | AZ79: 116.2 | BA79: 117.7 | BB79: 118 | BC79: 118.6
A80: <OBJ_05> | B80: =INDEX(BAP[#All],MATCH(A80,BAP[[#All],[Code]],0),MATCH(TEXT(Info!$B$4,0),BAP[#Headers],0)) -> Construction de bâtiments à plusieurs logements | C80: 27.69 | D80: 84.9 | E80: 85.8 | F80: 88 | G80: 90 | H80: 92.5 | I80: 93.8 | J80: 93.7 | K80: 91.6 | L80: 89.7 | M80: 88.2 | N80: 88.3 | O80: 88.1 | P80: 88.5 | Q80: 89.4 | R80: 90.3 | S80: 91.1 | T80: 94.1 | U80: 96.1 | V80: 97.2 | W80: 98.6 | X80: 100.9 | Y80: 98.7 | Z80: 98.5 | AA80: 98.2 | AB80: 100 | AC80: 101.3 | AD80: 101.6 | AE80: 101.7 | AF80: 101.8 | AG80: 101.7 | AH80: 102.1 | AI80: 102.3 | AJ80: 101.8 | AK80: 101.4 | AL80: 101.7 | AM80: 100.9 | AN80: 101.1 | AO80: 100.9 | AP80: 101.2 | AQ80: 101.4 | AR80: 101.4 | AS80: 102.1 | AT80: 101.3 | AU80: 101.2 | AV80: 101.2 | AW80: 102.5 | AX80: 105.6 | AY80: 109.9 | AZ80: 115.2 | BA80: 116.6 | BB80: 117.2 | BC80: 117.5
A81: <OBJ_06> | B81: =INDEX(BAP[#All],MATCH(A81,BAP[[#All],[Code]],0),MATCH(TEXT(Info!$B$4,0),BAP[#Headers],0)) -> Construction de bâtiments à plusieurs logements en bois | C81: 1.85 | D81: … | E81: … | F81: … | G81: … | H81: … | I81: … | J81: … | K81: … | L81: … | M81: 88.5 | N81: 88.5 | O81: 88 | P81: 88.5 | Q81: 89 | R81: 89.3 | S81: 89.8 | T81: 92.7 | U81: 95.4 | V81: 96.9 | W81: 98.1 | X81: 99.7 | Y81: 97.8 | Z81: 98 | AA81: 98.2 | AB81: 100 | AC81: 101.2 | AD81: 102.3 | AE81: 102.1 | AF81: 102 | AG81: 101.5 | AH81: 102.1 | AI81: 102.1 | AJ81: 102.1 | AK81: 101.8 | AL81: 102.4 | AM81: 102.3 | AN81: 102.4 | AO81: 102.9 | AP81: 102.7 | AQ81: 103.4 | AR81: 104.3 | AS81: 104.3 | AT81: 103.9 | AU81: 103.8 | AV81: 104.1 | AW81: 107.2 | AX81: 111.1 | AY81: 116.1 | AZ81: 120.4 | BA81: 121.9 | BB81: 121.7 | BC81: 122.3
A82: <OBJ_07> | B82: =INDEX(BAP[#All],MATCH(A82,BAP[[#All],[Code]],0),MATCH(TEXT(Info!$B$4,0),BAP[#Headers],0)) -> Construction de maisons individuelles | C82: 4.46 | D82: … | E82: … | F82: … | G82: … | H82: … | I82: … | J82: … | K82: … | L82: … | M82: … | N82: … | O82: … | P82: … | Q82: … | R82: … | S82: … | T82: … | U82: … | V82: … | W82: … | X82: … | Y82: … | Z82: … | AA82: … | AB82: 100 | AC82: 101.2 | AD82: 101.6 | AE82: 101.8 | AF82: 102.4 | AG82: 102.3 | AH82: 103 | AI82: 103.4 | AJ82: 102.8 | AK82: 101.7 | AL82: 102.4 | AM82: 102 | AN82: 102 | AO82: 101.8 | AP82: 102 | AQ82: 103.1 | AR82: 103.3 | AS82: 104.1 | AT82: 103.3 | AU82: 103.4 | AV82: 103.5 | AW82: 104.6 | AX82: 107.8 | AY82: 112.5 | AZ82: 116.6 | BA82: 118.8 | BB82: 119.6 | BC82: 120
A83: <OBJ_08> | B83: =INDEX(BAP[#All],MATCH(A83,BAP[[#All],[Code]],0),MATCH(TEXT(Info!$B$4,0),BAP[#Headers],0)) -> Construction de bâtiments administratifs | C83: 4.23 | D83: 81.4 | E83: 81.9 | F83: 83.5 | G83: 84.2 | H83: 86.6 | I83: 88.9 | J83: 89.8 | K83: 88.8 | L83: 87 | M83: 85.8 | N83: 86 | O83: 85.5 | P83: 85.7 | Q83: 86.8 | R83: 87.2 | S83: 88.7 | T83: 92 | U83: 94.5 | V83: 96 | W83: 98 | X83: 100.3 | Y83: 99.8 | Z83: 99.7 | AA83: 99.6 | AB83: 100 | AC83: 102.2 | AD83: 102.5 | AE83: 102.4 | AF83: 103.9 | AG83: 105.6 | AH83: 105.6 | AI83: 105.2 | AJ83: 104.5 | AK83: 103.6 | AL83: 105.2 | AM83: 103.9 | AN83: 103.2 | AO83: 102.4 | AP83: 101.4 | AQ83: 102.8 | AR83: 102.5 | AS83: 103.2 | AT83: 103.5 | AU83: 103.3 | AV83: 103.3 | AW83: 105 | AX83: 107.5 | AY83: 112.2 | AZ83: 118.1 | BA83: 119.7 | BB83: 119.6 | BC83: 121.4
A84: <OBJ_09> | B84: =INDEX(BAP[#All],MATCH(A84,BAP[[#All],[Code]],0),MATCH(TEXT(Info!$B$4,0),BAP[#Headers],0)) -> Construction de halles industrielles | C84: 2.06 | D84: … | E84: … | F84: … | G84: … | H84: … | I84: … | J84: … | K84: … | L84: … | M84: … | N84: … | O84: … | P84: … | Q84: … | R84: … | S84: … | T84: … | U84: … | V84: … | W84: … | X84: … | Y84: … | Z84: … | AA84: … | AB84: 100 | AC84: 102.1 | AD84: 102.7 | AE84: 103.2 | AF84: 103.6 | AG84: 104.1 | AH84: 104.3 | AI84: 104 | AJ84: 103.6 | AK84: 103 | AL84: 103.4 | AM84: 102.3 | AN84: 102.9 | AO84: 103 | AP84: 104.2 | AQ84: 104.3 | AR84: 104 | AS84: 104.3 | AT84: 103.9 | AU84: 103.8 | AV84: 103.7 | AW84: 106.2 | AX84: 110.3 | AY84: 114.5 | AZ84: 120 | BA84: 120.8 | BB84: 121 | BC84: 121.8
A85: <OBJ_10> | B85: =INDEX(BAP[#All],MATCH(A85,BAP[[#All],[Code]],0),MATCH(TEXT(Info!$B$4,0),BAP[#Headers],0)) -> Rénovation, transformation | C85: 43.66 | AB85: 100 | AC85: 101.3 | AD85: 102.3 | AE85: 103.8 | AF85: 104.2 | AG85: 104.7 | AH85: 105.4 | AI85: 106.3 | AJ85: 106.1 | AK85: 105.9 | AL85: 106.1 | AM85: 105.3 | AN85: 105.3 | AO85: 104.7 | AP85: 103.7 | AQ85: 104.5 | AR85: 104.3 | AS85: 105.3 | AT85: 105 | AU85: 105 | AV85: 104 | AW85: 105.7 | AX85: 109.3 | AY85: 112.6 | AZ85: 117.7 | BA85: 118.3 | BB85: 119.2 | BC85: 120
A86: <OBJ_11> | B86: =INDEX(BAP[#All],MATCH(A86,BAP[[#All],[Code]],0),MATCH(TEXT(Info!$B$4,0),BAP[#Headers],0)) -> Rénovation de bâtiments à plusieurs logements | C86: 21.12 | D86: 84.5 | E86: 84.4 | F86: 86.2 | G86: 86.4 | H86: 88.1 | I86: 89.7 | J86: 89.9 | K86: 89.4 | L86: 88.9 | M86: 87.7 | N86: 88.1 | O86: 87.7 | P86: 87.9 | Q86: 88.7 | R86: 88.6 | S86: 89.7 | T86: 91.9 | U86: 95.1 | V86: 96.3 | W86: 97.9 | X86: 99.6 | Y86: 99.5 | Z86: 99.6 | AA86: 98.9 | AB86: 100 | AC86: 101.2 | AD86: 102 | AE86: 102.6 | AF86: 102.6 | AG86: 102.7 | AH86: 103.3 | AI86: 104 | AJ86: 103.9 | AK86: 103.6 | AL86: 103.8 | AM86: 102.5 | AN86: 102.9 | AO86: 103 | AP86: 103.3 | AQ86: 104.1 | AR86: 103.9 | AS86: 105.2 | AT86: 104.6 | AU86: 104.4 | AV86: 103.9 | AW86: 104.9 | AX86: 108.5 | AY86: 112.3 | AZ86: 117.2 | BA86: 117.9 | BB86: 119.1 | BC86: 119.4
A87: <OBJ_12> | B87: =INDEX(BAP[#All],MATCH(A87,BAP[[#All],[Code]],0),MATCH(TEXT(Info!$B$4,0),BAP[#Headers],0)) -> Rénovation de bâtiments administratifs | C87: 22.54 | D87: … | E87: … | F87: … | G87: … | H87: … | I87: … | J87: … | K87: … | L87: … | M87: … | N87: … | O87: … | P87: … | Q87: … | R87: … | S87: … | T87: … | U87: … | V87: … | W87: … | X87: … | Y87: … | Z87: … | AA87: … | AB87: 100 | AC87: 101.5 | AD87: 102.5 | AE87: 104.9 | AF87: 105.8 | AG87: 106.5 | AH87: 107.3 | AI87: 108.4 | AJ87: 108.2 | AK87: 108 | AL87: 108.3 | AM87: 108.1 | AN87: 109.1 | AO87: 107.4 | AP87: 106.4 | AQ87: 107.2 | AR87: 106.5 | AS87: 107.6 | AT87: 107.8 | AU87: 108.1 | AV87: 107.6 | AW87: 110.1 | AX87: 113.7 | AY87: 116.7 | AZ87: 122.1 | BA87: 122.6 | BB87: 123.2 | BC87: 124.5
A88: <OBJ_13> | B88: =INDEX(BAP[#All],MATCH(A88,BAP[[#All],[Code]],0),MATCH(TEXT(Info!$B$4,0),BAP[#Headers],0)) -> Génie civil | C88: 16.05 | D88: 84.3 | E88: 87 | F88: 91 | G88: 98.4 | H88: 97.2 | I88: 99.3 | J88: 95.7 | K88: 92.3 | L88: 90.2 | M88: 86.4 | N88: 84.3 | O88: 85.7 | P88: 86.1 | Q88: 87.4 | R88: 89.9 | S88: 91 | T88: 93.9 | U88: 96.9 | V88: 97 | W88: 97.8 | X88: 99.4 | Y88: 96.7 | Z88: 100.1 | AA88: 98.9 | AB88: 100 | AC88: 103.4 | AD88: 106.1 | AE88: 105.8 | AF88: 107.2 | AG88: 107.6 | AH88: 109.3 | AI88: 106.5 | AJ88: 106.1 | AK88: 106 | AL88: 105.9 | AM88: 106.8 | AN88: 108.4 | AO88: 108.4 | AP88: 109 | AQ88: 109.3 | AR88: 110.6 | AS88: 111.2 | AT88: 111.8 | AU88: 112 | AV88: 113.2 | AW88: 112.4 | AX88: 114.7 | AY88: 119.3 | AZ88: 125.2 | BA88: 125.4 | BB88: 125.8 | BC88: 127.2
A89: <OBJ_14> | B89: =INDEX(BAP[#All],MATCH(A89,BAP[[#All],[Code]],0),MATCH(TEXT(Info!$B$4,0),BAP[#Headers],0)) -> Construction de routes | C89: 12.89 | D89: 88.2 | E89: 90.9 | F89: 95.1 | G89: 102.9 | H89: 101.6 | I89: 103.8 | J89: 100.9 | K89: 96.1 | L89: 94.3 | M89: 91 | N89: 89.6 | O89: 90.9 | P89: 89.1 | Q89: 89.9 | R89: 93.3 | S89: 93.5 | T89: 96.6 | U89: 99.4 | V89: 98.9 | W89: 99 | X89: 99.1 | Y89: 96.6 | Z89: 101.6 | AA89: 99 | AB89: 100 | AC89: 103.5 | AD89: 106.6 | AE89: 106.4 | AF89: 108 | AG89: 108.7 | AH89: 110.6 | AI89: 107.6 | AJ89: 107 | AK89: 107 | AL89: 107.1 | AM89: 108.2 | AN89: 110.4 | AO89: 110.7 | AP89: 110.9 | AQ89: 111.2 | AR89: 112.6 | AS89: 113.3 | AT89: 113.7 | AU89: 114.2 | AV89: 115.7 | AW89: 116 | AX89: 118.3 | AY89: 121.1 | AZ89: 127.1 | BA89: 126.9 | BB89: 126.6 | BC89: 127.8
A90: <OBJ_15> | B90: =INDEX(BAP[#All],MATCH(A90,BAP[[#All],[Code]],0),MATCH(TEXT(Info!$B$4,0),BAP[#Headers],0)) -> Construction de passages inférieurs | C90: 2.5 | D90: … | E90: … | F90: … | G90: … | H90: … | I90: 95.2 | J90: 90.9 | K90: 88.9 | L90: 86.5 | M90: 82.2 | N90: 79.4 | O90: 81 | P90: 83.4 | Q90: 85.1 | R90: 86.8 | S90: 88.8 | T90: 91.4 | U90: 94.6 | V90: 95.3 | W90: 96.8 | X90: 99.7 | Y90: 96.8 | Z90: 98.7 | AA90: 98.8 | AB90: 100 | AC90: 103.3 | AD90: 104.7 | AE90: 103.8 | AF90: 104.2 | AG90: 103.3 | AH90: 104.4 | AI90: 102.1 | AJ90: 102.2 | AK90: 102.1 | AL90: 100.1 | AM90: 100.4 | AN90: 99.6 | AO90: 98.4 | AP90: 100.8 | AQ90: 100.6 | AR90: 101.9 | AS90: 102 | AT90: 103.7 | AU90: 102.3 | AV90: 102.3 | AW90: 103.6 | AX90: 105 | AY90: 110.9 | AZ90: 114.6 | BA90: 114.4 | BB90: 112.6 | BC90: 114.2
A91: <OBJ_16> | B91: =INDEX(BAP[#All],MATCH(A91,BAP[[#All],[Code]],0),MATCH(TEXT(Info!$B$4,0),BAP[#Headers],0)) -> Construction de parois antibruit | C91: 0.66 | D91: … | E91: … | F91: … | G91: … | H91: … | I91: … | J91: … | K91: … | L91: … | M91: … | N91: … | O91: … | P91: … | Q91: … | R91: … | S91: … | T91: … | U91: … | V91: … | W91: … | X91: … | Y91: … | Z91: … | AA91: … | AB91: 100 | AC91: 101.3 | AD91: 102.2 | AE91: 101.8 | AF91: 103.1 | AG91: 103 | AH91: 103.4 | AI91: 102.9 | AJ91: 102.9 | AK91: 101 | AL91: 103 | AM91: 103.9 | AN91: 103.7 | AO91: 104.4 | AP91: 106.7 | AQ91: 105.6 | AR91: 106.8 | AS91: 107.5 | AT91: 107.1 | AU91: 107.9 | AV91: 108.5 | AW91: 109.5 | AX91: 111 | AY91: 115.8 | AZ91: 120.7 | BA91: 121.3 | BB91: 121.8 | BC91: 120.3
A93: <REG_06> | B93: =INDEX(BAP[#All],MATCH(A93,BAP[[#All],[Code]],0),MATCH(TEXT(Info!$B$4,0),BAP[#Headers],0)) -> Suisse orientale
A94: <OBJ_02> | B94: =INDEX(BAP[#All],MATCH(A94,BAP[[#All],[Code]],0),MATCH(TEXT(Info!$B$4,0),BAP[#Headers],0)) -> Construction : total | C94: 100 | D94: 81.5 | E94: 81.7 | F94: 84.5 | G94: 85.5 | H94: 87.3 | I94: 88.8 | J94: 88.8 | K94: 88.2 | L94: 87.7 | M94: 86.7 | N94: 87.8 | O94: 87.8 | P94: 88.9 | Q94: 89.2 | R94: 90.7 | S94: 91.1 | T94: 93.1 | U94: 95.1 | V94: 97.2 | W94: 99.7 | X94: 101.7 | Y94: 99.7 | Z94: 100.2 | AA94: 99.1 | AB94: 100 | AC94: 102.2 | AD94: 103.4 | AE94: 101.9 | AF94: 101.8 | AG94: 102 | AH94: 103 | AI94: 102.5 | AJ94: 102.3 | AK94: 101 | AL94: 101.4 | AM94: 100.9 | AN94: 100.4 | AO94: 100.9 | AP94: 99.8 | AQ94: 101.6 | AR94: 102 | AS94: 102 | AT94: 102.7 | AU94: 103.2 | AV94: 103.2 | AW94: 104.2 | AX94: 106.5 | AY94: 112.7 | AZ94: 116.7 | BA94: 117.4 | BB94: 118.4 | BC94: 119.6
A95: <OBJ_03> | B95: =INDEX(BAP[#All],MATCH(A95,BAP[[#All],[Code]],0),MATCH(TEXT(Info!$B$4,0),BAP[#Headers],0)) -> Bâtiment | C95: 79.99 | D95: 82.4 | E95: 82.5 | F95: 84.8 | G95: 86 | H95: 86.5 | I95: 88.9 | J95: 89.1 | K95: 88.9 | L95: 88 | M95: 86.9 | N95: 88 | O95: 87.7 | P95: 89.1 | Q95: 89.6 | R95: 90.8 | S95: 91.3 | T95: 93 | U95: 94.9 | V95: 96.4 | W95: 99.1 | X95: 100.9 | Y95: 99.5 | Z95: 100 | AA95: 98.4 | AB95: 100 | AC95: 101.5 | AD95: 102.4 | AE95: 100.9 | AF95: 100.7 | AG95: 101 | AH95: 102.1 | AI95: 101.4 | AJ95: 101.4 | AK95: 100.4 | AL95: 100.9 | AM95: 99.9 | AN95: 98.7 | AO95: 99 | AP95: 98.2 | AQ95: 100.3 | AR95: 100.5 | AS95: 100.8 | AT95: 101.4 | AU95: 102.2 | AV95: 102.6 | AW95: 104 | AX95: 107.2 | AY95: 112.1 | AZ95: 115.9 | BA95: 116.5 | BB95: 117.6 | BC95: 118.7
A96: <OBJ_04> | B96: =INDEX(BAP[#All],MATCH(A96,BAP[[#All],[Code]],0),MATCH(TEXT(Info!$B$4,0),BAP[#Headers],0)) -> Nouvelle construction | C96: 44.48 | D96: … | E96: … | F96: … | G96: … | H96: … | I96: … | J96: … | K96: … | L96: … | M96: … | N96: … | O96: … | P96: … | Q96: … | R96: … | S96: … | T96: … | U96: … | V96: … | W96: … | X96: … | Y96: … | Z96: … | AA96: … | AB96: 100 | AC96: 101.7 | AD96: 102.5 | AE96: 101.2 | AF96: 101 | AG96: 101.3 | AH96: 102.4 | AI96: 101.6 | AJ96: 101.2 | AK96: 99.8 | AL96: 100.4 | AM96: 100.2 | AN96: 99 | AO96: 99.8 | AP96: 99.5 | AQ96: 101.7 | AR96: 101.8 | AS96: 101.9 | AT96: 102.6 | AU96: 103.4 | AV96: 103.8 | AW96: 105.4 | AX96: 109 | AY96: 114.3 | AZ96: 117.9 | BA96: 119.1 | BB96: 119.6 | BC96: 121.2
A97: <OBJ_05> | B97: =INDEX(BAP[#All],MATCH(A97,BAP[[#All],[Code]],0),MATCH(TEXT(Info!$B$4,0),BAP[#Headers],0)) -> Construction de bâtiments à plusieurs logements | C97: 21.1 | D97: 84.1 | E97: 84.4 | F97: 86.3 | G97: 88 | H97: 88.4 | I97: 90.8 | J97: 90.6 | K97: 89.4 | L97: 88.7 | M97: 87.4 | N97: 88.4 | O97: 87.9 | P97: 89.5 | Q97: 90.1 | R97: 91.1 | S97: 91.4 | T97: 93.2 | U97: 95.3 | V97: 96.6 | W97: 99.8 | X97: 101.7 | Y97: 99.3 | Z97: 100.2 | AA97: 98.3 | AB97: 100 | AC97: 101.6 | AD97: 102.1 | AE97: 100.9 | AF97: 100.5 | AG97: 100.8 | AH97: 102 | AI97: 101.4 | AJ97: 101 | AK97: 99.8 | AL97: 100.5 | AM97: 100.5 | AN97: 99.3 | AO97: 100.3 | AP97: 100.1 | AQ97: 102 | AR97: 102.2 | AS97: 102.2 | AT97: 102.8 | AU97: 103.8 | AV97: 104.1 | AW97: 105.4 | AX97: 108.7 | AY97: 114.2 | AZ97: 118 | BA97: 119.3 | BB97: 120 | BC97: 121.7
A98: <OBJ_06> | B98: =INDEX(BAP[#All],MATCH(A98,BAP[[#All],[Code]],0),MATCH(TEXT(Info!$B$4,0),BAP[#Headers],0)) -> Construction de bâtiments à plusieurs logements en bois | C98: 3.59 | D98: … | E98: … | F98: … | G98: … | H98: … | I98: … | J98: … | K98: … | L98: … | M98: 87.7 | N98: 89 | O98: 88.5 | P98: 89.7 | Q98: 89.5 | R98: 90.3 | S98: 91.3 | T98: 92.7 | U98: 95.2 | V98: 95.8 | W98: 99.4 | X98: 100.9 | Y98: 99.4 | Z98: 99.7 | AA98: 97.9 | AB98: 100 | AC98: 102.1 | AD98: 102.5 | AE98: 101.3 | AF98: 101.1 | AG98: 101.5 | AH98: 102 | AI98: 101.4 | AJ98: 100.8 | AK98: 100.2 | AL98: 101.3 | AM98: 100.9 | AN98: 100.1 | AO98: 100.5 | AP98: 100.7 | AQ98: 103.4 | AR98: 104.1 | AS98: 103.9 | AT98: 104.8 | AU98: 105.4 | AV98: 106.4 | AW98: 109.4 | AX98: 114.6 | AY98: 119.5 | AZ98: 122.6 | BA98: 123.9 | BB98: 123.3 | BC98: 125.5
A99: <OBJ_07> | B99: =INDEX(BAP[#All],MATCH(A99,BAP[[#All],[Code]],0),MATCH(TEXT(Info!$B$4,0),BAP[#Headers],0)) -> Construction de maisons individuelles | C99: 9.93 | D99: … | E99: … | F99: … | G99: … | H99: … | I99: … | J99: … | K99: … | L99: … | M99: … | N99: … | O99: … | P99: … | Q99: … | R99: … | S99: … | T99: … | U99: … | V99: … | W99: … | X99: … | Y99: … | Z99: … | AA99: … | AB99: 100 | AC99: 102.3 | AD99: 102.6 | AE99: 101.6 | AF99: 102 | AG99: 101.7 | AH99: 103.3 | AI99: 102.7 | AJ99: 102.4 | AK99: 100.7 | AL99: 101.2 | AM99: 101 | AN99: 99.4 | AO99: 100.2 | AP99: 99.9 | AQ99: 102.8 | AR99: 102.6 | AS99: 102.8 | AT99: 103.4 | AU99: 104.1 | AV99: 104.8 | AW99: 105.6 | AX99: 109.2 | AY99: 113.9 | AZ99: 116.9 | BA99: 118.3 | BB99: 119.2 | BC99: 120.6
A100: <OBJ_08> | B100: =INDEX(BAP[#All],MATCH(A100,BAP[[#All],[Code]],0),MATCH(TEXT(Info!$B$4,0),BAP[#Headers],0)) -> Construction de bâtiments administratifs | C100: 3.69 | D100: 80 | E100: 79.5 | F100: 82 | G100: 82.5 | H100: 82.9 | I100: 86.1 | J100: 88.1 | K100: 87.2 | L100: 86.5 | M100: 86 | N100: 86.8 | O100: 86.2 | P100: 87.6 | Q100: 88.3 | R100: 89.2 | S100: 89.9 | T100: 92.5 | U100: 94.5 | V100: 96.2 | W100: 98.4 | X100: 100.5 | Y100: 99.5 | Z100: 99.7 | AA100: 97.7 | AB100: 100 | AC100: 101.2 | AD100: 103.7 | AE100: 100.4 | AF100: 100.5 | AG100: 102 | AH100: 102.7 | AI100: 100.3 | AJ100: 99.9 | AK100: 97.6 | AL100: 98.1 | AM100: 96.3 | AN100: 96 | AO100: 94.7 | AP100: 93.4 | AQ100: 95.7 | AR100: 95.3 | AS100: 96.1 | AT100: 97.3 | AU100: 97.5 | AV100: 97.4 | AW100: 99.4 | AX100: 101.8 | AY100: 107.8 | AZ100: 112.4 | BA100: 112.4 | BB100: 112.8 | BC100: 113.8
A101: <OBJ_09> | B101: =INDEX(BAP[#All],MATCH(A101,BAP[[#All],[Code]],0),MATCH(TEXT(Info!$B$4,0),BAP[#Headers],0)) -> Construction de halles industrielles | C101: 6.17 | D101: … | E101: … | F101: … | G101: … | H101: … | I101: … | J101: … | K101: … | L101: … | M101: … | N101: … | O101: … | P101: … | Q101: … | R101: … | S101: … | T101: … | U101: … | V101: … | W101: … | X101: … | Y101: … | Z101: … | AA101: … | AB101: 100 | AC101: 102 | AD101: 102.8 | AE101: 102 | AF101: 101.5 | AG101: 101.7 | AH101: 102.8 | AI101: 101.7 | AJ101: 100.8 | AK101: 99.4 | AL101: 100 | AM101: 98.9 | AN101: 98.3 | AO101: 99.5 | AP101: 100.3 | AQ101: 102 | AR101: 101.9 | AS101: 101.8 | AT101: 103 | AU101: 103.2 | AV101: 103.3 | AW101: 106 | AX101: 109.9 | AY101: 115.8 | AZ101: 118.9 | BA101: 119.4 | BB101: 119.3 | BC101: 121.1
A102: <OBJ_10> | B102: =INDEX(BAP[#All],MATCH(A102,BAP[[#All],[Code]],0),MATCH(TEXT(Info!$B$4,0),BAP[#Headers],0)) -> Rénovation, transformation | C102: 35.51 | AB102: 100 | AC102: 101.2 | AD102: 102.3 | AE102: 100.5 | AF102: 100.4 | AG102: 100.6 | AH102: 101.8 | AI102: 101.2 | AJ102: 101.6 | AK102: 101.2 | AL102: 101.6 | AM102: 99.5 | AN102: 98 | AO102: 97.8 | AP102: 96.2 | AQ102: 98.1 | AR102: 98.5 | AS102: 99 | AT102: 99.5 | AU102: 100.3 | AV102: 100.7 | AW102: 102 | AX102: 104.6 | AY102: 108.8 | AZ102: 112.9 | BA102: 112.9 | BB102: 114.7 | BC102: 115.2
A103: <OBJ_11> | B103: =INDEX(BAP[#All],MATCH(A103,BAP[[#All],[Code]],0),MATCH(TEXT(Info!$B$4,0),BAP[#Headers],0)) -> Rénovation de bâtiments à plusieurs logements | C103: 22.06 | D103: 81.1 | E103: 81.2 | F103: 84 | G103: 84.7 | H103: 85.5 | I103: 87.5 | J103: 87.5 | K103: 88.8 | L103: 87.6 | M103: 86.5 | N103: 87.9 | O103: 88 | P103: 89.2 | Q103: 89.5 | R103: 91 | S103: 91.6 | T103: 92.9 | U103: 94.7 | V103: 96.1 | W103: 98.5 | X103: 99.9 | Y103: 99.9 | Z103: 99.7 | AA103: 98.8 | AB103: 100 | AC103: 101.3 | AD103: 102.2 | AE103: 100.6 | AF103: 100.4 | AG103: 100.1 | AH103: 101.2 | AI103: 100.9 | AJ103: 101.2 | AK103: 100.4 | AL103: 100.6 | AM103: 99.6 | AN103: 98.1 | AO103: 99.6 | AP103: 99 | AQ103: 101.6 | AR103: 101.9 | AS103: 102.1 | AT103: 103 | AU103: 104.1 | AV103: 104.5 | AW103: 105.7 | AX103: 108.9 | AY103: 113.1 | AZ103: 117.4 | BA103: 117.7 | BB103: 119.6 | BC103: 119.9
A104: <OBJ_12> | B104: =INDEX(BAP[#All],MATCH(A104,BAP[[#All],[Code]],0),MATCH(TEXT(Info!$B$4,0),BAP[#Headers],0)) -> Rénovation de bâtiments administratifs | C104: 13.45 | D104: … | E104: … | F104: … | G104: … | H104: … | I104: … | J104: … | K104: … | L104: … | M104: … | N104: … | O104: … | P104: … | Q104: … | R104: … | S104: … | T104: … | U104: … | V104: … | W104: … | X104: … | Y104: … | Z104: … | AA104: … | AB104: 100 | AC104: 101 | AD104: 102.6 | AE104: 100.4 | AF104: 100.3 | AG104: 101.5 | AH104: 102.7 | AI104: 101.7 | AJ104: 102.2 | AK104: 102.4 | AL104: 103.1 | AM104: 102.2 | AN104: 101.5 | AO104: 101.5 | AP104: 99.7 | AQ104: 103.6 | AR104: 104.2 | AS104: 104.6 | AT104: 106.3 | AU104: 105.8 | AV104: 105.9 | AW104: 107.5 | AX104: 109.1 | AY104: 114.1 | AZ104: 117.9 | BA104: 117.2 | BB104: 119.4 | BC104: 120.1
A105: <OBJ_13> | B105: =INDEX(BAP[#All],MATCH(A105,BAP[[#All],[Code]],0),MATCH(TEXT(Info!$B$4,0),BAP[#Headers],0)) -> Génie civil | C105: 20.01 | D105: 78.9 | E105: 79.3 | F105: 83.5 | G105: 84 | H105: 89.7 | I105: 88.7 | J105: 87.7 | K105: 86.4 | L105: 86.8 | M105: 86.3 | N105: 87.1 | O105: 88 | P105: 88.2 | Q105: 88.1 | R105: 90.5 | S105: 90.6 | T105: 93.4 | U105: 95.6 | V105: 99.7 | W105: 101.2 | X105: 104 | Y105: 100.3 | Z105: 100.8 | AA105: 101.1 | AB105: 100 | AC105: 105.1 | AD105: 107.4 | AE105: 105.8 | AF105: 106 | AG105: 105.8 | AH105: 106.7 | AI105: 106.6 | AJ105: 106 | AK105: 103.3 | AL105: 103 | AM105: 104.7 | AN105: 107.6 | AO105: 108.8 | AP105: 106.4 | AQ105: 107.1 | AR105: 108 | AS105: 107 | AT105: 108.3 | AU105: 107.3 | AV105: 105.6 | AW105: 105.5 | AX105: 105.1 | AY105: 115.4 | AZ105: 119.8 | BA105: 120.9 | BB105: 121.5 | BC105: 123
A106: <OBJ_14> | B106: =INDEX(BAP[#All],MATCH(A106,BAP[[#All],[Code]],0),MATCH(TEXT(Info!$B$4,0),BAP[#Headers],0)) -> Construction de routes | C106: 16.08 | D106: 81.3 | E106: 81.8 | F106: 86.2 | G106: 86.6 | H106: 92.5 | I106: 91.5 | J106: 89.5 | K106: 87.3 | L106: 88.2 | M106: 87.3 | N106: 88.3 | O106: 87.8 | P106: 86.6 | Q106: 88.4 | R106: 90.8 | S106: 91.7 | T106: 93.6 | U106: 96.9 | V106: 100.3 | W106: 101.6 | X106: 104 | Y106: 101.6 | Z106: 102.5 | AA106: 102 | AB106: 100 | AC106: 105.1 | AD106: 107.7 | AE106: 105.9 | AF106: 106.1 | AG106: 105.9 | AH106: 106.8 | AI106: 107.1 | AJ106: 106.3 | AK106: 103.4 | AL106: 103.1 | AM106: 104.9 | AN106: 107.2 | AO106: 108.6 | AP106: 106.2 | AQ106: 107.6 | AR106: 108.2 | AS106: 107.3 | AT106: 108.7 | AU106: 107.9 | AV106: 106.6 | AW106: 107.1 | AX106: 107 | AY106: 114.9 | AZ106: 119.3 | BA106: 120.7 | BB106: 121.6 | BC106: 123.3
...

Sheet 2015
C1: <POND_02> | D1: <Date_Mois_Octobre> | E1: <Date_Mois_Avril>
A2: <cc-05.05.01_Titre> | B2: =INDEX(BAP[#All],MATCH(A2,BAP[[#All],[Code]],0),MATCH(TEXT(Info!$B$4,0),BAP[#Headers],0)) -> Indice suisse des prix de la construction - Evolution des prix de la construction
A3: <cc-05.05.01_Sous-tItre> | B3: =INDEX(BAP[#All],MATCH(A3,BAP[[#All],[Code]],0),MATCH(TEXT(Info!$B$4,0),BAP[#Headers],0)) -> Valeurs de l'Indice par grande région et par type d'objet
A4: <BASE_2015> | B4: =INDEX(BAP[#All],MATCH(A4,BAP[[#All],[Code]],0),MATCH(TEXT(Info!$B$4,0),BAP[#Headers],0)) -> Base octobre 2015 = 100
C5: =INDEX(BAP[#All],MATCH(C1,BAP[[#All],[Code]],0),MATCH(TEXT(Info!$B$4,0),BAP[#Headers],0)) -> Pondération en % | D5: =INDEX(BAP[#All],MATCH(D1,BAP[[#All],[Code]],0),MATCH(TEXT(Info!$B$4,0),BAP[#Headers],0)) -> Octobre | E5: =INDEX(BAP[#All],MATCH(E1,BAP[[#All],[Code]],0),MATCH(TEXT(Info!$B$4,0),BAP[#Headers],0)) -> Avril | F5: =D5 -> Octobre | G5: =E5 -> Avril | H5: =F5 -> Octobre | I5: =G5 -> Avril | J5: =H5 -> Octobre | K5: =I5 -> Avril | L5: =J5 -> Octobre | M5: =K5 -> Avril | ... BB5: =AZ5 -> Octobre | BC5: =+BA5 -> Avril
D6: 1998 | E6: 1999 | F6: 1999 | G6: 2000 | H6: 2000 | I6: 2001 | J6: 2001 | K6: 2002 | L6: 2002 | M6: 2003 | N6: 2003 | O6: 2004 | P6: 2004 | Q6: 2005 | R6: 2005 | S6: 2006 | T6: 2006 | U6: 2007 | V6: 2007 | W6: 2008 | X6: 2008 | Y6: 2009 | Z6: 2009 | AA6: 2010 | AB6: 2010 | AC6: 2011 | AD6: 2011 | AE6: 2012 | AF6: 2012 | AG6: 2013 | AH6: 2013 | AI6: 2014 | AJ6: 2014 | AK6: 2015 | AL6: 2015 | AM6: 2016 | AN6: 2016 | AO6: 2017 | AP6: 2017 | AQ6: 2018 | AR6: 2018 | AS6: 2019 | AT6: 2019 | AU6: 2020 | AV6: 2020 | AW6: 2021 | AX6: 2021 | AY6: 2022 | AZ6: 2022 | BA6: 2023 | BB6: 2023 | BC6: 2024
A8: <REG_01> | B8: =INDEX(BAP[#All],MATCH(A8,BAP[[#All],[Code]],0),MATCH(TEXT(Info!$B$4,0),BAP[#Headers],0)) -> Suisse
A9: <OBJ_02> | B9: =INDEX(BAP[#All],MATCH(A9,BAP[[#All],[Code]],0),MATCH(TEXT(Info!$B$4,0),BAP[#Headers],0)) -> Construction : total | C9: 100 | D9: 78.5 | E9: 79.3 | F9: 81.4 | G9: 82.9 | H9: 84.8 | I9: 86.8 | J9: 86.7 | K9: 86.1 | L9: 85.3 | M9: 84.4 | N9: 84.6 | O9: 85 | P9: 86.7 | Q9: 87.2 | R9: 88.4 | S9: 89.4 | T9: 91.6 | U9: 93.3 | V9: 95 | W9: 96.8 | X9: 98.5 | Y9: 96.5 | Z9: 96.6 | AA9: 96.6 | AB9: 97.4 | AC9: 98.8 | AD9: 99.4 | AE9: 99.4 | AF9: 99.7 | AG9: 99.9 | AH9: 100.4 | AI9: 100.3 | AJ9: 100.1 | AK9: 99.5 | AL9: 100 | AM9: 99.5 | AN9: 99 | AO9: 98.6 | AP9: 98.7 | AQ9: 99 | AR9: 99.3 | AS9: 99.8 | AT9: 99.7 | AU9: 100 | AV9: 99.7 | AW9: 101.1 | AX9: 103.8 | AY9: 108.9 | AZ9: 112.4 | BA9: 113.6 | BB9: 114.2 | BC9: 114.7
A10: <OBJ_03> | B10: =INDEX(BAP[#All],MATCH(A10,BAP[[#All],[Code]],0),MATCH(TEXT(Info!$B$4,0),BAP[#Headers],0)) -> Bâtiment | C10: 80.89 | D10: 79.8 | E10: 80.4 | F10: 82.2 | G10: 83.6 | H10: 85.4 | I10: 87 | J10: 87.2 | K10: 86.9 | L10: 86.2 | M10: 85.1 | N10: 85.2 | O10: 85.2 | P10: 86.7 | Q10: 87.5 | R10: 88.3 | S10: 89.4 | T10: 91.5 | U10: 93.2 | V10: 94.9 | W10: 97 | X10: 98.6 | Y10: 97.2 | Z10: 97.2 | AA10: 96.9 | AB10: 97.9 | AC10: 99.2 | AD10: 99.7 | AE10: 99.6 | AF10: 99.8 | AG10: 99.9 | AH10: 100.4 | AI10: 100.4 | AJ10: 100.1 | AK10: 99.5 | AL10: 100 | AM10: 99.4 | AN10: 98.8 | AO10: 98.3 | AP10: 98.4 | AQ10: 98.9 | AR10: 99 | AS10: 99.6 | AT10: 99.4 | AU10: 99.6 | AV10: 99.3 | AW10: 100.8 | AX10: 103.9 | AY10: 109 | AZ10: 112.4 | BA10: 113.5 | BB10: 114 | BC10: 114.4
A11: <OBJ_04> | B11: =INDEX(BAP[#All],MATCH(A11,BAP[[#All],[Code]],0),MATCH(TEXT(Info!$B$4,0),BAP[#Headers],0)) -> Nouvelle construction | C11: 46.97 | D11: 80.6 | E11: 81.4 | F11: 83.3 | G11: 85 | H11: 86.8 | I11: 88.5 | J11: 88.6 | K11: 88.1 | L11: 87.2 | M11: 85.9 | N11: 85.9 | O11: 85.9 | P11: 87.6 | Q11: 88.4 | R11: 89.2 | S11: 90.3 | T11: 92.6 | U11: 94.1 | V11: 95.8 | W11: 97.8 | X11: 99.7 | Y11: 97.6 | Z11: 97.4 | AA11: 97.1 | AB11: 98.4 | AC11: 99.8 | AD11: 100.1 | AE11: 99.9 | AF11: 100 | AG11: 100.2 | AH11: 100.6 | AI11: 100.6 | AJ11: 100.2 | AK11: 99.5 | AL11: 100 | AM11: 99.6 | AN11: 99 | AO11: 98.8 | AP11: 99.2 | AQ11: 99.7 | AR11: 99.9 | AS11: 100.3 | AT11: 100.3 | AU11: 100.4 | AV11: 100.3 | AW11: 101.9 | AX11: 105.2 | AY11: 110.5 | AZ11: 114.1 | BA11: 115.5 | BB11: 115.8 | BC11: 116.2
A12: <OBJ_05> | B12: =INDEX(BAP[#All],MATCH(A12,BAP[[#All],[Code]],0),MATCH(TEXT(Info!$B$4,0),BAP[#Headers],0)) -> Construction de bâtiments à plusieurs logements | C12: 26.49 | D12: 81.7 | E12: 82.5 | F12: 84.2 | G12: 86.1 | H12: 88 | I12: 89.7 | J12: 89.4 | K12: 88.8 | L12: 87.8 | M12: 86.4 | N12: 86.5 | O12: 86.4 | P12: 88.3 | Q12: 89 | R12: 89.9 | S12: 90.9 | T12: 93.2 | U12: 94.5 | V12: 96.2 | W12: 98.2 | X12: 100.1 | Y12: 97.8 | Z12: 97.6 | AA12: 97.3 | AB12: 98.6 | AC12: 99.9 | AD12: 100.1 | AE12: 99.9 | AF12: 99.9 | AG12: 100 | AH12: 100.4 | AI12: 100.6 | AJ12: 100.1 | AK12: 99.5 | AL12: 100 | AM12: 99.7 | AN12: 99.2 | AO12: 99 | AP12: 99.6 | AQ12: 100 | AR12: 100.2 | AS12: 100.6 | AT12: 100.5 | AU12: 100.7 | AV12: 100.5 | AW12: 101.9 | AX12: 105.1 | AY12: 110.3 | AZ12: 114.1 | BA12: 115.5 | BB12: 116.1 | BC12: 116.3
A13: <OBJ_06> | B13: =INDEX(BAP[#All],MATCH(A13,BAP[[#All],[Code]],0),MATCH(TEXT(Info!$B$4,0),BAP[#Headers],0)) -> Construction de bâtiments à plusieurs logements en bois | C13: 4.38 | D13: … | E13: … | F13: … | G13: … | H13: … | I13: … | J13: … | K13: … | L13: … | M13: 86.3 | N13: 86.4 | O13: 86.2 | P13: 87.7 | Q13: 88.3 | R13: 89 | S13: 90.1 | T13: 92.2 | U13: 94 | V13: 95.4 | W13: 97.6 | X13: 99.2 | Y13: 97.1 | Z13: 97 | AA13: 96.7 | AB13: 98.2 | AC13: 99.8 | AD13: 100.5 | AE13: 99.9 | AF13: 99.8 | AG13: 99.7 | AH13: 100.1 | AI13: 100.2 | AJ13: 99.9 | AK13: 99.4 | AL13: 100 | AM13: 99.8 | AN13: 99.2 | AO13: 99.2 | AP13: 99.3 | AQ13: 100.1 | AR13: 100.4 | AS13: 100.6 | AT13: 100.1 | AU13: 100.3 | AV13: 100.8 | AW13: 103.4 | AX13: 107.6 | AY13: 113 | AZ13: 116 | BA13: 117.4 | BB13: 116.8 | BC13: 117.5
A14: <OBJ_07> | B14: =INDEX(BAP[#All],MATCH(A14,BAP[[#All],[Code]],0),MATCH(TEXT(Info!$B$4,0),BAP[#Headers],0)) -> Construction de maisons individuelles | C14: 5.86 | D14: … | E14: … | F14: … | G14: … | H14: … | I14: … | J14: … | K14: … | L14: … | M14: … | N14: … | O14: … | P14: … | Q14: … | R14: … | S14: … | T14: … | U14: … | V14: … | W14: … | X14: … | Y14: … | Z14: … | AA14: … | AB14: 98 | AC14: 99.4 | AD14: 99.6 | AE14: 99.5 | AF14: 99.7 | AG14: 99.5 | AH14: 100.2 | AI14: 100.8 | AJ14: 100.4 | AK14: 99.4 | AL14: 100 | AM14: 99.7 | AN14: 99 | AO14: 98.5 | AP14: 98.9 | AQ14: 100 | AR14: 99.9 | AS14: 100.5 | AT14: 100.4 | AU14: 100.6 | AV14: 100.6 | AW14: 101.5 | AX14: 104.4 | AY14: 109.6 | AZ14: 112.6 | BA14: 114.3 | BB14: 114.8 | BC14: 115.3
A15: <OBJ_08> | B15: =INDEX(BAP[#All],MATCH(A15,BAP[[#All],[Code]],0),MATCH(TEXT(Info!$B$4,0),BAP[#Headers],0)) -> Construction de bâtiments administratifs | C15: 6.34 | D15: 77.6 | E15: 78.3 | F15: 80.7 | G15: 81.7 | H15: 83.4 | I15: 85.4 | J15: 86.4 | K15: 86.4 | L15: 85.7 | M15: 84.7 | N15: 84.7 | O15: 84.6 | P15: 85.8 | Q15: 86.9 | R15: 87.4 | S15: 88.8 | T15: 91.3 | U15: 93.2 | V15: 95.3 | W15: 97.3 | X15: 98.9 | Y15: 97.9 | Z15: 97.6 | AA15: 97.3 | AB15: 98.3 | AC15: 100.3 | AD15: 100.7 | AE15: 100.1 | AF15: 100.5 | AG15: 101.4 | AH15: 101.7 | AI15: 100.6 | AJ15: 100.6 | AK15: 99.5 | AL15: 100 | AM15: 99 | AN15: 98.4 | AO15: 97.7 | AP15: 97.1 | AQ15: 97.4 | AR15: 97.4 | AS15: 97.8 | AT15: 98.4 | AU15: 98.4 | AV15: 98.1 | AW15: 99.9 | AX15: 102.8 | AY15: 108.6 | AZ15: 112.6 | BA15: 113.9 | BB15: 114.3 | BC15: 115.3
A16: <OBJ_09> | B16: =INDEX(BAP[#All],MATCH(A16,BAP[[#All],[Code]],0),MATCH(TEXT(Info!$B$4,0),BAP[#Headers],0)) -> Construction de halles industrielles | C16: 3.9 | D16: … | E16: … | F16: … | G16: … | H16: … | I16: … | J16: … | K16: … | L16: … | M16: … | N16: … | O16: … | P16: … | Q16: … | R16: … | S16: … | T16: … | U16: … | V16: … | W16: … | X16: … | Y16: … | Z16: … | AA16: … | AB16: 98.3 | AC16: 99.9 | AD16: 100.3 | AE16: 100.7 | AF16: 100.7 | AG16: 100.9 | AH16: 101.4 | AI16: 100.9 | AJ16: 100.5 | AK16: 99.6 | AL16: 100 | AM16: 99.1 | AN16: 98.8 | AO16: 98.9 | AP16: 100.1 | AQ16: 100.3 | AR16: 100.4 | AS16: 100.8 | AT16: 101 | AU16: 101 | AV16: 100.9 | AW16: 103.2 | AX16: 107 | AY16: 112.9 | AZ16: 115.8 | BA16: 116.4 | BB16: 116.1 | BC16: 117
A17: <OBJ_10> | B17: =INDEX(BAP[#All],MATCH(A17,BAP[[#All],[Code]],0),MATCH(TEXT(Info!$B$4,0),BAP[#Headers],0)) -> Rénovation, transformation | C17: 33.92 | D17: … | E17: … | F17: … | G17: … | H17: … | I17: … | J17: … | K17: … | L17: … | M17: … | N17: … | O17: … | P17: … | Q17: … | R17: … | S17: … | T17: … | U17: … | V17: … | W17: … | X17: … | Y17: … | Z17: … | AA17: … | AB17: 97.3 | AC17: 98.5 | AD17: 99.3 | AE17: 99.1 | AF17: 99.4 | AG17: 99.6 | AH17: 100.1 | AI17: 100.1 | AJ17: 99.9 | AK17: 99.5 | AL17: 100 | AM17: 99.1 | AN17: 98.4 | AO17: 97.7 | AP17: 97.2 | AQ17: 97.7 | AR17: 97.9 | AS17: 98.7 | AT17: 98.3 | AU17: 98.5 | AV17: 98 | AW17: 99.4 | AX17: 102.2 | AY17: 107 | AZ17: 110.2 | BA17: 111 | BB17: 111.7 | BC17: 112
A18: <OBJ_11.01> | B18: =INDEX(BAP[#All],MATCH(A18,BAP[[#All],[Code]],0),MATCH(TEXT(Info!$B$4,0),BAP[#Headers],0)) -> Rénovation de bâtiments à plusieurs logements Minergie | C18: 0.88 | D18: 79.4 | E18: 79.6 | F18: 81.5 | G18: 82.4 | H18: 83.9 | I18: 85.3 | J18: 85.7 | K18: 85.9 | L18: 85.7 | M18: 84.8 | N18: 85 | O18: 85 | P18: 86.1 | Q18: 87 | R18: 87.9 | S18: 89 | T18: 90.8 | U18: 92.9 | V18: 94.6 | W18: 96.6 | X18: 97.8 | Y18: 97.7 | Z18: 97.9 | AA18: 97.6 | AB18: 98.3 | AC18: 99.4 | AD18: 100 | AE18: 99.7 | AF18: 99.8 | AG18: 99.7 | AH18: 100.2 | AI18: 100.4 | AJ18: 100.2 | AK18: 99.8 | AL18: 100 | AM18: 98.7 | AN18: 98.5 | AO18: 99.1 | AP18: 100 | AQ18: 100.8 | AR18: 100.7 | AS18: 101.7 | AT18: 102.8 | AU18: 103.3 | AV18: 103 | AW18: 104.2 | AX18: 107.3 | AY18: 112.5 | AZ18: 115.7 | BA18: 116.6 | BB18: 117.4 | BC18: 117.6
A19: <OBJ_11.02> | B19: =INDEX(BAP[#All],MATCH(A19,BAP[[#All],[Code]],0),MATCH(TEXT(Info!$B$4,0),BAP[#Headers],0)) -> Rénovation de bâtiments à plusieurs logements non Minergie | C19: 20.29 | D19: … | E19: … | F19: … | G19: … | H19: … | I19: … | J19: … | K19: … | L19: … | M19: … | N19: … | O19: … | P19: … | Q19: … | R19: … | S19: … | T19: … | U19: … | V19: … | W19: … | X19: … | Y19: … | Z19: … | AA19: … | AB19: … | AC19: … | AD19: … | AE19: … | AF19: … | AG19: … | AH19: … | AI19: … | AJ19: … | AK19: … | AL19: 100 | AM19: 98.8 | AN19: 98 | AO19: 97.1 | AP19: 96.7 | AQ19: 97.2 | AR19: 97.3 | AS19: 98 | AT19: 97.1 | AU19: 97.3 | AV19: 96.6 | AW19: … | AX19: … | AY19: … | AZ19: … | BA19: … | BB19: … | BC19: …
A20: <OBJ_12> | B20: =INDEX(BAP[#All],MATCH(A20,BAP[[#All],[Code]],0),MATCH(TEXT(Info!$B$4,0),BAP[#Headers],0)) -> Rénovation de bâtiments administratifs | C20: 12.75 | D20: … | E20: … | F20: … | G20: … | H20: … | I20: … | J20: … | K20: … | L20: … | M20: … | N20: … | O20: … | P20: … | Q20: … | R20: … | S20: … | T20: … | U20: … | V20: … | W20: … | X20: … | Y20: … | Z20: … | AA20: … | AB20: 96.1 | AC20: 97.3 | AD20: 98.3 | AE20: 98.4 | AF20: 98.9 | AG20: 99.4 | AH20: 100 | AI20: 99.7 | AJ20: 99.6 | AK20: 99.2 | AL20: 100 | AM20: 99.4 | AN20: 99 | AO20: 98.3 | AP20: 97.9 | AQ20: 98.3 | AR20: 98.5 | AS20: 99.3 | AT20: 99.7 | AU20: 99.9 | AV20: 99.8 | AW20: 101.6 | AX20: 104.2 | AY20: 108.7 | AZ20: 112.2 | BA20: 113 | BB20: 113.5 | BC20: 114.1
A21: <OBJ_13> | B21: =INDEX(BAP[#All],MATCH(A21,BAP[[#All],[Code]],0),MATCH(TEXT(Info!$B$4,0),BAP[#Headers],0)) -> Génie civil | C21: 19.11 | D21: 74.1 | E21: 75.5 | F21: 78.4 | G21: 80.1 | H21: 82.6 | I21: 85.6 | J21: 84.6 | K21: 83 | L21: 82 | M21: 81.6 | N21: 82.4 | O21: 84 | P21: 86.2 | Q21: 85.8 | R21: 88 | S21: 88.8 | T21: 91.4 | U21: 92.9 | V21: 94.5 | W21: 95.6 | X21: 97.6 | Y21: 93.8 | Z21: 94.3 | AA21: 95.2 | AB21: 95.2 | AC21: 97.2 | AD21: 98.2 | AE21: 98.7 | AF21: 99.3 | AG21: 99.8 | AH21: 100.7 | AI21: 99.7 | AJ21: 100.3 | AK21: 99.6 | AL21: 100 | AM21: 99.8 | AN21: 100.1 | AO21: 100.1 | AP21: 100 | AQ21: 99.7 | AR21: 100.6 | AS21: 100.6 | AT21: 101.2 | AU21: 101.4 | AV21: 101.5 | AW21: 102.6 | AX21: 104 | AY21: 109.1 | AZ21: 112.8 | BA21: 114.1 | BB21: 115.3 | BC21: 116
A22: <OBJ_14> | B22: =INDEX(BAP[#All],MATCH(A22,BAP[[#All],[Code]],0),MATCH(TEXT(Info!$B$4,0),BAP[#Headers],0)) -> Construction de routes | C22: 15.38 | D22: 75.7 | E22: 77.2 | F22: 80.1 | G22: 81.9 | H22: 84.4 | I22: 87.4 | J22: 86.1 | K22: 84.5 | L22: 83.5 | M22: 83 | N22: 83.7 | O22: 84.6 | P22: 85.9 | Q22: 85.8 | R22: 87.7 | S22: 88.9 | T22: 91.9 | U22: 93 | V22: 95 | W22: 95.5 | X22: 96.6 | Y22: 93.2 | Z22: 93.9 | AA22: 95 | AB22: 94.5 | AC22: 96.4 | AD22: 97.5 | AE22: 98.1 | AF22: 98.7 | AG22: 99.4 | AH22: 100.3 | AI22: 99.5 | AJ22: 100.1 | AK22: 99.5 | AL22: 100 | AM22: 99.9 | AN22: 100.1 | AO22: 100.3 | AP22: 100.1 | AQ22: 99.8 | AR22: 100.6 | AS22: 100.5 | AT22: 101.1 | AU22: 101.4 | AV22: 101.6 | AW22: 103.2 | AX22: 104.9 | AY22: 108.9 | AZ22: 112.1 | BA22: 113.7 | BB22: 114.8 | BC22: 115.8
A23: <OBJ_15> | B23: =INDEX(BAP[#All],MATCH(A23,BAP[[#All],[Code]],0),MATCH(TEXT(Info!$B$4,0),BAP[#Headers],0)) -> Construction de passages inférieurs | C23: 3.48 | D23: … | E23: … | F23: … | G23: … | H23: … | I23: 86.3 | J23: 85.5 | K23: 83.9 | L23: 83.1 | M23: 82.7 | N23: 83.5 | O23: 85.8 | P23: 89 | Q23: 88.3 | R23: 90.8 | S23: 91.3 | T23: 93.5 | U23: 95.4 | V23: 96.9 | W23: 98.6 | X23: 101.5 | Y23: 97.1 | Z23: 97.6 | AA23: 98.2 | AB23: 98.7 | AC23: 101.6 | AD23: 102.2 | AE23: 102.7 | AF23: 102.6 | AG23: 102.1 | AH23: 102.8 | AI23: 101 | AJ23: 101.8 | AK23: 100.9 | AL23: 100 | AM23: 99.4 | AN23: 99.9 | AO23: 99.2 | AP23: 99.5 | AQ23: 99.6 | AR23: 100.5 | AS23: 100.7 | AT23: 101.7 | AU23: 101.5 | AV23: 100.8 | AW23: 103.2 | AX23: 105.5 | AY23: 112.9 | AZ23: 116.1 | BA23: 116.1 | BB23: 115 | BC23: 115.2
A24: <OBJ_16> | B24: =INDEX(BAP[#All],MATCH(A24,BAP[[#All],[Code]],0),MATCH(TEXT(Info!$B$4,0),BAP[#Headers],0)) -> Construction de parois antibruit | C24: 0.25 | D24: … | E24: … | F24: … | G24: … | H24: … | I24: … | J24: … | K24: … | L24: … | M24: … | N24: … | O24: … | P24: … | Q24: … | R24: … | S24: … | T24: … | U24: … | V24: … | W24: … | X24: … | Y24: … | Z24: … | AA24: … | AB24: 96.1 | AC24: 96.5 | AD24: 97.5 | AE24: 97.8 | AF24: 99.1 | AG24: 99.5 | AH24: 99.5 | AI24: 99.5 | AJ24: 99.9 | AK24: 98.1 | AL24: 100 | AM24: 100.1 | AN24: 99.9 | AO24: 100.8 | AP24: 102.7 | AQ24: 101.7 | AR24: 102.9 | AS24: 103.5 | AT24: 103.1 | AU24: 104 | AV24: 104.2 | AW24: 105.5 | AX24: 106.9 | AY24: 112.1 | AZ24: 116.1 | BA24: 117.1 | BB24: 117.6 | BC24: 116
A26: <REG_02> | B26: =INDEX(BAP[#All],MATCH(A26,BAP[[#All],[Code]],0),MATCH(TEXT(Info!$B$4,0),BAP[#Headers],0)) -> Région lémanique
A27: <OBJ_02> | B27: =INDEX(BAP[#All],MATCH(A27,BAP[[#All],[Code]],0),MATCH(TEXT(Info!$B$4,0),BAP[#Headers],0)) -> Construction : total | C27: 100 | D27: 74.1 | E27: 75.1 | F27: 77.5 | G27: 78.9 | H27: 80.8 | I27: 83.7 | J27: 83.8 | K27: 84.9 | L27: 83.6 | M27: 83.9 | N27: 83.8 | O27: 85 | P27: 87.1 | Q27: 88.1 | R27: 89.3 | S27: 90.9 | T27: 93 | U27: 94.6 | V27: 96.4 | W27: 98 | X27: 99.3 | Y27: 97.4 | Z27: 97.2 | AA27: 97.4 | AB27: 97.4 | AC27: 99.2 | AD27: 99.6 | AE27: 99.3 | AF27: 99.3 | AG27: 99.6 | AH27: 100.3 | AI27: 99.7 | AJ27: 99.5 | AK27: 98.8 | AL27: 100 | AM27: 98.8 | AN27: 98.1 | AO27: 98.2 | AP27: 98.4 | AQ27: 98.5 | AR27: 98.5 | AS27: 98.8 | AT27: 99.3 | AU27: 99.3 | AV27: 99 | AW27: 100.1 | AX27: 102.6 | AY27: 107.4 | AZ27: 110.1 | BA27: 112.2 | BB27: 112.7 | BC27: 112.8
A28: <OBJ_03> | B28: =INDEX(BAP[#All],MATCH(A28,BAP[[#All],[Code]],0),MATCH(TEXT(Info!$B$4,0),BAP[#Headers],0)) -> Bâtiment | C28: 79.48 | D28: 74.3 | E28: 75.2 | F28: 77.3 | G28: 79.2 | H28: 80.9 | I28: 82.9 | J28: 82.8 | K28: 84.1 | L28: 83.6 | M28: 83.6 | N28: 83.2 | O28: 84 | P28: 85.5 | Q28: 87 | R28: 88.2 | S28: 90.1 | T28: 92 | U28: 93.6 | V28: 95.6 | W28: 97.3 | X28: 98.7 | Y28: 97.2 | Z28: 97.2 | AA28: 97.1 | AB28: 97.6 | AC28: 99.3 | AD28: 99.9 | AE28: 99.2 | AF28: 99.4 | AG28: 99.7 | AH28: 100.3 | AI28: 100.1 | AJ28: 99.7 | AK28: 99 | AL28: 100 | AM28: 98.8 | AN28: 98.2 | AO28: 98.3 | AP28: 98.4 | AQ28: 98.7 | AR28: 98.8 | AS28: 98.9 | AT28: 99.3 | AU28: 99.3 | AV28: 99.1 | AW28: 100.1 | AX28: 102.7 | AY28: 107.5 | AZ28: 110.4 | BA28: 112.4 | BB28: 112.6 | BC28: 112.5
A29: <OBJ_04> | B29: =INDEX(BAP[#All],MATCH(A29,BAP[[#All],[Code]],0),MATCH(TEXT(Info!$B$4,0),BAP[#Headers],0)) -> Nouvelle construction | C29: 46.83 | D29: 74.8 | E29: 75.8 | F29: 78.1 | G29: 79.9 | H29: 81.8 | I29: 84.2 | J29: 83.9 | K29: 85.2 | L29: 84.5 | M29: 84.2 | N29: 83.7 | O29: 84.6 | P29: 86.4 | Q29: 87.6 | R29: 88.8 | S29: 90.7 | T29: 92.8 | U29: 94.2 | V29: 96.1 | W29: 97.5 | X29: 99.1 | Y29: 97.2 | Z29: 97 | AA29: 96.9 | AB29: 97.6 | AC29: 99.5 | AD29: 100.1 | AE29: 99.3 | AF29: 99.5 | AG29: 99.7 | AH29: 100.2 | AI29: 100.3 | AJ29: 99.7 | AK29: 99 | AL29: 100 | AM29: 99 | AN29: 98.4 | AO29: 98.5 | AP29: 98.6 | AQ29: 98.8 | AR29: 98.9 | AS29: 98.9 | AT29: 99.5 | AU29: 99.5 | AV29: 99.2 | AW29: 100.6 | AX29: 103.2 | AY29: 108 | AZ29: 111.3 | BA29: 113.1 | BB29: 113.4 | BC29: 113.4
A30: <OBJ_05> | B30: =INDEX(BAP[#All],MATCH(A30,BAP[[#All],[Code]],0),MATCH(TEXT(Info!$B$4,0),BAP[#Headers],0)) -> Construction de bâtiments à plusieurs logements | C30: 23.88 | D30: 75.4 | E30: 76.4 | F30: 78.4 | G30: 80.4 | H30: 82.3 | I30: 84.8 | J30: 84.2 | K30: 85.2 | L30: 84.5 | M30: 84.2 | N30: 83.6 | O30: 84.7 | P30: 86.6 | Q30: 87.8 | R30: 89.1 | S30: 91 | T30: 93.1 | U30: 94.3 | V30: 96 | W30: 97.3 | X30: 99.1 | Y30: 97.1 | Z30: 96.9 | AA30: 96.8 | AB30: 97.4 | AC30: 99.2 | AD30: 99.8 | AE30: 99 | AF30: 99.4 | AG30: 99.4 | AH30: 99.8 | AI30: 100.1 | AJ30: 99.4 | AK30: 98.8 | AL30: 100 | AM30: 99.1 | AN30: 98.5 | AO30: 98.8 | AP30: 99.1 | AQ30: 99.5 | AR30: 99.5 | AS30: 99.6 | AT30: 100 | AU30: 100.2 | AV30: 99.6 | AW30: 101 | AX30: 103.7 | AY30: 108.1 | AZ30: 111.7 | BA30: 113.6 | BB30: 114 | BC30: 113.7
A31: <OBJ_06> | B31: =INDEX(BAP[#All],MATCH(A31,BAP[[#All],[Code]],0),MATCH(TEXT(Info!$B$4,0),BAP[#Headers],0)) -> Construction de bâtiments à plusieurs logements en bois | C31: 3.53 | D31: … | E31: … | F31: … | G31: … | H31: … | I31: … | J31: … | K31: … | L31: … | M31: 82.8 | N31: 82.8 | O31: 83.9 | P31: 85.6 | Q31: 86.7 | R31: 88.5 | S31: 90.4 | T31: 91.8 | U31: 93.4 | V31: 95.3 | W31: 97.4 | X31: 98.7 | Y31: 96.5 | Z31: 96.6 | AA31: 96.6 | AB31: 96.8 | AC31: 99 | AD31: 100.4 | AE31: 99.4 | AF31: 99.3 | AG31: 100 | AH31: 100.3 | AI31: 100.5 | AJ31: 99.9 | AK31: 99.3 | AL31: 100 | AM31: 98.7 | AN31: 98.1 | AO31: 98.2 | AP31: 98.4 | AQ31: 98.3 | AR31: 97.9 | AS31: 98.6 | AT31: 98 | AU31: 97.8 | AV31: 98 | AW31: 99.8 | AX31: 102.5 | AY31: 107 | AZ31: 110 | BA31: 112.4 | BB31: 112.7 | BC31: 112.8
A32: <OBJ_07> | B32: =INDEX(BAP[#All],MATCH(A32,BAP[[#All],[Code]],0),MATCH(TEXT(Info!$B$4,0),BAP[#Headers],0)) -> Construction de maisons individuelles | C32: 7.41 | D32: … | E32: … | F32: … | G32: … | H32: … | I32: … | J32: … | K32: … | L32: … | M32: … | N32: … | O32: … | P32: … | Q32: … | R32: … | S32: … | T32: … | U32: … | V32: … | W32: … | X32: … | Y32: … | Z32: … | AA32: … | AB32: 96.5 | AC32: 98.3 | AD32: 98.8 | AE32: 97.9 | AF32: 97.9 | AG32: 98 | AH32: 98.9 | AI32: 100 | AJ32: 99.1 | AK32: 98.6 | AL32: 100 | AM32: 98.7 | AN32: 98.3 | AO32: 97.9 | AP32: 98.3 | AQ32: 98.6 | AR32: 98.1 | AS32: 98.4 | AT32: 98.2 | AU32: 98 | AV32: 97.8 | AW32: 98.1 | AX32: 100.4 | AY32: 104.8 | AZ32: 107.5 | BA32: 109.4 | BB32: 110 | BC32: 109.9
A33: <OBJ_08> | B33: =INDEX(BAP[#All],MATCH(A33,BAP[[#All],[Code]],0),MATCH(TEXT(Info!$B$4,0),BAP[#Headers],0)) -> Construction de bâtiments administratifs | C33: 8.29 | D33: 74.2 | E33: 75.2 | F33: 78.8 | G33: 79.7 | H33: 81.5 | I33: 83.7 | J33: 84.3 | K33: 86.7 | L33: 86.1 | M33: 85.9 | N33: 85.3 | O33: 86.1 | P33: 87.4 | Q33: 88.7 | R33: 89.5 | S33: 91.4 | T33: 93.5 | U33: 95.5 | V33: 98.3 | W33: 100 | X33: 100.9 | Y33: 99.7 | Z33: 99.3 | AA33: 99.2 | AB33: 100.2 | AC33: 102.4 | AD33: 102.8 | AE33: 101.7 | AF33: 101.8 | AG33: 102.1 | AH33: 102.3 | AI33: 101 | AJ33: 101 | AK33: 99.5 | AL33: 100 | AM33: 99.5 | AN33: 98.4 | AO33: 98.5 | AP33: 97.5 | AQ33: 97.1 | AR33: 97.9 | AS33: 97.5 | AT33: 99.4 | AU33: 99.3 | AV33: 99.1 | AW33: 101.2 | AX33: 104.3 | AY33: 110.1 | AZ33: 113.4 | BA33: 114.9 | BB33: 115.3 | BC33: 115.7
A34: <OBJ_09> | B34: =INDEX(BAP[#All],MATCH(A34,BAP[[#All],[Code]],0),MATCH(TEXT(Info!$B$4,0),BAP[#Headers],0)) -> Construction de halles industrielles | C34: 3.72 | D34: … | E34: … | F34: … | G34: … | H34: … | I34: … | J34: … | K34: … | L34: … | M34: … | N34: … | O34: … | P34: … | Q34: … | R34: … | S34: … | T34: … | U34: … | V34: … | W34: … | X34: … | Y34: … | Z34: … | AA34: … | AB34: 97.4 | AC34: 99.2 | AD34: 99.6 | AE34: 99.9 | AF34: 99.9 | AG34: 100.6 | AH34: 101.4 | AI34: 100.8 | AJ34: 100.1 | AK34: 99.2 | AL34: 100 | AM34: 98.6 | AN34: 98.2 | AO34: 98.3 | AP34: 98.7 | AQ34: 99 | AR34: 98.9 | AS34: 99.2 | AT34: 100.1 | AU34: 99.6 | AV34: 99.7 | AW34: 101.8 | AX34: 104.8 | AY34: 110.6 | AZ34: 113.1 | BA34: 114.1 | BB34: 113.8 | BC34: 114.4
A35: <OBJ_10> | B35: =INDEX(BAP[#All],MATCH(A35,BAP[[#All],[Code]],0),MATCH(TEXT(Info!$B$4,0),BAP[#Headers],0)) -> Rénovation, transformation | C35: 32.65 | D35: … | E35: … | F35: … | G35: … | H35: … | I35: … | J35: … | K35: … | L35: … | M35: … | N35: … | O35: … | P35: … | Q35: … | R35: … | S35: … | T35: … | U35: … | V35: … | W35: … | X35: … | Y35: … | Z35: … | AA35: … | AB35: 97.6 | AC35: 99.1 | AD35: 99.7 | AE35: 99 | AF35: 99.3 | AG35: 99.7 | AH35: 100.5 | AI35: 99.9 | AJ35: 99.7 | AK35: 99.1 | AL35: 100 | AM35: 98.5 | AN35: 98 | AO35: 98 | AP35: 98 | AQ35: 98.2 | AR35: 98.2 | AS35: 98.3 | AT35: 98.2 | AU35: 98.3 | AV35: 98.1 | AW35: 98.6 | AX35: 101.1 | AY35: 105.8 | AZ35: 108.1 | BA35: 110.4 | BB35: 110.5 | BC35: 110.3
A36: <OBJ_11.01> | B36: =INDEX(BAP[#All],MATCH(A36,BAP[[#All],[Code]],0),MATCH(TEXT(Info!$B$4,0),BAP[#Headers],0)) -> Rénovation de bâtiments à plusieurs logements Minergie | C36: 2.27 | D36: 73.4 | E36: 74 | F36: 75.8 | G36: 77.7 | H36: 79.3 | I36: 80.5 | J36: 80.9 | K36: 82 | L36: 81.8 | M36: 82.4 | N36: 82.2 | O36: 82.6 | P36: 83.8 | Q36: 85.8 | R36: 86.8 | S36: 88.9 | T36: 90.2 | U36: 92.4 | V36: 94.5 | W36: 96.8 | X36: 97.7 | Y36: 96.9 | Z36: 97.3 | AA36: 97.2 | AB36: 97.5 | AC36: 99.1 | AD36: 99.5 | AE36: 98.7 | AF36: 99 | AG36: 99.3 | AH36: 100 | AI36: 99.9 | AJ36: 99.5 | AK36: 99 | AL36: 100 | AM36: 98 | AN36: 98 | AO36: 99.4 | AP36: 100.7 | AQ36: 101.6 | AR36: 101.5 | AS36: 102.4 | AT36: 104.7 | AU36: 105.3 | AV36: 105.3 | AW36: 105.6 | AX36: 108.3 | AY36: 113.1 | AZ36: 115.3 | BA36: 117.9 | BB36: 118.1 | BC36: 117.7
A37: <OBJ_11.02> | B37: =INDEX(BAP[#All],MATCH(A37,BAP[[#All],[Code]],0),MATCH(TEXT(Info!$B$4,0),BAP[#Headers],0)) -> Rénovation de bâtiments à plusieurs logements non Minergie | C37: 18.29 | D37: … | E37: … | F37: … | G37: … | H37: … | I37: … | J37: … | K37: … | L37: … | M37: … | N37: … | O37: … | P37: … | Q37: … | R37: … | S37: … | T37: … | U37: … | V37: … | W37: … | X37: … | Y37: … | Z37: … | AA37: … | AB37: … | AC37: … | AD37: … | AE37: … | AF37: … | AG37: … | AH37: … | AI37: … | AJ37: … | AK37: … | AL37: 100 | AM37: 98.1 | AN37: 97.9 | AO37: 97.2 | AP37: 97.7 | AQ37: 98.3 | AR37: 98 | AS37: 97.8 | AT37: 96.5 | AU37: 96.1 | AV37: 95.5 | AW37: … | AX37: … | AY37: … | AZ37: … | BA37: … | BB37: … | BC37: …
A38: <OBJ_12> | B38: =INDEX(BAP[#All],MATCH(A38,BAP[[#All],[Code]],0),MATCH(TEXT(Info!$B$4,0),BAP[#Headers],0)) -> Rénovation de bâtiments administratifs | C38: 12.09 | D38: … | E38: … | F38: … | G38: … | H38: … | I38: … | J38: … | K38: … | L38: … | M38: … | N38: … | O38: … | P38: … | Q38: … | R38: … | S38: … | T38: … | U38: … | V38: … | W38: … | X38: … | Y38: … | Z38: … | AA38: … | AB38: 97.9 | AC38: 99.2 | AD38: 100 | AE38: 99.6 | AF38: 99.8 | AG38: 100.4 | AH38: 101.3 | AI38: 99.9 | AJ38: 99.9 | AK38: 99.1 | AL38: 100 | AM38: 99.1 | AN38: 98.1 | AO38: 98.8 | AP38: 98.1 | AQ38: 97.5 | AR38: 97.9 | AS38: 98.3 | AT38: 99.7 | AU38: 100.3 | AV38: 100.7 | AW38: 101.5 | AX38: 104.2 | AY38: 109.4 | AZ38: 112.4 | BA38: 114.6 | BB38: 114.5 | BC38: 114.5
A39: <OBJ_13> | B39: =INDEX(BAP[#All],MATCH(A39,BAP[[#All],[Code]],0),MATCH(TEXT(Info!$B$4,0),BAP[#Headers],0)) -> Génie civil | C39: 20.52 | D39: 73.2 | E39: 74.4 | F39: 77.6 | G39: 77.7 | H39: 80.3 | I39: 85.8 | J39: 86.5 | K39: 87.2 | L39: 83.2 | M39: 84.6 | N39: 85.3 | O39: 87.9 | P39: 91.6 | Q39: 91.1 | R39: 92.5 | S39: 93.1 | T39: 95.7 | U39: 97.5 | V39: 98.6 | W39: 99.9 | X39: 101.1 | Y39: 97.5 | Z39: 97 | AA39: 98.1 | AB39: 96.2 | AC39: 98.3 | AD39: 98.4 | AE39: 99.9 | AF39: 99 | AG39: 99.2 | AH39: 100 | AI39: 97.8 | AJ39: 98.7 | AK39: 98 | AL39: 100 | AM39: 98.9 | AN39: 97.5 | AO39: 97.8 | AP39: 98.2 | AQ39: 97.6 | AR39: 97.4 | AS39: 98.2 | AT39: 99.2 | AU39: 99 | AV39: 98.4 | AW39: 100 | AX39: 101.9 | AY39: 106.9 | AZ39: 108.9 | BA39: 111.5 | BB39: 112.8 | BC39: 113.8
A40: <OBJ_14> | B40: =INDEX(BAP[#All],MATCH(A40,BAP[[#All],[Code]],0),MATCH(TEXT(Info!$B$4,0),BAP[#Headers],0)) -> Construction de routes | C40: 16.52 | D40: 76 | E40: 77.3 | F40: 80.6 | G40: 80.6 | H40: 83.4 | I40: 89.1 | J40: 89.2 | K40: 90.6 | L40: 85.7 | M40: 86.5 | N40: 86.4 | O40: 89 | P40: 91.2 | Q40: 91.1 | R40: 91.5 | S40: 92.8 | T40: 96.8 | U40: 98.3 | V40: 99.4 | W40: 100.1 | X40: 101.1 | Y40: 98.1 | Z40: 97.1 | AA40: 98.9 | AB40: 95.7 | AC40: 97.8 | AD40: 97.7 | AE40: 99.3 | AF40: 98.3 | AG40: 98.6 | AH40: 99.7 | AI40: 97.5 | AJ40: 98.5 | AK40: 97.8 | AL40: 100 | AM40: 99 | AN40: 97.5 | AO40: 98.2 | AP40: 98.5 | AQ40: 97.5 | AR40: 97.3 | AS40: 97.9 | AT40: 98.9 | AU40: 98.7 | AV40: 98.1 | AW40: 99.7 | AX40: 102 | AY40: 105.8 | AZ40: 107.8 | BA40: 110.3 | BB40: 111.6 | BC40: 113
A41: <OBJ_15> | B41: =INDEX(BAP[#All],MATCH(A41,BAP[[#All],[Code]],0),MATCH(TEXT(Info!$B$4,0),BAP[#Headers],0)) -> Construction de passages inférieurs | C41: 3.73 | D41: … | E41: … | F41: … | G41: … | H41: … | I41: 84.5 | J41: 85.8 | K41: 85.8 | L41: 82.5 | M41: 84.6 | N41: 86 | O41: 88.8 | P41: 93.9 | Q41: 93 | R41: 95.5 | S41: 95.4 | T41: 96.7 | U41: 98.7 | V41: 99.8 | W41: 101.9 | X41: 103.2 | Y41: 99.1 | Z41: 99 | AA41: 99.4 | AB41: 98.6 | AC41: 101.7 | AD41: 102.4 | AE41: 103.2 | AF41: 102.6 | AG41: 101.9 | AH41: 101.8 | AI41: 99.3 | AJ41: 99.9 | AK41: 98.9 | AL41: 100 | AM41: 98.3 | AN41: 97.2 | AO41: 96.1 | AP41: 96.7 | AQ41: 97.8 | AR41: 97.7 | AS41: 99.1 | AT41: 100.5 | AU41: 100.5 | AV41: 99.6 | AW41: 102.7 | AX41: 105.4 | AY41: 113.7 | AZ41: 115.5 | BA41: 116 | BB41: 114.8 | BC41: 115
A42: <OBJ_16> | B42: =INDEX(BAP[#All],MATCH(A42,BAP[[#All],[Code]],0),MATCH(TEXT(Info!$B$4,0),BAP[#Headers],0)) -> Construction de parois antibruit | C42: 0.27 | D42: … | E42: … | F42: … | G42: … | H42: … | I42: … | J42: … | K42: … | L42: … | M42: … | N42: … | O42: … | P42: … | Q42: … | R42: … | S42: … | T42: … | U42: … | V42: … | W42: … | X42: … | Y42: … | Z42: … | AA42: … | AB42: 95.7 | AC42: 96.3 | AD42: 97.1 | AE42: 98.5 | AF42: 99.5 | AG42: 100.1 | AH42: 99.5 | AI42: 98.8 | AJ42: 99.3 | AK42: 97.6 | AL42: 100 | AM42: 99.9 | AN42: 99.1 | AO42: 99.8 | AP42: 101.8 | AQ42: 100.8 | AR42: 101.1 | AS42: 101.7 | AT42: 101.5 | AU42: 101.8 | AV42: 101.6 | AW42: 103 | AX42: 104.4 | AY42: 109.3 | AZ42: 112.7 | BA42: 113.8 | BB42: 114.1 | BC42: 112.4
A44: <REG_03> | B44: =INDEX(BAP[#All],MATCH(A44,BAP[[#All],[Code]],0),MATCH(TEXT(Info!$B$4,0),BAP[#Headers],0)) -> Espace Mittelland
A45: <OBJ_02> | B45: =INDEX(BAP[#All],MATCH(A45,BAP[[#All],[Code]],0),MATCH(TEXT(Info!$B$4,0),BAP[#Headers],0)) -> Construction : total | C45: 100 | D45: 78 | E45: 79.6 | F45: 81.1 | G45: 82.4 | H45: 84.1 | I45: 87 | J45: 87.7 | K45: 87.1 | L45: 85.9 | M45: 85.1 | N45: 85.3 | O45: 86.2 | P45: 87.9 | Q45: 88.1 | R45: 89.2 | S45: 90.9 | T45: 93.5 | U45: 93.9 | V45: 95.7 | W45: 97.6 | X45: 99.8 | Y45: 97.1 | Z45: 97.3 | AA45: 97.4 | AB45: 98.4 | AC45: 99.4 | AD45: 100.1 | AE45: 100.3 | AF45: 100.5 | AG45: 100.1 | AH45: 100.5 | AI45: 99.9 | AJ45: 100.4 | AK45: 99.6 | AL45: 100 | AM45: 99.7 | AN45: 99.1 | AO45: 98.5 | AP45: 98.9 | AQ45: 99.2 | AR45: 100 | AS45: 100.4 | AT45: 100.4 | AU45: 100.9 | AV45: 100.6 | AW45: 102 | AX45: 105.2 | AY45: 110.2 | AZ45: 113.4 | BA45: 113.6 | BB45: 113.9 | BC45: 115.2
A46: <OBJ_03> | B46: =INDEX(BAP[#All],MATCH(A46,BAP[[#All],[Code]],0),MATCH(TEXT(Info!$B$4,0),BAP[#Headers],0)) -> Bâtiment | C46: 78.92 | D46: 80.6 | E46: 82.1 | F46: 83.1 | G46: 84.3 | H46: 86.1 | I46: 88.2 | J46: 89.2 | K46: 89.4 | L46: 88 | M46: 87 | N46: 87 | O46: 87.4 | P46: 89.1 | Q46: 89.3 | R46: 90.1 | S46: 91.7 | T46: 94 | U46: 94.7 | V46: 96.3 | W46: 98.3 | X46: 100.2 | Y46: 98.4 | Z46: 98.3 | AA46: 97.9 | AB46: 99.1 | AC46: 100.3 | AD46: 101 | AE46: 100.9 | AF46: 101.1 | AG46: 100.3 | AH46: 100.4 | AI46: 100 | AJ46: 100.1 | AK46: 99.6 | AL46: 100 | AM46: 99.9 | AN46: 99.1 | AO46: 98.5 | AP46: 98.9 | AQ46: 99.5 | AR46: 100 | AS46: 100.7 | AT46: 100.5 | AU46: 100.8 | AV46: 100.3 | AW46: 101.8 | AX46: 105.3 | AY46: 110.7 | AZ46: 113.6 | BA46: 114.1 | BB46: 114.1 | BC46: 115.2
A47: <OBJ_04> | B47: =INDEX(BAP[#All],MATCH(A47,BAP[[#All],[Code]],0),MATCH(TEXT(Info!$B$4,0),BAP[#Headers],0)) -> Nouvelle construction | C47: 43.53 | D47: 80.2 | E47: 82 | F47: 83 | G47: 84.5 | H47: 86.2 | I47: 88.5 | J47: 89.4 | K47: 89.8 | L47: 88 | M47: 87.2 | N47: 87.2 | O47: 87.7 | P47: 89.5 | Q47: 89.5 | R47: 90.2 | S47: 91.8 | T47: 94.4 | U47: 94.8 | V47: 96.2 | W47: 98.6 | X47: 101.1 | Y47: 98.3 | Z47: 97.8 | AA47: 97.2 | AB47: 98.9 | AC47: 100.1 | AD47: 100.6 | AE47: 100.6 | AF47: 100.6 | AG47: 100.1 | AH47: 100.4 | AI47: 100.2 | AJ47: 100.4 | AK47: 99.8 | AL47: 100 | AM47: 99.8 | AN47: 99.1 | AO47: 98.7 | AP47: 99.6 | AQ47: 100.1 | AR47: 100.5 | AS47: 101.1 | AT47: 101.1 | AU47: 101.3 | AV47: 101.1 | AW47: 102.5 | AX47: 106.2 | AY47: 111.7 | AZ47: 114.8 | BA47: 115.7 | BB47: 115.5 | BC47: 116.7
A48: <OBJ_05> | B48: =INDEX(BAP[#All],MATCH(A48,BAP[[#All],[Code]],0),MATCH(TEXT(Info!$B$4,0),BAP[#Headers],0)) -> Construction de bâtiments à plusieurs logements | C48: 20.4 | D48: 80.6 | E48: 82.3 | F48: 83.2 | G48: 85 | H48: 86.7 | I48: 88.9 | J48: 89.7 | K48: 90 | L48: 88.1 | M48: 87.2 | N48: 87.3 | O48: 87.8 | P48: 89.6 | Q48: 89.6 | R48: 90.4 | S48: 91.8 | T48: 94.4 | U48: 94.7 | V48: 96.1 | W48: 98.6 | X48: 101 | Y48: 98.1 | Z48: 97.8 | AA48: 97.1 | AB48: 98.9 | AC48: 99.8 | AD48: 100.2 | AE48: 100.1 | AF48: 100 | AG48: 99.6 | AH48: 99.9 | AI48: 99.8 | AJ48: 100 | AK48: 99.7 | AL48: 100 | AM48: 100.1 | AN48: 99.2 | AO48: 98.8 | AP48: 99.9 | AQ48: 100.4 | AR48: 100.9 | AS48: 101.5 | AT48: 101.7 | AU48: 101.8 | AV48: 101.4 | AW48: 102.6 | AX48: 106.2 | AY48: 111.2 | AZ48: 114.5 | BA48: 115.5 | BB48: 115.5 | BC48: 116.5
A49: <OBJ_06> | B49: =INDEX(BAP[#All],MATCH(A49,BAP[[#All],[Code]],0),MATCH(TEXT(Info!$B$4,0),BAP[#Headers],0)) -> Construction de bâtiments à plusieurs logements en bois | C49: 5.97 | D49: … | E49: … | F49: … | G49: … | H49: … | I49: … | J49: … | K49: … | L49: … | M49: 87.9 | N49: 87.7 | O49: 88.4 | P49: 89.9 | Q49: 90.3 | R49: 90.8 | S49: 92.2 | T49: 94.8 | U49: 95.7 | V49: 97.1 | W49: 99.4 | X49: 101.1 | Y49: 98.8 | Z49: 99.1 | AA49: 97.4 | AB49: 99.2 | AC49: 100.7 | AD49: 101.3 | AE49: 100.6 | AF49: 100.7 | AG49: 99.7 | AH49: 100.2 | AI49: 100.4 | AJ49: 100.3 | AK49: 99.8 | AL49: 100 | AM49: 100.4 | AN49: 99.3 | AO49: 99.5 | AP49: 99.6 | AQ49: 100.2 | AR49: 100.5 | AS49: 100.9 | AT49: 99.7 | AU49: 100.1 | AV49: 100.9 | AW49: 102.9 | AX49: 107.6 | AY49: 113 | AZ49: 115.7 | BA49: 116.7 | BB49: 115.8 | BC49: 116.5
A50: <OBJ_07> | B50: =INDEX(BAP[#All],MATCH(A50,BAP[[#All],[Code]],0),MATCH(TEXT(Info!$B$4,0),BAP[#Headers],0)) -> Construction de maisons individuelles | C50: 6.5 | D50: … | E50: … | F50: … | G50: … | H50: … | I50: … | J50: … | K50: … | L50: … | M50: … | N50: … | O50: … | P50: … | Q50: … | R50: … | S50: … | T50: … | U50: … | V50: … | W50: … | X50: … | Y50: … | Z50: … | AA50: … | AB50: 98.3 | AC50: 99.5 | AD50: 100 | AE50: 100.4 | AF50: 100.3 | AG50: 99.4 | AH50: 99.8 | AI50: 100.3 | AJ50: 100.6 | AK50: 100.2 | AL50: 100 | AM50: 99.9 | AN50: 99.1 | AO50: 98.7 | AP50: 99.3 | AQ50: 100.5 | AR50: 100.5 | AS50: 101.4 | AT50: 101.3 | AU50: 101.8 | AV50: 101.7 | AW50: 102.9 | AX50: 106 | AY50: 111.7 | AZ50: 114.8 | BA50: 116.3 | BB50: 115.9 | BC50: 117.3
A51: <OBJ_08> | B51: =INDEX(BAP[#All],MATCH(A51,BAP[[#All],[Code]],0),MATCH(TEXT(Info!$B$4,0),BAP[#Headers],0)) -> Construction de bâtiments administratifs | C51: 4.9 | D51: 79.4 | E51: 81.5 | F51: 82.7 | G51: 83.4 | H51: 85.2 | I51: 87.9 | J51: 88.9 | K51: 89.7 | L51: 88.2 | M51: 87.7 | N51: 87.4 | O51: 88 | P51: 89.7 | Q51: 89.8 | R51: 90.4 | S51: 92.4 | T51: 94.8 | U51: 95.8 | V51: 97.2 | W51: 99.5 | X51: 101.8 | Y51: 99.5 | Z51: 98.7 | AA51: 98.1 | AB51: 99.4 | AC51: 101.7 | AD51: 102.5 | AE51: 102.7 | AF51: 103.1 | AG51: 102.9 | AH51: 102.7 | AI51: 101.1 | AJ51: 101.5 | AK51: 99.5 | AL51: 100 | AM51: 98.8 | AN51: 98.9 | AO51: 97.5 | AP51: 97.6 | AQ51: 97.6 | AR51: 98.3 | AS51: 99.2 | AT51: 99.4 | AU51: 99.8 | AV51: 98.8 | AW51: 100.1 | AX51: 103.6 | AY51: 110.6 | AZ51: 114.2 | BA51: 114.5 | BB51: 115 | BC51: 117.4
A52: <OBJ_09> | B52: =INDEX(BAP[#All],MATCH(A52,BAP[[#All],[Code]],0),MATCH(TEXT(Info!$B$4,0),BAP[#Headers],0)) -> Construction de halles industrielles | C52: 5.76 | D52: … | E52: … | F52: … | G52: … | H52: … | I52: … | J52: … | K52: … | L52: … | M52: … | N52: … | O52: … | P52: … | Q52: … | R52: … | S52: … | T52: … | U52: … | V52: … | W52: … | X52: … | Y52: … | Z52: … | AA52: … | AB52: 98.9 | AC52: 100.2 | AD52: 100.6 | AE52: 101.3 | AF52: 101.2 | AG52: 100.8 | AH52: 101 | AI52: 100.4 | AJ52: 100.7 | AK52: 99.7 | AL52: 100 | AM52: 99.2 | AN52: 98.7 | AO52: 98.7 | AP52: 100.3 | AQ52: 100.3 | AR52: 100.9 | AS52: 101.3 | AT52: 101.6 | AU52: 101.5 | AV52: 101.5 | AW52: 103.3 | AX52: 107.7 | AY52: 114.1 | AZ52: 116.7 | BA52: 116.8 | BB52: 115.7 | BC52: 117.3
A53: <OBJ_10> | B53: =INDEX(BAP[#All],MATCH(A53,BAP[[#All],[Code]],0),MATCH(TEXT(Info!$B$4,0),BAP[#Headers],0)) -> Rénovation, transformation | C53: 35.39 | D53: … | E53: … | F53: … | G53: … | H53: … | I53: … | J53: … | K53: … | L53: … | M53: … | N53: … | O53: … | P53: … | Q53: … | R53: … | S53: … | T53: … | U53: … | V53: … | W53: … | X53: … | Y53: … | Z53: … | AA53: … | AB53: 99.4 | AC53: 100.5 | AD53: 101.5 | AE53: 101.2 | AF53: 101.5 | AG53: 100.5 | AH53: 100.5 | AI53: 99.8 | AJ53: 99.9 | AK53: 99.4 | AL53: 100 | AM53: 100.1 | AN53: 99.2 | AO53: 98.3 | AP53: 98.1 | AQ53: 98.7 | AR53: 99.4 | AS53: 100.2 | AT53: 99.7 | AU53: 100.2 | AV53: 99.4 | AW53: 101 | AX53: 104.1 | AY53: 109.5 | AZ53: 112.2 | BA53: 112.1 | BB53: 112.3 | BC53: 113.4
A54: <OBJ_11.01> | B54: =INDEX(BAP[#All],MATCH(A54,BAP[[#All],[Code]],0),MATCH(TEXT(Info!$B$4,0),BAP[#Headers],0)) -> Rénovation de bâtiments à plusieurs logements Minergie | C54: 0.54 | D54: 81.2 | E54: 82.2 | F54: 83.3 | G54: 83.9 | H54: 85.9 | I54: 87.7 | J54: 88.9 | K54: 88.6 | L54: 87.9 | M54: 86.6 | N54: 86.7 | O54: 86.8 | P54: 88.4 | Q54: 89 | R54: 89.8 | S54: 91.7 | T54: 93.4 | U54: 94.4 | V54: 96.4 | W54: 97.7 | X54: 98.7 | Y54: 98.7 | Z54: 99.1 | AA54: 99.2 | AB54: 99.6 | AC54: 100.5 | AD54: 101.7 | AE54: 101.2 | AF54: 101.3 | AG54: 100.2 | AH54: 100.3 | AI54: 100.1 | AJ54: 100 | AK54: 100 | AL54: 100 | AM54: 99.8 | AN54: 99.1 | AO54: 98.2 | AP54: 98.9 | AQ54: 100.1 | AR54: 100.3 | AS54: 101 | AT54: 101 | AU54: 101.7 | AV54: 100.8 | AW54: 102.5 | AX54: 105.9 | AY54: 111.8 | AZ54: 114.4 | BA54: 114.3 | BB54: 114.4 | BC54: 115.5
A55: <OBJ_11.02> | B55: =INDEX(BAP[#All],MATCH(A55,BAP[[#All],[Code]],0),MATCH(TEXT(Info!$B$4,0),BAP[#Headers],0)) -> Rénovation de bâtiments à plusieurs logements non Minergie | C55: 21.16 | D55: … | E55: … | F55: … | G55: … | H55: … | I55: … | J55: … | K55: … | L55: … | M55: … | N55: … | O55: … | P55: … | Q55: … | R55: … | S55: … | T55: … | U55: … | V55: … | W55: … | X55: … | Y55: … | Z55: … | AA55: … | AB55: … | AC55: … | AD55: … | AE55: … | AF55: … | AG55: … | AH55: … | AI55: … | AJ55: … | AK55: … | AL55: 100 | AM55: 100.4 | AN55: 99.1 | AO55: 98.4 | AP55: 98.1 | AQ55: 98.8 | AR55: 99.4 | AS55: 100.2 | AT55: 99.3 | AU55: 100.4 | AV55: 98.6 | AW55: … | AX55: … | AY55: … | AZ55: … | BA55: … | BB55: … | BC55: …
A56: <OBJ_12> | B56: =INDEX(BAP[#All],MATCH(A56,BAP[[#All],[Code]],0),MATCH(TEXT(Info!$B$4,0),BAP[#Headers],0)) -> Rénovation de bâtiments administratifs | C56: 13.69 | D56: … | E56: … | F56: … | G56: … | H56: … | I56: … | J56: … | K56: … | L56: … | M56: … | N56: … | O56: … | P56: … | Q56: … | R56: … | S56: … | T56: … | U56: … | V56: … | W56: … | X56: … | Y56: … | Z56: … | AA56: … | AB56: 99.1 | AC56: 100.4 | AD56: 101.4 | AE56: 101.4 | AF56: 101.9 | AG56: 101 | AH56: 100.8 | AI56: 99.3 | AJ56: 99.7 | AK56: 98.6 | AL56: 100 | AM56: 99.6 | AN56: 99.4 | AO56: 98.1 | AP56: 98.2 | AQ56: 98.7 | AR56: 99.5 | AS56: 100.1 | AT56: 100.2 | AU56: 100 | AV56: 100.4 | AW56: 101.9 | AX56: 104.4 | AY56: 109 | AZ56: 111.8 | BA56: 111.8 | BB56: 112.4 | BC56: 113.7
A57: <OBJ_13> | B57: =INDEX(BAP[#All],MATCH(A57,BAP[[#All],[Code]],0),MATCH(TEXT(Info!$B$4,0),BAP[#Headers],0)) -> Génie civil | C57: 21.08 | D57: 70.3 | E57: 72.2 | F57: 74.8 | G57: 76.4 | H57: 77.9 | I57: 83.1 | J57: 82.9 | K57: 80.1 | L57: 79.6 | M57: 79.2 | N57: 79.8 | O57: 82.1 | P57: 84 | Q57: 83.8 | R57: 86 | S57: 87.9 | T57: 91.3 | U57: 91.2 | V57: 93.3 | W57: 95 | X57: 98 | Y57: 92.6 | Z57: 93.9 | AA57: 95.3 | AB57: 95.7 | AC57: 96 | AD57: 96.7 | AE57: 98.1 | AF57: 98.2 | AG57: 99.6 | AH57: 100.6 | AI57: 99.4 | AJ57: 101.3 | AK57: 99.8 | AL57: 100 | AM57: 98.8 | AN57: 99.1 | AO57: 98.3 | AP57: 98.8 | AQ57: 97.9 | AR57: 99.9 | AS57: 99.5 | AT57: 100 | AU57: 101.1 | AV57: 101.7 | AW57: 102.8 | AX57: 105.1 | AY57: 108.7 | AZ57: 112.5 | BA57: 112.1 | BB57: 113.6 | BC57: 115
A58: <OBJ_14> | B58: =INDEX(BAP[#All],MATCH(A58,BAP[[#All],[Code]],0),MATCH(TEXT(Info!$B$4,0),BAP[#Headers],0)) -> Construction de routes | C58: 16.97 | D58: 70.8 | E58: 72.6 | F58: 75.3 | G58: 76.9 | H58: 78.4 | I58: 83.6 | J58: 83.9 | K58: 81.5 | L58: 80.7 | M58: 80.7 | N58: 81.2 | O58: 82.7 | P58: 84.3 | Q58: 83.7 | R58: 86 | S58: 88.4 | T58: 92.1 | U58: 91.2 | V58: 94.3 | W58: 96 | X58: 96.6 | Y58: 91.3 | Z58: 92.4 | AA58: 95.3 | AB58: 95.1 | AC58: 95.1 | AD58: 95.8 | AE58: 97.2 | AF58: 97.5 | AG58: 99.1 | AH58: 100.3 | AI58: 99.1 | AJ58: 101 | AK58: 99.5 | AL58: 100 | AM58: 98.9 | AN58: 99.2 | AO58: 98.5 | AP58: 98.8 | AQ58: 97.6 | AR58: 99.7 | AS58: 99.1 | AT58: 99.7 | AU58: 101.1 | AV58: 101.7 | AW58: 102.9 | AX58: 105.4 | AY58: 109.3 | AZ58: 113.2 | BA58: 112.8 | BB58: 114.2 | BC58: 115.8
A59: <OBJ_15> | B59: =INDEX(BAP[#All],MATCH(A59,BAP[[#All],[Code]],0),MATCH(TEXT(Info!$B$4,0),BAP[#Headers],0)) -> Construction de passages inférieurs | C59: 3.83 | D59: … | E59: … | F59: … | G59: … | H59: … | I59: 85 | J59: 84.4 | K59: 81 | L59: 80.8 | M59: 79.9 | N59: 80.7 | O59: 84 | P59: 86.3 | Q59: 86.4 | R59: 88.6 | S59: 89.9 | T59: 93.1 | U59: 94 | V59: 95 | W59: 96.8 | X59: 102.3 | Y59: 96.5 | Z59: 98.1 | AA59: 98.2 | AB59: 99.2 | AC59: 100.9 | AD59: 101.6 | AE59: 103.1 | AF59: 102.4 | AG59: 102.2 | AH59: 102.9 | AI59: 100.6 | AJ59: 102.7 | AK59: 101.7 | AL59: 100 | AM59: 98.2 | AN59: 98.8 | AO59: 97.4 | AP59: 98.7 | AQ59: 99.2 | AR59: 100.6 | AS59: 101.1 | AT59: 101.2 | AU59: 101.1 | AV59: 101.7 | AW59: 103.9 | AX59: 106.9 | AY59: 112.2 | AZ59: 116.6 | BA59: 116.4 | BB59: 116 | BC59: 116.5
A60: <OBJ_16> | B60: =INDEX(BAP[#All],MATCH(A60,BAP[[#All],[Code]],0),MATCH(TEXT(Info!$B$4,0),BAP[#Headers],0)) -> Construction de parois antibruit | C60: 0.28 | D60: … | E60: … | F60: … | G60: … | H60: … | I60: … | J60: … | K60: … | L60: … | M60: … | N60: … | O60: … | P60: … | Q60: … | R60: … | S60: … | T60: … | U60: … | V60: … | W60: … | X60: … | Y60: … | Z60: … | AA60: … | AB60: 95.7 | AC60: 95.6 | AD60: 96.7 | AE60: 97.2 | AF60: 98.6 | AG60: 99.3 | AH60: 99.6 | AI60: 99.4 | AJ60: 100.4 | AK60: 98.2 | AL60: 100 | AM60: 99.7 | AN60: 99.4 | AO60: 100 | AP60: 102.1 | AQ60: 100.9 | AR60: 102.3 | AS60: 103 | AT60: 102.6 | AU60: 103.7 | AV60: 104.1 | AW60: 105.2 | AX60: 106.7 | AY60: 111.6 | AZ60: 115.9 | BA60: 117.1 | BB60: 117.8 | BC60: 116.5
A62: <REG_04> | B62: =INDEX(BAP[#All],MATCH(A62,BAP[[#All],[Code]],0),MATCH(TEXT(Info!$B$4,0),BAP[#Headers],0)) -> Suisse du Nord-Ouest
A63: <OBJ_02> | B63: =INDEX(BAP[#All],MATCH(A63,BAP[[#All],[Code]],0),MATCH(TEXT(Info!$B$4,0),BAP[#Headers],0)) -> Construction : total | C63: 100 | D63: 82.5 | E63: 82.2 | F63: 84.4 | G63: 86.5 | H63: 89.1 | I63: 88.6 | J63: 87.5 | K63: 85.5 | L63: 85.6 | M63: 83.4 | N63: 84.1 | O63: 82.9 | P63: 85.9 | Q63: 87.2 | R63: 88.4 | S63: 89 | T63: 91.1 | U63: 92.8 | V63: 95 | W63: 95.9 | X63: 97.2 | Y63: 95.1 | Z63: 94.1 | AA63: 94.2 | AB63: 95.5 | AC63: 96.1 | AD63: 96.2 | AE63: 96.6 | AF63: 97.2 | AG63: 98.6 | AH63: 99.1 | AI63: 100.4 | AJ63: 100 | AK63: 99.6 | AL63: 100 | AM63: 99.8 | AN63: 98.9 | AO63: 98 | AP63: 98.6 | AQ63: 98.1 | AR63: 98 | AS63: 98.8 | AT63: 98.7 | AU63: 98.6 | AV63: 98.2 | AW63: 100.6 | AX63: 103.1 | AY63: 109.8 | AZ63: 113.2 | BA63: 114.6 | BB63: 115.5 | BC63: 115.3
A64: <OBJ_03> | B64: =INDEX(BAP[#All],MATCH(A64,BAP[[#All],[Code]],0),MATCH(TEXT(Info!$B$4,0),BAP[#Headers],0)) -> Bâtiment | C64: 85.06 | D64: 81.2 | E64: 80.9 | F64: 83.3 | G64: 85.4 | H64: 87.2 | I64: 87.3 | J64: 87.3 | K64: 86.4 | L64: 86.4 | M64: 84.5 | N64: 84.3 | O64: 83.4 | P64: 85.9 | Q64: 87.8 | R64: 88 | S64: 88.7 | T64: 90.4 | U64: 91.6 | V64: 94.5 | W64: 96.1 | X64: 97.5 | Y64: 96.1 | Z64: 95.3 | AA64: 95.4 | AB64: 96.3 | AC64: 97.1 | AD64: 97.2 | AE64: 97.5 | AF64: 97.9 | AG64: 99.4 | AH64: 99.8 | AI64: 101 | AJ64: 100.3 | AK64: 99.7 | AL64: 100 | AM64: 99.8 | AN64: 98.9 | AO64: 98 | AP64: 98.5 | AQ64: 98.1 | AR64: 97.9 | AS64: 98.9 | AT64: 98.9 | AU64: 98.9 | AV64: 98.2 | AW64: 100.4 | AX64: 103.5 | AY64: 110.5 | AZ64: 113.4 | BA64: 115 | BB64: 115.7 | BC64: 115.5
A65: <OBJ_04> | B65: =INDEX(BAP[#All],MATCH(A65,BAP[[#All],[Code]],0),MATCH(TEXT(Info!$B$4,0),BAP[#Headers],0)) -> Nouvelle construction | C65: 51.25 | D65: 83.2 | E65: 83.2 | F65: 85.9 | G65: 87.7 | H65: 89.9 | I65: 89.7 | J65: 89.5 | K65: 88.4 | L65: 88.2 | M65: 85.8 | N65: 85.6 | O65: 84.3 | P65: 87.5 | Q65: 89.5 | R65: 89.5 | S65: 90.1 | T65: 92.1 | U65: 93 | V65: 96.4 | W65: 98 | X65: 99.2 | Y65: 97 | Z65: 95.8 | AA65: 96.1 | AB65: 97 | AC65: 97.8 | AD65: 97.8 | AE65: 98.3 | AF65: 98.5 | AG65: 99.8 | AH65: 100.2 | AI65: 101 | AJ65: 100.4 | AK65: 99.6 | AL65: 100 | AM65: 100.2 | AN65: 99.7 | AO65: 98.7 | AP65: 99.5 | AQ65: 99.3 | AR65: 99.2 | AS65: 99.8 | AT65: 100.1 | AU65: 100.1 | AV65: 99.5 | AW65: 101.7 | AX65: 104.9 | AY65: 112.1 | AZ65: 115.3 | BA65: 117.1 | BB65: 117.5 | BC65: 117.3
A66: <OBJ_05> | B66: =INDEX(BAP[#All],MATCH(A66,BAP[[#All],[Code]],0),MATCH(TEXT(Info!$B$4,0),BAP[#Headers],0)) -> Construction de bâtiments à plusieurs logements | C66: 26.5 | D66: 84.2 | E66: 84.1 | F66: 86.6 | G66: 88.4 | H66: 90.9 | I66: 90.6 | J66: 90 | K66: 89 | L66: 88.7 | M66: 86.2 | N66: 86 | O66: 84.6 | P66: 88.4 | Q66: 90.3 | R66: 90.4 | S66: 91 | T66: 92.9 | U66: 93.9 | V66: 97.2 | W66: 98.7 | X66: 99.9 | Y66: 97.4 | Z66: 96 | AA66: 96.4 | AB66: 97.2 | AC66: 98.1 | AD66: 97.7 | AE66: 98.4 | AF66: 98.7 | AG66: 100.2 | AH66: 100.5 | AI66: 101.6 | AJ66: 100.5 | AK66: 99.7 | AL66: 100 | AM66: 100.6 | AN66: 100 | AO66: 99 | AP66: 100.1 | AQ66: 99.8 | AR66: 100.2 | AS66: 100.7 | AT66: 101.2 | AU66: 101.3 | AV66: 100.6 | AW66: 102.8 | AX66: 106 | AY66: 113.4 | AZ66: 117.1 | BA66: 118.8 | BB66: 119.4 | BC66: 118.9
A67: <OBJ_06> | B67: =INDEX(BAP[#All],MATCH(A67,BAP[[#All],[Code]],0),MATCH(TEXT(Info!$B$4,0),BAP[#Headers],0)) -> Construction de bâtiments à plusieurs logements en bois | C67: 3.96 | D67: … | E67: … | F67: … | G67: … | H67: … | I67: … | J67: … | K67: … | L67: … | M67: 87.5 | N67: 86.7 | O67: 85.4 | P67: 87.5 | Q67: 89.7 | R67: 90.2 | S67: 90.5 | T67: 92.4 | U67: 93.5 | V67: 95.1 | W67: 96.9 | X67: 99.1 | Y67: 96.4 | Z67: 95.1 | AA67: 96.1 | AB67: 97.5 | AC67: 97.9 | AD67: 98.2 | AE67: 98.8 | AF67: 98.4 | AG67: 99.4 | AH67: 99.4 | AI67: 100 | AJ67: 99.3 | AK67: 99.1 | AL67: 100 | AM67: 100.1 | AN67: 99.2 | AO67: 98.8 | AP67: 98.7 | AQ67: 99.3 | AR67: 99.5 | AS67: 99.5 | AT67: 99.2 | AU67: 99.6 | AV67: 99.2 | AW67: 102.1 | AX67: 105.9 | AY67: 112.7 | AZ67: 115.3 | BA67: 116.9 | BB67: 115.7 | BC67: 115.9
A68: <OBJ_07> | B68: =INDEX(BAP[#All],MATCH(A68,BAP[[#All],[Code]],0),MATCH(TEXT(Info!$B$4,0),BAP[#Headers],0)) -> Construction de maisons individuelles | C68: 7.08 | D68: … | E68: … | F68: … | G68: … | H68: … | I68: … | J68: … | K68: … | L68: … | M68: … | N68: … | O68: … | P68: … | Q68: … | R68: … | S68: … | T68: … | U68: … | V68: … | W68: … | X68: … | Y68: … | Z68: … | AA68: … | AB68: 97 | AC68: 97.8 | AD68: 97.9 | AE68: 98.7 | AF68: 98.6 | AG68: 99.6 | AH68: 99.9 | AI68: 101.3 | AJ68: 100.9 | AK68: 99.5 | AL68: 100 | AM68: 100.5 | AN68: 99.9 | AO68: 98.4 | AP68: 99.1 | AQ68: 99.7 | AR68: 99.3 | AS68: 100.6 | AT68: 100.5 | AU68: 100.8 | AV68: 100.1 | AW68: 101.6 | AX68: 104.6 | AY68: 111.6 | AZ68: 114.7 | BA68: 117 | BB68: 117.6 | BC68: 117.2
A69: <OBJ_08> | B69: =INDEX(BAP[#All],MATCH(A69,BAP[[#All],[Code]],0),MATCH(TEXT(Info!$B$4,0),BAP[#Headers],0)) -> Construction de bâtiments administratifs | C69: 8.93 | D69: 80.3 | E69: 80.5 | F69: 83.6 | G69: 85.4 | H69: 86.8 | I69: 86.8 | J69: 87.9 | K69: 86.6 | L69: 86.5 | M69: 84.7 | N69: 84.5 | O69: 83.4 | P69: 84.9 | Q69: 86.8 | R69: 86.7 | S69: 87.5 | T69: 89.6 | U69: 90.5 | V69: 94 | W69: 95.9 | X69: 96.9 | Y69: 95.9 | Z69: 95.3 | AA69: 95.5 | AB69: 96.3 | AC69: 97.5 | AD69: 97.7 | AE69: 97.3 | AF69: 97.7 | AG69: 99.2 | AH69: 99.8 | AI69: 99.3 | AJ69: 99.8 | AK69: 99.5 | AL69: 100 | AM69: 99.1 | AN69: 98.6 | AO69: 97.7 | AP69: 97.8 | AQ69: 96.8 | AR69: 95.9 | AS69: 95.9 | AT69: 96.1 | AU69: 95.9 | AV69: 95.4 | AW69: 97.3 | AX69: 99.9 | AY69: 107.1 | AZ69: 109.6 | BA69: 111.6 | BB69: 112.5 | BC69: 113.3
A70: <OBJ_09> | B70: =INDEX(BAP[#All],MATCH(A70,BAP[[#All],[Code]],0),MATCH(TEXT(Info!$B$4,0),BAP[#Headers],0)) -> Construction de halles industrielles | C70: 4.78 | D70: … | E70: … | F70: … | G70: … | H70: … | I70: … | J70: … | K70: … | L70: … | M70: … | N70: … | O70: … | P70: … | Q70: … | R70: … | S70: … | T70: … | U70: … | V70: … | W70: … | X70: … | Y70: … | Z70: … | AA70: … | AB70: 97 | AC70: 97.8 | AD70: 97.9 | AE70: 98.8 | AF70: 99.4 | AG70: 100.2 | AH70: 100.8 | AI70: 101.2 | AJ70: 100.5 | AK70: 99.5 | AL70: 100 | AM70: 99.9 | AN70: 99.8 | AO70: 99.2 | AP70: 100.6 | AQ70: 100.2 | AR70: 100.1 | AS70: 100.8 | AT70: 100.8 | AU70: 100.7 | AV70: 100.2 | AW70: 102.9 | AX70: 107 | AY70: 113.8 | AZ70: 116.1 | BA70: 116.9 | BB70: 117.2 | BC70: 117.5
A71: <OBJ_10> | B71: =INDEX(BAP[#All],MATCH(A71,BAP[[#All],[Code]],0),MATCH(TEXT(Info!$B$4,0),BAP[#Headers],0)) -> Rénovation, transformation | C71: 33.81 | D71: … | E71: … | F71: … | G71: … | H71: … | I71: … | J71: … | K71: … | L71: … | M71: … | N71: … | O71: … | P71: … | Q71: … | R71: … | S71: … | T71: … | U71: … | V71: … | W71: … | X71: … | Y71: … | Z71: … | AA71: … | AB71: 95.4 | AC71: 96.2 | AD71: 96.5 | AE71: 96.4 | AF71: 97.1 | AG71: 98.8 | AH71: 99.3 | AI71: 101.1 | AJ71: 100.2 | AK71: 99.8 | AL71: 100 | AM71: 99.1 | AN71: 97.7 | AO71: 96.9 | AP71: 97 | AQ71: 96.3 | AR71: 95.8 | AS71: 97.7 | AT71: 97.1 | AU71: 97.2 | AV71: 96.3 | AW71: 98.4 | AX71: 101.3 | AY71: 108 | AZ71: 110.5 | BA71: 112 | BB71: 112.9 | BC71: 112.8
A72: <OBJ_11.01> | B72: =INDEX(BAP[#All],MATCH(A72,BAP[[#All],[Code]],0),MATCH(TEXT(Info!$B$4,0),BAP[#Headers],0)) -> Rénovation de bâtiments à plusieurs logements Minergie | C72: 0.44 | D72: 78.8 | E72: 77.9 | F72: 80 | G72: 82.6 | H72: 83.6 | I72: 84.4 | J72: 84.6 | K72: 84 | L72: 84.5 | M72: 83.5 | N72: 83.1 | O72: 82.8 | P72: 84.1 | Q72: 86 | R72: 86.6 | S72: 87.3 | T72: 88.6 | U72: 90.4 | V72: 92.5 | W72: 94.1 | X72: 95.7 | Y72: 95.7 | Z72: 95.6 | AA72: 95.4 | AB72: 96.3 | AC72: 97.2 | AD72: 97.2 | AE72: 97.8 | AF72: 98.2 | AG72: 99.7 | AH72: 99.9 | AI72: 101.8 | AJ72: 101.2 | AK72: 100.3 | AL72: 100 | AM72: 100.3 | AN72: 99.4 | AO72: 97.9 | AP72: 99 | AQ72: 98.9 | AR72: 99 | AS72: 100.8 | AT72: 100.9 | AU72: 101.8 | AV72: 100.7 | AW72: 102.5 | AX72: 105.8 | AY72: 113.8 | AZ72: 116.8 | BA72: 118.4 | BB72: 119.7 | BC72: 119.4
A73: <OBJ_11.02> | B73: =INDEX(BAP[#All],MATCH(A73,BAP[[#All],[Code]],0),MATCH(TEXT(Info!$B$4,0),BAP[#Headers],0)) -> Rénovation de bâtiments à plusieurs logements non Minergie | C73: 19.02 | D73: … | E73: … | F73: … | G73: … | H73: … | I73: … | J73: … | K73: … | L73: … | M73: … | N73: … | O73: … | P73: … | Q73: … | R73: … | S73: … | T73: … | U73: … | V73: … | W73: … | X73: … | Y73: … | Z73: … | AA73: … | AB73: … | AC73: … | AD73: … | AE73: … | AF73: … | AG73: … | AH73: … | AI73: … | AJ73: … | AK73: … | AL73: 100 | AM73: 98.9 | AN73: 97.7 | AO73: 97.2 | AP73: 96.3 | AQ73: 96.1 | AR73: 95.1 | AS73: 96.9 | AT73: 96.1 | AU73: 95.8 | AV73: 95.2 | AW73: … | AX73: … | AY73: … | AZ73: … | BA73: … | BB73: … | BC73: …
A74: <OBJ_12> | B74: =INDEX(BAP[#All],MATCH(A74,BAP[[#All],[Code]],0),MATCH(TEXT(Info!$B$4,0),BAP[#Headers],0)) -> Rénovation de bâtiments administratifs | C74: 14.35 | D74: … | E74: … | F74: … | G74: … | H74: … | I74: … | J74: … | K74: … | L74: … | M74: … | N74: … | O74: … | P74: … | Q74: … | R74: … | S74: … | T74: … | U74: … | V74: … | W74: … | X74: … | Y74: … | Z74: … | AA74: … | AB74: 94.2 | AC74: 94.9 | AD74: 95.6 | AE74: 94.7 | AF74: 95.6 | AG74: 97.7 | AH74: 98.5 | AI74: 100.1 | AJ74: 99 | AK74: 99.2 | AL74: 100 | AM74: 99.3 | AN74: 97.5 | AO74: 96.5 | AP74: 97.8 | AQ74: 96.6 | AR74: 96.7 | AS74: 98.6 | AT74: 98.2 | AU74: 98.8 | AV74: 97.6 | AW74: 100.2 | AX74: 103 | AY74: 108.5 | AZ74: 110.5 | BA74: 111.9 | BB74: 112.6 | BC74: 112.5
A75: <OBJ_13> | B75: =INDEX(BAP[#All],MATCH(A75,BAP[[#All],[Code]],0),MATCH(TEXT(Info!$B$4,0),BAP[#Headers],0)) -> Génie civil | C75: 14.94 | D75: 85.3 | E75: 85.2 | F75: 86.6 | G75: 88.5 | H75: 93.9 | I75: 91.5 | J75: 86.8 | K75: 81 | L75: 81.3 | M75: 78.1 | N75: 81.8 | O75: 80 | P75: 84.6 | Q75: 83.5 | R75: 88 | S75: 88.8 | T75: 92 | U75: 95 | V75: 94.9 | W75: 93.5 | X75: 94.5 | Y75: 90.1 | Z75: 88.6 | AA75: 88.6 | AB75: 91.4 | AC75: 90.7 | AD75: 90.5 | AE75: 91.4 | AF75: 93.3 | AG75: 94 | AH75: 95.3 | AI75: 97.1 | AJ75: 98.1 | AK75: 98.9 | AL75: 100 | AM75: 99.9 | AN75: 99.4 | AO75: 97.9 | AP75: 98.9 | AQ75: 97.8 | AR75: 98.7 | AS75: 98.4 | AT75: 97.5 | AU75: 96.8 | AV75: 98 | AW75: 101.5 | AX75: 101.7 | AY75: 107.6 | AZ75: 112.7 | BA75: 113.2 | BB75: 115 | BC75: 114.4
A76: <OBJ_14> | B76: =INDEX(BAP[#All],MATCH(A76,BAP[[#All],[Code]],0),MATCH(TEXT(Info!$B$4,0),BAP[#Headers],0)) -> Construction de routes | C76: 12.03 | D76: 87.6 | E76: 87.5 | F76: 89 | G76: 90.9 | H76: 96.4 | I76: 94 | J76: 87.7 | K76: 81 | L76: 81.3 | M76: 77.9 | N76: 81.9 | O76: 78.4 | P76: 82.7 | Q76: 81.2 | R76: 86.6 | S76: 87.2 | T76: 92.8 | U76: 94.9 | V76: 95.1 | W76: 90.8 | X76: 92.6 | Y76: 87.8 | Z76: 87.1 | AA76: 86.2 | AB76: 89.9 | AC76: 89 | AD76: 89 | AE76: 90 | AF76: 92 | AG76: 93 | AH76: 94.4 | AI76: 96.3 | AJ76: 97.3 | AK76: 98.5 | AL76: 100 | AM76: 99.8 | AN76: 99.5 | AO76: 97.8 | AP76: 99.1 | AQ76: 97.7 | AR76: 98.5 | AS76: 98 | AT76: 96.7 | AU76: 95.8 | AV76: 97.3 | AW76: 99.6 | AX76: 100.6 | AY76: 106.3 | AZ76: 110.3 | BA76: 110.8 | BB76: 111.7 | BC76: 110.8
A77: <OBJ_15> | B77: =INDEX(BAP[#All],MATCH(A77,BAP[[#All],[Code]],0),MATCH(TEXT(Info!$B$4,0),BAP[#Headers],0)) -> Construction de passages inférieurs | C77: 2.72 | D77: … | E77: … | F77: … | G77: … | H77: … | I77: 94.8 | J77: 91.4 | K77: 86.2 | L77: 86.5 | M77: 83.3 | N77: 86.8 | O77: 86.7 | P77: 92 | Q77: 91.2 | R77: 95 | S77: 96 | T77: 96.9 | U77: 101.1 | V77: 100.8 | W77: 102.2 | X77: 102.4 | Y77: 98.1 | Z77: 95.8 | AA77: 96.6 | AB77: 98.7 | AC77: 99.2 | AD77: 97.7 | AE77: 98.4 | AF77: 99.4 | AG77: 98.7 | AH77: 99.6 | AI77: 101.2 | AJ77: 102.4 | AK77: 101.1 | AL77: 100 | AM77: 99.9 | AN77: 99.3 | AO77: 98 | AP77: 97.8 | AQ77: 98.1 | AR77: 99.3 | AS77: 100 | AT77: 100.9 | AU77: 100.8 | AV77: 100.9 | AW77: 103.4 | AX77: 105.9 | AY77: 113.3 | AZ77: 115.6 | BA77: 113.8 | BB77: 113.6 | BC77: 112.7
A78: <OBJ_16> | B78: =INDEX(BAP[#All],MATCH(A78,BAP[[#All],[Code]],0),MATCH(TEXT(Info!$B$4,0),BAP[#Headers],0)) -> Construction de parois antibruit | C78: 0.19 | D78: … | E78: … | F78: … | G78: … | H78: … | I78: … | J78: … | K78: … | L78: … | M78: … | N78: … | O78: … | P78: … | Q78: … | R78: … | S78: … | T78: … | U78: … | V78: … | W78: … | X78: … | Y78: … | Z78: … | AA78: … | AB78: 95.8 | AC78: 95.1 | AD78: 95.9 | AE78: 95.5 | AF78: 97.1 | AG78: 97.7 | AH78: 98.1 | AI78: 98.7 | AJ78: 99.3 | AK78: 97.7 | AL78: 100 | AM78: 100.6 | AN78: 100 | AO78: 100.7 | AP78: 102.5 | AQ78: 101.5 | AR78: 102.8 | AS78: 103.3 | AT78: 102.9 | AU78: 103.7 | AV78: 104.3 | AW78: 106.3 | AX78: 107.7 | AY78: 113.2 | AZ78: 117.7 | BA78: 118.3 | BB78: 119.1 | BC78: 117.1
A80: <REG_05> | B80: =INDEX(BAP[#All],MATCH(A80,BAP[[#All],[Code]],0),MATCH(TEXT(Info!$B$4,0),BAP[#Headers],0)) -> Zurich
